Workbook

Sheet Баланс
DA2: Отчетность некредитной финансовой организации | DR2: Отчетность некредитной финансовой организации
AP4: Код территории по ОКАТО | BE4: Код некредитной финансовой организации
BE5: по ОКПО | BN5: основной государственный регистрационный номер | CO5: регистра-ционный номер
AP6: 65401000000 | BE6: 65701000 | BN6: 1076672027299
A8: БУХГАЛТЕРСКИЙ БАЛАНС НЕКРЕДИТНОЙ ФИНАНСОВОЙ ОРГАНИЗАЦИИ
AF10: на « | AM10: 30 | AR10: » | AU10: июня | BK10: 2025 | BS10: г.
A12: Общество с ограниченной ответственностью Управляющая компания "Регион Финанс"
A13: (полное фирменное и сокращенное фирменное наименования)
A15: Почтовый адрес | S15: 620026, г.Екатеринбург, ул.Белинского, д.56
BU17: Код формы по ОКУД: 0420002
BU18: Годовая (квартальная)
BU19: (тыс.руб.)
A21: Номер строки | K21: Наименование показателя | BE21: Примечания к строкам | BT21: На | BY21: 30 июня | CK21: На | CP21: 31 декабря | DB21: На | DG21: 31 декабря
BW22: 20 | CA22: 25 | CE22: г. | CN22: 20 | CR22: 24 | CV22: г. | DE22: 20 | DI22: 23 | DM22: г.
A24: 1 | K24: 2 | BE24: 3 | BT24: 4 | CK24: 5 | DB24: 6
A25: Раздел I. Активы
A26: 1 | L26: Денежные средства | BE26: 5 | BT26: 696247.43 | CK26: 69436.81 | DB26: 1541619.9
A27: 2 | L27: Финансовые активы, оцениваемые по справедливой стоимости через прибыль или убыток, в том числе: | BT27: 73748576 | CK27: 73748576 | DB27: 0
A28: 3 | L28: финансовые активы, в обязательном порядке классифицируемые как оцениваемые по справедливой стоимости через прибыль или убыток | BE28: 6 | BT28: 73748576 | CK28: 73748576 | DB28: 0
A29: 4 | L29: финансовые активы, классифицируемые как оцениваемые по справедливой стоимости через прибыль или убыток по усмотрению некредитной финансовой организации | BE29: 7 | BT29: 0 | CK29: 0 | DB29: 0
A30: 5 | L30: Финансовые активы, оцениваемые по справедливой стоимости через прочий совокупный доход, в том числе: | BE30: - | BT30: 0 | CK30: 0 | DB30: 0
A31: 6 | L31: долговые инструменты | BE31: 8 | BT31: 0 | CK31: 0 | DB31: 0
A32: 7 | L32: долевые инструменты | BE32: 9 | BT32: 0 | CK32: 0 | DB32: 0
A33: 8 | L33: Финансовые активы, оцениваемые по амортизированной стоимости, в том числе: | BE33: - | BT33: 31398946 | CK33: 33276545 | DB33: 28225356
A34: 9 | L34: средства в кредитных организациях и банках-нерезидентах | BE34: 10 | BT34: 29068490 | CK34: 29505913 | DB34: 24380780
A35: 10 | L35: займы выданные и прочие размещенные средства | BE35: 11 | BT35: 0 | CK35: 0 | DB35: 0
A36: 11 | L36: дебиторская задолженность | BE36: 12 | BT36: 2330456.8 | CK36: 3770632.1 | DB36: 3844575.8
A37: 12 | L37: Инвестиции в ассоциированные предприятия | BE37: 13 | BT37: 0 | CK37: 0 | DB37: 0
A38: 13 | L38: Инвестиции в совместно контролируемые предприятия | BE38: 14 | BT38: 0 | CK38: 0 | DB38: 0
A39: 14 | L39: Инвестиции в дочерние предприятия | BE39: 15 | BT39: 0 | CK39: 0 | DB39: 0
A40: 15 | L40: Активы (активы выбывающих групп), классифицированные как предназначенные для продажи | BE40: 16 | BT40: 0 | CK40: 0 | DB40: 0
A41: 16 | L41: Инвестиционное имущество | BE41: 17 | BT41: 0 | CK41: 0 | DB41: 0
A42: 17 | L42: Нематериальные активы | BE42: 18 | BT42: 0 | CK42: 0 | DB42: 0
A43: 18 | L43: Основные средства | BE43: 19 | BT43: 684428 | CK43: 698987.53 | DB43: 1753490.1
A44: 19 | L44: Требования по текущему налогу на прибыль | BE44: 48 | BT44: 0 | CK44: 0 | DB44: 0
A45: 20 | L45: Отложенные налоговые активы | BE45: 48 | BT45: 5420074.6 | CK45: 5119493 | DB45: 0
A46: 21 | L46: Прочие активы | BE46: 20 | BT46: 275855.05 | CK46: 250673.7 | DB46: 77321.17
A47: 22 | L47: Итого активов | BT47: 1.1222413e+08 | CK47: 1.1316371e+08 | DB47: 31597787
A48: Раздел II. Обязательства
A49: 23 | L49: Финансовые обязательства, оцениваемые по справедливой стоимости через прибыль или убыток, в том числе: | BT49: 0 | CK49: 0 | DB49: 0
A50: 24 | L50: финансовые обязательства, в обязательном порядке классифицируемые как оцениваемые по справедливой стоимости через прибыль или убыток | BE50: 21 | BT50: 0 | CK50: 0 | DB50: 0
A51: 25 | L51: финансовые обязательства, классифицируемые как оцениваемые по справедливой стоимости через прибыль или убыток по усмотрению некредитной финансовой организации | BE51: 22 | BT51: 0 | CK51: 0 | DB51: 0
A52: 26 | L52: Финансовые обязательства, оцениваемые по амортизированной стоимости, в том числе: | BT52: 1157719.5 | CK52: 950266.91 | DB52: 903452.33
A53: 27 | L53: средства клиентов | BE53: 23 | BT53: 0 | CK53: 0 | DB53: 0
A54: 28 | L54: кредиты, займы и прочие привлеченные средства | BE54: 24 | BT54: 185427.96 | CK54: 0 | DB54: 29752.07
A55: 29 | L55: выпущенные долговые ценные бумаги | BE55: 25 | BT55: 0 | CK55: 0 | DB55: 0
A56: 30 | L56: кредиторская задолженность | BE56: 26 | BT56: 972291.54 | CK56: 950266.91 | DB56: 873700.26
A57: 31 | L57: Обязательства выбывающих групп, классифицированных как предназначенные для продажи | BE57: 16 | BT57: 0 | CK57: 0 | DB57: 0
A58: 32 | L58: Обязательства по вознаграждениям работникам по окончании трудовой деятельности, не ограниченным фиксируемыми платежами | BE58: 27 | BT58: 0 | CK58: 0 | DB58: 0
A59: 33 | L59: Обязательство по текущему налогу на прибыль | BE59: 48 | BT59: 0 | CK59: 278280 | DB59: 287120
A60: 34 | L60: Отложенные налоговые обязательства | BE60: 48 | BT60: 0 | CK60: 0 | DB60: 0
A61: 35 | L61: Резервы – оценочные обязательства | BE61: 28 | BT61: 0 | CK61: 0 | DB61: 0
A62: 36 | L62: Прочие обязательства | BE62: 29 | BT62: 1676433.6 | CK62: 1043616.3 | DB62: 799357.2
A63: 37 | L63: Итого обязательств | BT63: 2834153.1 | CK63: 2272163.2 | DB63: 1989929.5
A64: Раздел III. Капитал
A65: 38 | L65: Уставный капитал | BE65: 30 | BT65: 27510000 | CK65: 27510000 | DB65: 27510000
A66: 39 | L66: Добавочный капитал | BE66: 30 | BT66: 84500000 | CK66: 84500000 | DB66: 1000000
A67: 40 | L67: Резервный капитал | BE67: 30 | BT67: 0 | CK67: 0 | DB67: 0
A68: 41 | L68: Собственные акции (доли участия), выкупленные у акционеров (участников) | BE68: 30 | BT68: 0 | CK68: 0 | DB68: 0
A69: 42 | L69: Резерв переоценки долевых инструментов, оцениваемых по справедливой стоимости через прочий совокупный доход | BT69: 0 | CK69: 0 | DB69: 0
A70: 43 | L70: Резерв переоценки долговых инструментов, оцениваемых по справедливой стоимости через прочий совокупный доход | BT70: 0 | CK70: 0 | DB70: 0
A71: 44 | L71: Резерв под обесценение долговых инструментов, оцениваемых по справедливой стоимости через прочий совокупный доход | BT71: 0 | CK71: 0 | DB71: 0
A72: 45 | L72: Резерв переоценки основных средств и нематериальных активов | BT72: 0 | CK72: 0 | DB72: 0
A73: 46 | L73: Резерв переоценки финансовых обязательств, учитываемых по справедливой стоимости через прибыль или убыток, связанной с изменением кредитного риска | BT73: 0 | CK73: 0 | DB73: 0
A74: 47 | L74: Резерв переоценки обязательств (активов) по вознаграждениям работникам по окончании трудовой деятельности, не ограниченным фиксируемыми платежами | BE74: 27 | BT74: 0 | CK74: 0 | DB74: 0
A75: 48 | L75: Резерв хеджирования долевых инструментов, оцениваемых по справедливой стоимости через прочий совокупный доход | BT75: 0 | CK75: 0 | DB75: 0
A76: 49 | L76: Резерв хеджирования денежных потоков | BT76: 0 | CK76: 0 | DB76: 0
A77: 50 | L77: Прочие резервы | BT77: 0 | CK77: 0 | DB77: 0
A78: 51 | L78: Нераспределенная прибыль (непокрытый убыток) | BT78: -2620025.3 | CK78: -1118451.3 | DB78: 1097857.5
A79: 52 | L79: Итого капитала | BT79: 1.0938997e+08 | CK79: 1.1089155e+08 | DB79: 29607857
A80: 53 | L80: Итого капитала и обязательств | BT80: 1.1222413e+08 | CK80: 1.1316371e+08 | DB80: 31597787
BE81: Проврка | BT81: =BT80-BT47 -> 0 | CK81: =CK80-CK47 -> 0 | DB81: =DB80-DB47 -> 0
BE82: Проврка | BT82: =BT79-Капитал!FD54 -> 0 | CK82: 0 | DB82: 0
A83: Директор | BP83: Семёнов Е.В.
A84: (должность руководителя) | AQ84: (подпись) | BP84: (инициалы, фамилия)
A86: « | C86: 30 | G86: » | J86: июля | Z86: 2025 | AH86: г.

Sheet ОФР
DA1: Отчетность некредитной финансовой организации
AP3: Код территории по ОКАТО | BE3: Код некредитной финансовой организации
BE4: по ОКПО | BN4: основной государственный регистрационный номер | CO4: регистра-ционный номер
AP5: 65401000000 | BE5: 65701000 | BN5: 1076672027299 | CO5: -
A7: ОТЧЕТ О ФИНАНСОВЫХ РЕЗУЛЬТАТАХ НЕКРЕДИТНОЙ ФИНАНСОВОЙ ОРГАНИЗАЦИИ
AL9: за | AP9: 6 месяцев | BF9: 2025 | BN9: г.
A11: Общество с ограниченной ответственностью Управляющая компания "Регион Финанс"
A12: (полное фирменное и сокращенное фирменное наименования)
A14: Почтовый адрес | S14: 620026, г.Екатеринбург, ул.Белинского, д.56
BV16: Код формы по ОКУД: 0420003
BU17: Годовая (квартальная)
BU18: (тыс.руб.)
A20: Номер строки | K20: Наименование показателя | BE20: Примечания к строкам | BT20: На | BY20: 30 июня | CK20: На | CP20: 30 июня
BW21: 20 | CA21: 25 | CE21: г. | CN21: 20 | CR21: 24 | CV21: г.
A23: 1 | K23: 2 | BE23: 3 | BT23: 4 | CK23: 5
A24: Раздел I. Прибыли и убытки
A25: 1 | L25: Торговые и инвестиционные доходы, в том числе: | BE25: - | BT25: 1398305.4 | CK25: 354565.97
A26: 2 | L26: доходы за вычетом расходов (расходы за вычетом доходов) от операций с финансовыми инструментами, в обязательном порядке классифицируемыми как оцениваемые по справедливой стоимости через прибыль или убыток | BE26: 32 | BT26: 0 | CK26: 0
A27: 3 | L27: доходы за вычетом расходов (расходы за вычетом доходов) от операций с финансовыми активами, классифицируемыми как оцениваемые по справедливой стоимости через прибыль или убыток по усмотрению некредитной финансовой организации | BE27: 33 | BT27: 0 | CK27: 0
A28: 4 | L28: процентные доходы | BE28: 34 | BT28: 2868366.4 | CK28: 1733159
A29: 5 | L29: дивиденды и доходы от участия | BT29: 0 | CK29: 0
A30: 6 | L30: доходы за вычетом расходов (расходы за вычетом доходов) от операций с долговыми инструментами, оцениваемыми по справедливой стоимости через прочий совокупный доход | BE30: 35 | BT30: 0 | CK30: 0
A31: 7 | L31: доходы за вычетом расходов (расходы за вычетом доходов) от операций с долевыми инструментами, оцениваемыми по справедливой стоимости через прочий совокупный доход | BE31: 36 | BT31: 0 | CK31: 0
A32: 8 | L32: доходы за вычетом расходов (расходы за вычетом доходов), возникающие в результате прекращения признания финансовых активов, оцениваемых по амортизированной стоимости | BT32: 0 | CK32: 0
A33: 9 | L33: доходы за вычетом расходов (расходы за вычетом доходов), связанные с реклассификацией финансовых активов, оцениваемых по амортизированной стоимости, в категорию финансовых активов, оцениваемых по справедливой стоимости через прибыль или убыток | BT33: 0 | CK33: 0
A34: 10 | L34: доходы за вычетом расходов (расходы за вычетом доходов) по восстановлению (созданию) резервов под обесценение финансовых активов, оцениваемых по амортизированной стоимости | BE34: 37 | BT34: -1470061 | CK34: -1378593
A35: 11 | L35: доходы за вычетом расходов (расходы за вычетом доходов) по восстановлению (созданию) резервов под обесценение долговых инструментов, оцениваемых по справедливой стоимости через прочий совокупный доход | BT35: 0 | CK35: 0
A36: 12 | L36: доходы за вычетом расходов (расходы за вычетом доходов) от операций с инвестиционным имуществом | BE36: 38 | BT36: 0 | CK36: 0
A37: 13 | L37: доходы за вычетом расходов (расходы за вычетом доходов) от операций с иностранной валютой | BE37: 39 | BT37: 0 | CK37: 0
A38: 14 | L38: прочие инвестиционные доходы за вычетом расходов (расходы за вычетом доходов) | BE38: 40 | BT38: 0 | CK38: 0
A39: 15 | L39: Выручка от оказания услуг и комиссионные доходы | BE39: 41 | BT39: 4404178 | CK39: 8685480.8
A40: 16 | L40: Расходы на персонал | BE40: 42 | BT40: -2488023 | CK40: -1321726.6
A41: 17 | L41: Прямые операционные расходы | BE41: 43 | BT41: -412650 | CK41: -181650
A42: 18 | L42: Процентные расходы | BE42: 44 | BT42: -33514.88 | CK42: -17333.47
A43: 19 | L43: Доходы за вычетом расходов (расходы за вычетом доходов) от операций с финансовыми обязательствами, классифицируемыми как оцениваемые по справедливой стоимости через прибыль или убыток по усмотрению некредитной финансовой организации | BE43: 45 | BT43: 0 | CK43: 0
A44: 20 | L44: Общие и административные расходы | BE44: 46 | BT44: -4663567.3 | CK44: -7155412.4
A45: 21 | L45: Доходы за вычетом расходов (расходы за вычетом доходов) от переоценки и выбытия активов (выбывающих групп), классифицированных как предназначенные для продажи | BE45: 16 | BT45: 0 | CK45: 0
A46: 22 | L46: Прочие доходы | BE46: 47 | BT46: 122749.32 | CK46: 6000
A47: 23 | L47: Прочие расходы | BE47: 47 | BT47: -129633.05 | CK47: -46787.06
A48: 24 | L48: Прибыль (убыток) до налогообложения | BT48: -1802155.6 | CK48: 323137.3
A49: 25 | L49: Доход (расход) по налогу на прибыль, в том числе: | BE49: 48 | BT49: 300581.65 | CK49: -74931.63
A50: 26 | L50: доход (расход) по текущему налогу на прибыль | BE50: 48 | BT50: 0 | CK50: -219068
A51: 27 | L51: доход (расход) по отложенному налогу на прибыль | BE51: 48 | BT51: 300581.65 | CK51: 144136.37
A52: 28 | L52: Прибыль (убыток) от прекращенной деятельности, переоценки и выбытия активов (выбывающих групп), классифицированных как предназначенные для продажи, составляющих прекращенную деятельность, после налогообложения | BE52: 16 | BT52: 0 | CK52: 0
A53: 29 | L53: Прибыль (убыток) после налогообложения | BT53: -1501574 | CK53: 248205.67
A54: Раздел II. Прочий совокупный доход
A55: 30 | L55: Прочий совокупный доход (расход), не подлежащий переклассификации в состав прибыли или убытка в последующих периодах, в том числе: | BT55: 0 | CK55: 0
A56: 31 | L56: чистое изменение резерва переоценки основных средств и нематериальных активов, в том числе: | BT56: 0 | CK56: 0
A57: 32 | L57: изменение резерва переоценки в результате выбытия основных средств и нематериальных активов | BT57: 0 | CK57: 0
A58: 33 | L58: изменение резерва переоценки в результате переоценки основных средств и нематериальных активов | BE58: 19 | BT58: 0 | CK58: 0
A59: 34 | L59: налог на прибыль, связанный с изменением резерва переоценки основных средств и нематериальных активов | BE59: 48 | BT59: 0 | CK59: 0
A60: 35 | L60: чистое изменение справедливой стоимости долевых инструментов, оцениваемых по справедливой стоимости через прочий совокупный доход, в том числе: | BT60: 0 | CK60: 0
A61: 36 | L61: изменение справедливой стоимости долевых инструментов, оцениваемых по справедливой стоимости через прочий совокупный доход | BT61: 0 | CK61: 0
A62: 37 | L62: влияние налога на прибыль, связанного с изменением справедливой стоимости долевых инструментов, оцениваемых по справедливой стоимости через прочий совокупный доход | BT62: 0 | CK62: 0
A63: 38 | L63: чистое изменение переоценки обязательств (активов) по вознаграждениям работникам по окончании трудовой деятельности, не ограниченным фиксируемыми платежами, в том числе: | BT63: 0 | CK63: 0
A64: 39 | L64: изменение переоценки обязательств (активов) по вознаграждениям работникам по окончании трудовой деятельности, не ограниченным фиксируемыми платежами | BT64: 0 | CK64: 0
A65: 40 | L65: влияние налога на прибыль, связанного с изменением переоценки обязательств (активов) по вознаграждениям работникам по окончании трудовой деятельности, не ограниченным фиксируемыми платежами | BT65: 0 | CK65: 0
A66: 41 | L66: чистое изменение справедливой стоимости финансовых обязательств, учитываемых по справедливой стоимости через прибыль или убыток, связанное с изменением кредитного риска, в том числе: | BT66: 0 | CK66: 0
A67: 42 | L67: изменение справедливой стоимости финансовых обязательств, учитываемых по справедливой стоимости через прибыль или убыток, связанное с изменением кредитного риска | BT67: 0 | CK67: 0
A68: 43 | L68: влияние налога на прибыль, связанного с изменением справедливой стоимости финансовых обязательств, учитываемых по справедливой стоимости через прибыль или убыток, связанным с изменением кредитного риска | BT68: 0 | CK68: 0
A69: 44 | L69: чистое изменение стоимости инструментов хеджирования, с помощью которых хеджируются долевые инструменты, оцениваемые по справедливой стоимости через прочий совокупный доход, в том числе: | BT69: 0 | CK69: 0
A70: 45 | L70: изменение стоимости инструментов хеджирования, с помощью которых хеджируются долевые инструменты, оцениваемые по справедливой стоимости через прочий совокупный доход | BT70: 0 | CK70: 0
A71: 46 | L71: влияние налога на прибыль, обусловленного изменением стоимости инструментов хеджирования, с помощью которых хеджируются долевые инструменты, оцениваемые по справедливой стоимости через прочий совокупный доход | BT71: 0 | CK71: 0
... A93: 68 | L93: Итого совокупный доход (расход) за отчетный период | BT93: -1501574 | CK93: 248205.67
A95: Директор | BP95: Семёнов Е.В.
A96: (должность руководителя) | AQ96: (подпись) | BP96: (инициалы, фамилия)
A98: « | C98: =Баланс!C86 -> 30 | G98: » | J98: =Баланс!J86 -> июля | Z98: 2025 | AH98: г.

Sheet Капитал
FK1: Отчетность некредитной финансовой организации
CZ3: Код территории по ОКАТО | DO3: Код некредитной финансовой организации
DO4: по ОКПО | DX4: основной государственный регистрационный номер | EY4: регистра-ционный номер
CZ5: 65401000000 | DO5: 65701000 | DX5: 1076672027299
A7: ОТЧЕТ ОБ ИЗМЕНЕНИЯХ СОБСТВЕННОГО КАПИТАЛА НЕКРЕДИТНОЙ ФИНАНСОВОЙ ОРГАНИЗАЦИИ
BQ9: за | BU9: 6 месяцев | CK9: 2025 | CS9: г.
A11: Общество с ограниченной ответственностью Управляющая компания "Регион Финанс"
A12: (полное фирменное и сокращенное фирменное наименования)
A14: Почтовый адрес | S14: 620026, г.Екатеринбург, ул.Белинского, д.56
EF16: Код формы по ОКУД: 0420004
EF17: Годовая (квартальная)
EF18: (тыс.руб.)
A19: Номер строки | F19: Наименование показателя | AP19: Примечания к строкам | AW19: Уставный капитал | BD19: Добавочный капитал | BK19: Резервный капитал | BR19: Собственные акции (доли участия), выкупленные у акционеров (участников) | BY19: Резерв переоценки долевых инструментов, оцениваемых по справедливой стоимости через прочий совокупный доход | CG19: Резерв переоценки долговых инструментов, оцениваемых по справедливой стоимости через прочий совокупный доход | CO19: Оценочный резерв под обесценение долговых инструментов, оцениваемых по справедливой стоимости через прочий совокупный доход | CW19: Резерв переоценки основных средств и нематериальных активов | DD19: Резерв переоценки финансовых обязательств, учитываемых по справедливой стоимости через прибыль или убыток, связанной с изменением кредитного риска | DO19: Резерв переоценки обязательств по вознаграждениям работникам по окончании трудовой деятельности, не ограниченным фиксируемыми платежами | DZ19: Резерв хеджирования долевых инструментов, оцениваемых по справедливой стоимости через прочий совокупный доход | EH19: Резерв хеджирования денежных потоков | EO19: Прочие резервы | EV19: Нераспределенная прибыль (непокрытый убыток) | FD19: Итого
A21: 1 | F21: 2 | AP21: 3 | AW21: 4 | BD21: 5 | BK21: 6 | BR21: 7 | BY21: 8 | CG21: 9 | CO21: 10 | CW21: 11 | DD21: 12 | DO21: 13 | DZ21: 14 | EH21: 15 | EO21: 16 | EV21: 17 | FD21: 18
A22: 1 | G22: Остаток на | R22: 31 | W22: 12 | AF22: 20 | AI22: 23 | AL22: г. | AW22: 27510000 | BD22: 1000000 | BK22: 0 | BR22: 0 | BY22: 0 | CG22: 0 | CO22: 0 | CW22: 0 | DD22: 0 | DO22: 0 | DZ22: 0 | EH22: 0 | EO22: 0 | EV22: 1097857.5 | FD22: 29607857
A24: 2 | G24: Изменения вследствие выявленных ошибок | AW24: 0 | BD24: 0 | BK24: 0 | BR24: 0 | BY24: 0 | CG24: 0 | CO24: 0 | CW24: 0 | DD24: 0 | DO24: 0 | DZ24: 0 | EH24: 0 | EO24: 0 | EV24: 0 | FD24: 0
A25: 3 | G25: Изменения вследствие изменения учетной политики | AW25: 0 | BD25: 0 | BK25: 0 | BR25: 0 | BY25: 0 | CG25: 0 | CO25: 0 | CW25: 0 | DD25: 0 | DO25: 0 | DZ25: 0 | EH25: 0 | EO25: 0 | EV25: 0 | FD25: 0
A26: 4 | G26: Остаток на | R26: 01 | W26: 01 | AF26: 20 | AI26: 24 | AL26: г., | AW26: 27510000 | BD26: 1000000 | BK26: 0 | BR26: 0 | BY26: 0 | CG26: 0 | CO26: 0 | CW26: 0 | DD26: 0 | DO26: 0 | DZ26: 0 | EH26: 0 | EO26: 0 | EV26: 1097857.5 | FD26: 29607857
G27: пересмотренный
A28: 5 | G28: Прибыль (убыток) после налогообложения | AW28: 0 | BD28: 0 | BK28: 0 | BR28: 0 | BY28: 0 | CG28: 0 | CO28: 0 | CW28: 0 | DD28: 0 | DO28: 0 | DZ28: 0 | EH28: 0 | EO28: 0 | EV28: 248205.67 | FD28: 248205.67
A29: 6 | G29: Прочий совокупный доход (расход) за предыдущий отчетный период, в том числе: | AW29: 0 | BD29: 0 | BK29: 0 | BR29: 0 | BY29: 0 | CG29: 0 | CO29: 0 | CW29: 0 | DD29: 0 | DO29: 0 | DZ29: 0 | EH29: 0 | EO29: 0 | EV29: 0 | FD29: 0
A30: 7 | G30: прочий совокупный доход (расход), не подлежащий переклассификации в состав прибыли или убытка в последующих периодах | AW30: 0 | BD30: 0 | BK30: 0 | BR30: 0 | BY30: 0 | CG30: 0 | CO30: 0 | CW30: 0 | DD30: 0 | DO30: 0 | DZ30: 0 | EH30: 0 | EO30: 0 | EV30: 0 | FD30: 0
A31: 8 | G31: прочий совокупный доход (расход), подлежащий переклассификации в состав прибыли или убытка в последующих периодах | AW31: 0 | BD31: 0 | BK31: 0 | BR31: 0 | BY31: 0 | CG31: 0 | CO31: 0 | CW31: 0 | DD31: 0 | DO31: 0 | DZ31: 0 | EH31: 0 | EO31: 0 | EV31: 0 | FD31: 0
A32: 9 | G32: Дополнительный выпуск акций (дополнительные вклады участников общества, вклады третьих лиц, принимаемых в общество) | AP32: 30 | AW32: 0 | BD32: 0 | BK32: 0 | BR32: 0 | BY32: 0 | CG32: 0 | CO32: 0 | CW32: 0 | DD32: 0 | DO32: 0 | DZ32: 0 | EH32: 0 | EO32: 0 | EV32: 0 | FD32: 0
A33: 10 | G33: Выкуп у акционеров (участников) (продажа) собственных акций (долей участия) | AP33: 30 | AW33: 0 | BD33: 0 | BK33: 0 | BR33: 0 | BY33: 0 | CG33: 0 | CO33: 0 | CW33: 0 | DD33: 0 | DO33: 0 | DZ33: 0 | EH33: 0 | EO33: 0 | EV33: 0 | FD33: 0
A34: 11 | G34: Дивиденды и иные аналогичные выплаты в пользу акционеров (участников) | AP34: 49 | AW34: 0 | BD34: 0 | BK34: 0 | BR34: 0 | BY34: 0 | CG34: 0 | CO34: 0 | CW34: 0 | DD34: 0 | DO34: 0 | DZ34: 0 | EH34: 0 | EO34: 0 | EV34: 0 | FD34: 0
A35: 12 | G35: Прочие взносы акционеров (участников) | AW35: 0 | BD35: 0 | BK35: 0 | BR35: 0 | BY35: 0 | CG35: 0 | CO35: 0 | CW35: 0 | DD35: 0 | DO35: 0 | DZ35: 0 | EH35: 0 | EO35: 0 | EV35: 0 | FD35: 0
A36: 13 | G36: Прочие распределения в пользу акционеров (участников) | AW36: 0 | BD36: 0 | BK36: 0 | BR36: 0 | BY36: 0 | CG36: 0 | CO36: 0 | CW36: 0 | DD36: 0 | DO36: 0 | DZ36: 0 | EH36: 0 | EO36: 0 | EV36: 0 | FD36: 0
A37: 14 | G37: Прочее движение резервов | AW37: 0 | BD37: 0 | BK37: 0 | BR37: 0 | BY37: 0 | CG37: 0 | CO37: 0 | CW37: 0 | DD37: 0 | DO37: 0 | DZ37: 0 | EH37: 0 | EO37: 0 | EV37: 0 | FD37: 0
A38: 15 | G38: Остаток на | R38: 30 | W38: 06 | AF38: 20 | AI38: 24 | AL38: г. | AW38: 27510000 | BD38: 1000000 | BK38: 0 | BR38: 0 | BY38: 0 | CG38: 0 | CO38: 0 | CW38: 0 | DD38: 0 | DO38: 0 | DZ38: 0 | EH38: 0 | EO38: 0 | EV38: 1346063.1 | FD38: 29856063
A40: 16 | G40: Изменения вследствие выявленных ошибок | AW40: 0 | BD40: 0 | BK40: 0 | BR40: 0 | BY40: 0 | CG40: 0 | CO40: 0 | CW40: 0 | DD40: 0 | DO40: 0 | DZ40: 0 | EH40: 0 | EO40: 0 | EV40: 0 | FD40: 0
A41: 17 | G41: Изменения вследствие изменения учетной политики | AW41: 0 | BD41: 0 | BK41: 0 | BR41: 0 | BY41: 0 | CG41: 0 | CO41: 0 | CW41: 0 | DD41: 0 | DO41: 0 | DZ41: 0 | EH41: 0 | EO41: 0 | EV41: 0 | FD41: 0
A42: 18 | G42: Остаток на | R42: 01 | W42: 01 | AF42: 20 | AI42: 25 | AL42: г., | AW42: 27510000 | BD42: 84500000 | BK42: 0 | BR42: 0 | BY42: 0 | CG42: 0 | CO42: 0 | CW42: 0 | DD42: 0 | DO42: 0 | DZ42: 0 | EH42: 0 | EO42: 0 | EV42: -1118451.3 | FD42: 1.1089155e+08
G43: пересмотренный
A44: 19 | G44: Прибыль (убыток) после налогообложения | AW44: 0 | BD44: 0 | BK44: 0 | BR44: 0 | BY44: 0 | CG44: 0 | CO44: 0 | CW44: 0 | DD44: 0 | DO44: 0 | DZ44: 0 | EH44: 0 | EO44: 0 | EV44: -1501574 | FD44: -1501574
A45: 20 | G45: Прочий совокупный доход (расход) за отчетный период, в том числе: | AW45: 0 | BD45: 0 | BK45: 0 | BR45: 0 | BY45: 0 | CG45: 0 | CO45: 0 | CW45: 0 | DD45: 0 | DO45: 0 | DZ45: 0 | EH45: 0 | EO45: 0 | EV45: 0 | FD45: 0
A46: 21 | G46: прочий совокупный доход (расход), не подлежащий переклассификации в состав прибыли или убытка в последующих периодах | AW46: 0 | BD46: 0 | BK46: 0 | BR46: 0 | BY46: 0 | CG46: 0 | CO46: 0 | CW46: 0 | DD46: 0 | DO46: 0 | DZ46: 0 | EH46: 0 | EO46: 0 | EV46: 0 | FD46: 0
A47: 22 | G47: прочий совокупный доход (расход), подлежащий переклассификации в состав прибыли или убытка в последующих периодах | AW47: 0 | BD47: 0 | BK47: 0 | BR47: 0 | BY47: 0 | CG47: 0 | CO47: 0 | CW47: 0 | DD47: 0 | DO47: 0 | DZ47: 0 | EH47: 0 | EO47: 0 | EV47: 0 | FD47: 0
A48: 23 | G48: Дополнительный выпуск акций (дополнительные вклады участников общества, вклады третьих лиц, принимаемых в общество) | AP48: 30 | AW48: 0 | BD48: 0 | BK48: 0 | BR48: 0 | BY48: 0 | CG48: 0 | CO48: 0 | CW48: 0 | DD48: 0 | DO48: 0 | DZ48: 0 | EH48: 0 | EO48: 0 | EV48: 0 | FD48: 0
A49: 24 | G49: Выкуп у акционеров (участников) (продажа) собственных акций (долей) | AP49: 30 | AW49: 0 | BD49: 0 | BK49: 0 | BR49: 0 | BY49: 0 | CG49: 0 | CO49: 0 | CW49: 0 | DD49: 0 | DO49: 0 | DZ49: 0 | EH49: 0 | EO49: 0 | EV49: 0 | FD49: 0
A50: 25 | G50: Дивиденды и иные аналогичные выплаты в пользу акционеров (участников) | AP50: 49 | AW50: 0 | BD50: 0 | BK50: 0 | BR50: 0 | BY50: 0 | CG50: 0 | CO50: 0 | CW50: 0 | DD50: 0 | DO50: 0 | DZ50: 0 | EH50: 0 | EO50: 0 | EV50: 0 | FD50: 0
A51: 26 | G51: Прочие взносы акционеров (участников) | AW51: 0 | BD51: 0 | BK51: 0 | BR51: 0 | BY51: 0 | CG51: 0 | CO51: 0 | CW51: 0 | DD51: 0 | DO51: 0 | DZ51: 0 | EH51: 0 | EO51: 0 | EV51: 0 | FD51: 0
A52: 27 | G52: Распределение в пользу акционеров (участников) | AW52: 0 | BD52: 0 | BK52: 0 | BR52: 0 | BY52: 0 | CG52: 0 | CO52: 0 | CW52: 0 | DD52: 0 | DO52: 0 | DZ52: 0 | EH52: 0 | EO52: 0 | EV52: 0 | FD52: 0
A53: 28 | G53: Прочее движение резервов | AW53: 0 | BD53: 0 | BK53: 0 | BR53: 0 | BY53: 0 | CG53: 0 | CO53: 0 | CW53: 0 | DD53: 0 | DO53: 0 | DZ53: 0 | EH53: 0 | EO53: 0 | EV53: 0 | FD53: 0
A54: 29 | G54: Остаток на | R54: 30 | W54: 06 | AF54: 20 | AI54: 25 | AL54: г., | AW54: 27510000 | BD54: 84500000 | BK54: 0 | BR54: 0 | BY54: 0 | CG54: 0 | CO54: 0 | CW54: 0 | DD54: 0 | DO54: 0 | DZ54: 0 | EH54: 0 | EO54: 0 | EV54: -2620025.3 | FD54: 1.0938997e+08
G55: в том числе:
A56: 30 | G56: капитал, относящийся к активам (выбывающим группам), классифицированным как предназначенные для продажи | AW56: 0 | BD56: 0 | BK56: 0 | BR56: 0 | BY56: 0 | CG56: 0 | CO56: 0 | CW56: 0 | DD56: 0 | DO56: 0 | DZ56: 0 | EH56: 0 | EO56: 0 | EV56: 0 | FD56: 0
A58: Директор | BP58: Семёнов Е.В.
A59: (должность руководителя) | AQ59: (подпись) | BP59: (инициалы, фамилия)
A61: « | C61: =Баланс!C86 -> 30 | G61: » | J61: =Баланс!J86 -> июля | Z61: 2025 | AH61: г.

Sheet ОДС
DA1: Отчетность некредитной финансовой организации
AP3: Код территории по ОКАТО | BE3: Код некредитной финансовой организации
BE4: по ОКПО | BN4: основной государственный регистрационный номер | CO4: регистра-ционный номер
AP5: 65401000000 | BE5: 65701000 | BN5: 1076672027299
A7: ОТЧЕТ О ПОТОКАХ ДЕНЕЖНЫХ СРЕДСТВ НЕКРЕДИТНОЙ ФИНАНСОВОЙ ОРГАНИЗАЦИИ
AK9: за | AP9: 6 месяцев | BF9: 2025 | BN9: г.
A11: Общество с ограниченной ответственностью Управляющая компания "Регион Финанс"
A12: (полное фирменное и сокращенное фирменное наименования)
A14: Почтовый адрес | S14: 620026, г.Екатеринбург, ул.Белинского, д.56
BU16: Код формы по ОКУД: 0420005
BU17: Годовая (квартальная)
BU18: (тыс.руб.)
A20: Номер строки | K20: Наименование показателя | BE20: Примечания к строкам | BT20: За | BY20: 6 месяцев | CK20: За | CP20: 6 месяцев
BW21: 20 | CA21: 25 | CE21: г. | CN21: 20 | CR21: 24 | CV21: г.
A23: 1 | K23: 2 | BE23: 3 | BT23: 4 | CK23: 5
L24: Раздел I. Денежные потоки от операционной деятельности
A25: 1 | L25: Поступления от продажи и погашения финансовых активов или от размещения финансовых обязательств, в обязательном порядке классифицируемых как оцениваемые по справедливой стоимости через прибыль или убыток | BT25: 0 | CK25: 0
A26: 2 | L26: Платежи в связи с приобретением финансовых активов или погашением финансовых обязательств, в обязательном порядке классифицируемых как оцениваемые по справедливой стоимости через прибыль или убыток | BT26: 0 | CK26: 0
A27: 3 | L27: Денежные поступления от предоставления услуг и полученные комиссии | BE27: 1 | BT27: 4376204.2 | CK27: 6314852.9
A28: 4 | L28: Денежные выплаты поставщикам за товары и услуги | BE28: 2 | BT28: -4752537.4 | CK28: -5964154.6
A29: 5 | L29: Проценты полученные | BT29: 2553208.3 | CK29: 1666357.5
A30: 6 | L30: Проценты уплаченные | BT30: 0 | CK30: 0
A31: 7 | L31: Поступления в результате распределения прибыли (дивидендов) от дочерних, ассоциированных, совместно контролируемых предприятий | CK31: 0
A32: 8 | L32: Средства, полученные для перечисления клиентам доходов по ценным бумагам, за минусом средств, перечисленных клиентам | CK32: 0
A33: 9 | L33: Выплата заработной платы и прочего вознаграждения сотрудникам | BT33: -1482632 | CK33: -965140.26
A34: 10 | L34: Оплата прочих административных и операционных расходов | BT34: -426737.89 | CK34: -136116.12
A35: 11 | L35: Уплаченный налог на прибыль | BT35: -278280 | CK35: -352693
A36: 12 | L36: Прочие денежные потоки от операционной деятельности | BT36: -1964.62 | CK36: 9518
A37: 13 | L37: Сальдо денежных потоков от операционной деятельности | BT37: -12739.38 | CK37: 572624.45
L38: Раздел II. Денежные потоки от инвестиционной деятельности
A39: 14 | L39: Поступления от продажи основных средств | BT39: 0 | CK39: 0
A40: 15 | L40: Поступления от продажи инвестиционного имущества | BT40: 0 | CK40: 0
A41: 16 | L41: Поступления от продажи нематериальных активов | BT41: 0 | CK41: 0
A42: 17 | L42: Платежи в связи с приобретением, созданием, модернизацией, реконструкцией и подготовкой к использованию основных средств | BT42: 0 | CK42: 0
A43: 18 | L43: Платежи в связи с приобретением, созданием нематериальных активов | BT43: 0 | CK43: 0
A44: 19 | L44: Платежи в связи с приобретением, созданием, модернизацией, подготовкой к использованию инвестиционного имущества | BT44: 0 | CK44: 0
A45: 20 | L45: Поступления от продажи акций (долей участия) дочерних, ассоциированных, совместно контролируемых предприятий | BT45: 0 | CK45: 0
A46: 21 | L46: Платежи в связи с вложениями в акции (доли участия) дочерних, ассоциированных, совместно контролируемых предприятий | BT46: 0 | CK46: 0
A47: 22 | L47: Поступления от продажи и погашения финансовых активов, классифицируемых как оцениваемые по справедливой стоимости через прибыль или убыток по усмотрению некредитной финансовой организации | BT47: 0 | CK47: 0
A48: 23 | L48: Платежи в связи с приобретением финансовых активов, классифицируемых как оцениваемые по справедливой стоимости через прибыль или убыток по усмотрению некредитной финансовой организации | BT48: 0 | CK48: 0
A49: 24 | L49: Поступления от продажи и погашения финансовых активов, оцениваемых по справедливой стоимости через прочий совокупный доход | BT49: 0 | CK49: 0
A50: 25 | L50: Платежи в связи с приобретением финансовых активов, оцениваемых по справедливой стоимости через прочий совокупный доход | BT50: 0 | CK50: 0
... A56: 31 | L56: Сальдо денежных потоков от инвестиционной деятельности | BT56: 757000 | CK56: -500000
L57: Раздел III. Денежные потоки от финансовой деятельности
A58: 32 | L58: Поступления от размещения финансовых обязательств, классифицируемых как оцениваемые по справедливой стоимости через прибыль или убыток по усмотрению некредитной финансовой организации | BT58: 0 | CK58: 0
A59: 33 | L59: Платежи в связи с погашением финансовых обязательств, классифицируемых как оцениваемые по справедливой стоимости через прибыль или убыток по усмотрению некредитной финансовой организации | BT59: 0 | CK59: 0
A60: 34 | L60: Поступления от привлечения кредитов, займов и прочих привлеченных средств, оцениваемых по амортизированной стоимости | BT60: 0 | CK60: 0
A61: 35 | L61: Погашение кредитов, займов и прочих привлеченных средств, оцениваемых по амортизированной стоимости | BT61: 0 | CK61: 0
A62: 36 | L62: Поступления от выпуска акций, увеличения долей участия и внесения вкладов собственниками (участниками) | BT62: 0 | CK62: 0
A63: 37 | L63: Поступления от продажи собственных акций (долей участия) | BT63: 0 | CK63: 0
A64: 38 | L64: Платежи собственникам (участникам) в связи с выкупом у них собственных акций (долей участия) или их выходом из состава участников | BT64: 0 | CK64: 0
A65: 39 | L65: Выплаченные дивиденды | BT65: 0 | CK65: 0
A66: 40 | L66: Поступления от выпуска облигаций, векселей и других долговых ценных бумаг, оцениваемых по амортизированной стоимости | BT66: 0 | CK66: 0
A67: 41 | L67: Платежи в связи с погашением (выкупом) векселей и других долговых ценных бумаг, оцениваемых по амортизированной стоимости | BT67: 0 | CK67: 0
A68: 41.1 | L68: Платежи в погашение обязательств по договорам аренды | BT68: -117450 | CK68: -178350
A69: 42 | L69: Прочие поступления от финансовой деятельности | BT69: 0 | CK69: 0
... A73: 46 | L73: Величина влияния изменений курса иностранной валюты по отношению к рублю | BT73: 0 | CK73: 0
A74: 47 | L74: Остаток денежных средств и их эквивалентов на начало отчетного периода | BE74: 5 | BT74: 69436.81 | CK74: 1541619.9
A75: 48 | L75: Остаток денежных средств и их эквивалентов на конец отчетного периода | BE75: 5 | BT75: 696247.43 | CK75: 1435894.4
L76: Остаток на конец периода | BT76: ='5.1'!E11 -> 696247.43 | CK76: =1450397.39-14503 -> 1435894.4
L77: Проверка | BT77: =BT76-BT75 -> 0 | CK77: =CK75-CK76 -> 0
L78: Проверка
A79: Директор | BP79: Семёнов Е.В.
A80: (должность руководителя) | AQ80: (подпись) | BP80: (инициалы, фамилия)
A82: « | C82: =Баланс!C86 -> 30 | G82: » | J82: =Баланс!J86 -> июля | Z82: 2025 | AH82: г.

Sheet 1
A1: ПРИМЕЧАНИЯ К БУХГАЛТЕРСКОЙ (ФИНАНСОВОЙ) ОТЧЁТНОСТИ
A2: ООО Управляющая компания «Регион Финанс»
B3: по состоянию на 30.06.2025
A4: Примечание 1. Основная деятельность некредитной финансовой организации
D5: Таблица 1.1
A6: Номер строки | B6: Стандарт МСФО | C6: Требования к раскрытию информации | D6: Описание
A7: 1 | B7: 2 | C7: 3 | D7: 4
A8: 1 | B8: МСФО (IAS) 1 | C8: Номер лицензии | D8: 21-000-1-00925
A9: 2 | B9: МСФО (IAS) 1 | C9: Срок действия лицензии | D9: Бессрочный
A10: 3 | B10: МСФО (IAS) 1 | C10: Дата выдачи лицензии | D10: 41166
A11: 4 | B11: МСФО (IAS) 1 | C11: Виды деятельности, на осуществление которых выдана лицензия | D11: Деятельность по управлению инвестиционными фондами, паевыми инвестиционными фондами и негосударственными пенсионными фондами
A12: 5 | B12: МСФО (IAS) 1 | C12: Информация о возобновлении действия лицензии | D12: -
A13: 6 | B13: МСФО (IAS) 1 | C13: Организационно-правовая форма некредитной финансовой организации | D13: Общество с ограниченной ответственностью
A14: 7 | B14: МСФО (IAS) 1, МСФО (IAS) 24 | C14: Наименование материнского предприятия и наименование конечного владельца (бенефициара) | D14: Копытов Дмитрий Валерьевич
A15: 8 | B15: МСФО (IAS) 1, МСФО (IAS) 24 | C15: Местонахождение материнского предприятия группы, в состав которой входит некредитная финансовая организация | D15: -
A16: 9 | B16: МСФО (IAS) 1 | C16: Количество филиалов некредитной финансовой организации, открытых на территории Российской Федерации | D16: -
A17: 10 | B17: МСФО (IAS) 1 | C17: Количество филиалов некредитной финансовой организации, открытых на территории иностранных государств | D17: -
A18: 11 | B18: МСФО (IAS) 1 | C18: Места нахождения филиалов некредитной финансовой организации, открытых на территории иностранных государств | D18: -
A19: 12 | B19: МСФО (IAS) 1 | C19: Юридический адрес некредитной финансовой организации | D19: 62026, г.Екатеринбург, д.56
A20: 13 | B20: МСФО (IAS) 1 | C20: Фактический адрес некредитной финансовой организации | D20: 62026, г.Екатеринбург, д.56, оф.303
A21: 14 | B21: МСФО (IAS) 1 | C21: Численность персонала некредитной финансовой организации | D21: 7
A22: 15 | B22: МСФО (IAS) 21 | C22: Валюта отчетности | D22: Тысяча рублей

Sheet 2
A1: ПРИМЕЧАНИЯ К БУХГАЛТЕРСКОЙ (ФИНАНСОВОЙ) ОТЧЁТНОСТИ
A2: ООО Управляющая компания «Регион Финанс»
A3: ='1'!B3 -> по состоянию на 30.06.2025
A4: Примечание 2. Экономическая среда, в которой некредитная финансовая организация осуществляет свою деятельность
D5: Таблица 2.1
A6: Номер строки | B6: Стандарт МСФО | C6: Требования к раскрытию информации | D6: Описание
A7: 1 | B7: 2 | C7: 3 | D7: 4
A8: 1 | B8: МСФО (IAS) 1 | C8: Основные факторы и влияния, определяющие финансовые результаты. | D8: В 2024 г. на деятельность и бухгалтерскую отчетность организаций продолжает оказывать существенное влияние комплекс факторов экономического и иного характера. Среди них, в частности, геополитическая обстановка, ограничения, введенные в отношении Российской Федерации, ее экономических субъектов и граждан отдельными государствами и их объединениями, меры, принимаемые в Российской Федерации в ответ на внешнее санкционное давление. Это обстоятельство, в свою очередь, не может не иметь последствий для организации и осуществления аудита бухгалтерской отчетности. Темп роста ВВП в 2024 году составил 4,1%, превысив верхнюю границу октябрьского прогнозного диапазона. Расширение экономической активности в 2024 году было в значительной степени обеспечено потребительским и инвестиционным спросом. По оценке Банка России, темп роста экономической активности в IV квартале 2024 года ускорился и составил 3,3% к соответствующему периоду прошлого года. Эта оценка учитывает в том числе пересмотр Росстатом исторических данных по динамике ВВП за 2022–2023 годы. Динамика внутреннего спроса продолжает значительно опережать возможности расширения производства товаров и услуг. С учетом этого для выхода экономики на траекторию сбалансированного роста требуется продолжительный период поддержания жестких денежнокредитных условий. В дальнейшем под влиянием накопления эффектов жесткой денежно-кредитной политики и нормализации бюджетной политики темпы роста внутреннего спроса замедлятся, а разрыв выпуска сократится. В обновленном прогнозе, с учетом более высокой экономической активности в конце 2024 года, траектория этого замедления предполагается несколько более плавной, чем ожидалось в октябре. Темп роста ВВП замедлится до 1,0–2,0% в 2025 году и 0,5–1,5% в 2026 году. Доля инвестиций в ВВП сохранится на высоком уровне, достигнутом в 2023–2024 годах. Вклад потребительского спроса в динамику ВВП в 2026–2027 годах будет расти по мере снижения процентных ставок и возвращения экономики к траектории сбалансированного роста. В базовом сценарии ожидается рост российской экономики на 1,5–2,5% в 2027 году.

Sheet 3
A1: ПРИМЕЧАНИЯ К БУХГАЛТЕРСКОЙ (ФИНАНСОВОЙ) ОТЧЁТНОСТИ
A2: ООО Управляющая компания «Регион Финанс»
A3: ='1'!B3 -> по состоянию на 30.06.2025
A4: Примечание 3. Основы составления отчетности
D5: Таблица 3.1
A6: Номер строки | B6: Стандарт МСФО | C6: Требования к раскрытию информации | D6: Описание
A7: 1 | B7: 2 | C7: 3 | D7: 4
A8: 1 | B8: МСФО (IAS) 1 | C8: Некредитная финансовая организация должна явно и однозначно указать основы подготовки бухгалтерской (финансовой) отчетности | D8: Настоящая годовая бухгалтерская (финансовая) отчетность подготовлена в соответствии с правилами составления годовой бухгалтерской (финансовой) отчетности, установленными в Российской Федерации, и соответствует требованиям отраслевых стандартов бухгалтерского учета в некредитных финансовых организациях (далее - ОСБУ).
A9: 2 | B9: МСФО (IAS) 1 | C9: База (или базы) оценки, использованная (использованные) при составлении бухгалтерской (финансовой) отчетности | D9: Финансовая отчетность подготовлена в соответствии с принципом учета по амортизированной стоимости, изменения которой отражаются в составе прибыли или убытка.
A11: 3 | B11: МСФО (IAS) 1 | C11: Причины реклассификации сравнительных сумм | D11: В отчётном периоде реклассификации сравнительных сумм не проводилось.
A12: 4 | B12: МСФО (IAS) 1 | C12: Характер реклассификаций сравнительных сумм (включая информацию по состоянию на начало предшествующего периода) | D12: -
A13: 5 | B13: МСФО (IAS) 1 | C13: Сумма каждой статьи (класса статей), которая является предметом реклассификации | D13: -
A14: 6 | B14: МСФО (IAS) 1 | C14: Существенное влияние ретроспективного применения учетной политики на информацию на начало предшествующего отчетного периода, существенное влияние ретроспективного пересчета или реклассификации остатков на начало предшествующего отчетного периода в связи с исправлением ошибок | D14: -

Sheet 4
A1: ПРИМЕЧАНИЯ К БУХГАЛТЕРСКОЙ (ФИНАНСОВОЙ) ОТЧЁТНОСТИ
A2: ООО Управляющая компания «Регион Финанс»
A3: ='1'!B3 -> по состоянию на 30.06.2025
A4: Примечание 4. Краткое изложение принципов учетной политики, важные оценки и профессиональные суждения в применении учетной политики
D5: Таблица 4.1
A6: Номер строки | B6: Стандарт МСФО | C6: Требования к раскрытию информации | D6: Описание
A7: 1 | B7: 2 | C7: 3 | D7: 4
A8: Раздел I. Влияние оценок и допущений
A9: 1 | B9: МСФО (IAS) 1 | C9: Суждения (помимо тех, которые связаны с оценкой), которые были выработаны руководством в процессе применения учетной политики и которые оказывают наибольшее влияние на суммы, отраженные в бухгалтерской (финансовой) отчетности | D9: В процессе применения учетной политики руководство формирует различные суждения, помимо тех, что связаны с расчетными оценками, которые могут в значительной мере влиять на суммы, признаваемые в финансовой отчетности. Указанные суждения раскрываются вместе со значимыми положениями учетной политики.
A10: 2 | B10: МСФО (IAS) 1 | C10: Влияние оценок и допущений на признанные активы и обязательства (указываются статьи отчетности, на суммы которых профессиональные оценки и допущения оказывают наиболее существенное воздействие, и приводятся комментарии в отношении того, каким образом влияют профессиональные суждения на оценку этих статей) | D10: Небольшое влияние на активы оказывают оценки и суждения , связанные с определением резервов под обесценение.
A11: 3 | B11: МСФО (IAS) 1, МСФО (IFRS) 13, МСФО (IFRS) 9 | C11: Ключевые подходы к оценке финансовых инструментов | D11: При отражении финансовых инструментов Компания использует следующие методы оценки: по первоначальной стоимости, по справедливой стоимости, и по амортизированной стоимости.
A12: 4 | B12: МСФО (IAS) 21 | C12: Переоценка активов и обязательств, выраженных в иностранной валюте | D12: Активы и обязательства, выраженные в иностранной валюте по состоянию на отчетную дату, переводятся в рубли по курсу Банка России, действовавшему на отчетную дату.
A13: 5 | B13: МСФО (IAS) 1 | C13: Непрерывность деятельности | D13: Бухгалтерская (финансовая) отчетность составляется на основе допущения, что Компания действует и будет действовать в обозримом будущем (по крайней мере, в течение 12 месяцев после окончания отчетного периода), но не ограничивается этим сроком.
A14: 6 | B14: МСФО (IAS) 29 | C14: Информация в отношении пересчета показателей предыдущих периодов с учетом изменений общей покупательной способности рубля | D14: -
A15: Раздел II. Изменения в учетной политике
A16: 7 | B16: МСФО (IAS) 8 | C16: Описание изменений учетной политики, их причин и характера (раскрываются наименование МСФО, в соответствии с которым производятся изменения, причины, по которым применение новых МСФО обеспечивает более надежную и уместную корректировку, и дается описание влияния изменений учетной политики на корректировки текущего и предыдущего периода) | D16: -
A17: 8 | B17: МСФО (IAS) 8 | C17: Приводятся наименования выпущенных, но не вступивших в силу МСФО с указанием дат, с которых планируется применение этих МСФО, дат, с которых требуется применение этих МСФО, характера предстоящих изменений в учетной политике, обсуждения ожидаемого влияния на отчетность или указанием того, что такое влияние не может быть обоснованно оценено. | D17: Дата вступления в силу 1 января 2025 года: Поправки к МСФО (IAS) 21 – «Отсутствие возможности обмена валют»; Дата вступления в силу 1 января 2026 года: Поправки к МСФО (IFRS) 7, МСФО (IFRS) 9 – «Поправки к классификации и оценке финансовых инструментов»; «Ежегодные усовершенствования стандартов финансовой отчетности МСФО – том 11» Дата вступления в силу 1 января 2027 года: МСФО (IFRS) 18 «Представление и раскрытие информации в финансовой отчетности»; МСФО (IFRS) 19 «Дочерние организации без обязательства отчитываться публично: раскрытие информации».
A19: Раздел III. Принципы учетной политики, которые представляются уместными для понимания бухгалтерской (финансовой) отчетности. Критерии признания и база оценки финансовых инструментов
A20: 9 | B20: МСФО (IAS) 1, МСФО (IFRS) 7 | C20: Критерии признания и база оценки денежных средств и их эквивалентов | D20: Денежные и приравненные к ним средства включают высоколиквидные объекты, легко конвертируемые в заранее известные суммы денежных средств с первоначальным сроком погашения менее трех месяцев и не подверженные значительному риску изменения их стоимости. В категорию денежных средств и их эквивалентов Компанией классифицируются следующие активы:- денежные средства на расчетных и специальных счетах, открытых в кредитных организациях. Денежные средства и их эквиваленты отражаются по амортизированной стоимости.
A21: 10 | B21: МСФО (IAS) 1, МСФО (IFRS) 7 | C21: Критерии признания и база оценки средств, размещенных в кредитных организациях и банках-нерезидентах | D21: Средства, размещенные в кредитных организациях являются статьями, которые могут быть конвертированы в известную сумму денежных средств в течение трёх дней и которые подвержены незначительному изменению стоимости. Суммы, в отношении которых имеются какие-либо ограничения на использование, исключаются из состава денежных средств и их эквивалентов. Данные средства отражаются по амортизированной стоимости.
A22: 11 | B22: МСФО (IFRS) 7, МСФО (IFRS) 9 | C22: Порядок признания и последующего учета финансовых активов, оцениваемых по справедливой стоимости через прибыль или убыток | D22: -
A23: 12 | B23: МСФО (IFRS) 7, МСФО (IFRS) 9 | C23: Порядок признания и последующего учета финансовых активов, оцениваемых по справедливой стоимости через прочий совокупный доход | D23: -
A24: 13 | B24: МСФО (IFRS) 9, МСФО (IFRS) 7 | C24: Порядок признания и последующего учета финансовых активов, оцениваемых по амортизированной стоимости | D24: В дальнейшем финансовые активы оцениваются по амортизированной стоимости с использованием создания резерва под обесценение.
A25: 14 | B25: МСФО (IAS) 1, МСФО (IAS) 27 | C25: Порядок признания и последующего учета инвестиций в дочерние, совместно контролируемые и ассоциированные предприятия | D25: -
A26: 15 | B26: МСФО (IAS) 1 | C26: Порядок признания и последующего учета прочих активов | D26: Прочие размещенные средства и дебиторская задолженность признается в момент возникновения и учитывается по первоначальной стоимости. В дальнейшем дебиторская задолженность оценивается по амортизированной стоимости с использованием создания резерва под обесценение. Денежные потоки, относящиеся к краткосрочной дебиторской задолженности, не дисконтируются, если эффект от дисконтирования несущественен.
A27: 16 | B27: МСФО (IFRS) 7, МСФО (IFRS) 9 | C27: Порядок признания и последующего учета финансовых обязательств, оцениваемых по справедливой стоимости через прибыль или убыток | D27: -
A28: 17 | B28: МСФО (IFRS) 7, МСФО (IFRS) 9 | C28: Порядок признания и последующего учета финансовых обязательств, оцениваемых по амортизированной стоимости | D28: -
A29: 18 | B29: МСФО (IAS) 32 | C29: Порядок проведения взаимозачетов финансовых активов и финансовых обязательств | D29: -
A30: Раздел IV. Порядок признания и последующего учета хеджирования
A31: 19 | B31: МСФО (IFRS) 7 | C31: Хеджирование потоков денежных средств (описание типа хеджирования, характера хеджируемых рисков, финансовых инструментов, признанных инструментами хеджирования) | D31: -
A32: 20 | B32: МСФО (IFRS) 7 | C32: Хеджирование справедливой стоимости (описание типа хеджирования, характера хеджируемых рисков, финансовых инструментов, признанных инструментами хеджирования) | D32: -
A33: 21 | B33: МСФО (IFRS) 7 | C33: Хеджирование чистых инвестиций в иностранные подразделения (описание типа хеджирования, характера хеджируемых рисков, финансовых инструментов, признанных инструментами хеджирования) | D33: -
A34: Раздел V. Критерии признания и база оценки инвестиционного имущества
A35: 22 | B35: МСФО (IAS) 40 | C35: Применяемая модель учета инвестиционного имущества | D35: Инвестиционное имущество оценивается по справедливой стоимости.
A36: 23 | B36: МСФО (IAS) 40 | C36: Критерии, используемые организацией в целях проведения различия между инвестиционным имуществом и объектами собственности, занимаемыми владельцем, а также имуществом, предназначенным для продажи в ходе обычной деятельности | D36: Инвестиционная недвижимость - недвижимость (земля, или здание (либо часть здания), или то и другое), удерживаемая (собственником или же арендатором в качестве актива в форме права пользования) с целью получения арендных платежей, или с целью получения выгоды от прироста стоимости, или того и другого, но не для:
D37: a) использования в производстве или поставке товаров или услуг либо в административных целях; или
D38: (b) продажи в ходе обычной деятельности.
A39: 24 | B39: МСФО (IAS) 40 | C39: Степень, в которой справедливая стоимость инвестиционного имущества (измеренная или раскрытая в бухгалтерской (финансовой) отчетности) основана на оценке, произведенной независимым оценщиком, обладающим соответствующей признанной профессиональной квалификацией, а также недавним опытом проведения оценки инвестиций в недвижимость той же категории и того же места нахождения, что и оцениваемый объект | D39: Справедливая стоимость достоверна и основана на оценке, произведенной независимым оценщиком, обладающим соответствующей признанной профессиональной квалификацией, а также недавним опытом проведения оценки инвестиций в недвижимость той же категории и того же места нахождения, что и оцениваемый объект.
A40: Раздел VI. Критерии признания, база оценки основных средств
A41: 25 | B41: МСФО (IAS) 16 | C41: База, используемая для оценки основных средств (для каждого класса активов) | D41: Основные средства всех классификационных групп учитываются по модели по первоначальной стоимости за вычетом накопленной амортизации и накопленных убытков от обесценения.
A42: 26 | B42: МСФО (IAS) 16 | C42: Применяемый метод амортизации (для каждого класса активов) | D42: Амортизация объектов основных средств начисляется по методу равномерного списания в течение срока их полезного использования (линейный способ начисления амортизации).
A43: 27 | B43: МСФО (IAS) 16 | C43: Применяемые сроки полезного использования (для каждого класса активов) | D43: Срок полезного использования объектов основных средств общество определяет самостоятельно (на дату ввода в эксплуатацию) на основании классификации основных средств, определяемой в соответствии с Постановлением Правительства РФ от 01.01.2002 № 1 «О классификации основных средств, включаемых в амортизационные группы». Для тех видов основных средств, которые не указаны в амортизационных группах, срок полезного использования устанавливается в соответствии с техническими условиями или рекомендациями организаций-изготовителей.» При невозможности определения срока полезного использования вышеуказанным способом он устанавливается приказом руководителя исходя из технических характеристик объекта и ожидаемого срока полезного использования.
A44: Раздел VII. Критерии признания, база оценки нематериальных активов
A45: 28 | B45: МСФО (IAS) 38 | C45: Определение и состав нематериальных активов | D45: -
A46: 29 | B46: МСФО (IAS) 1 | C46: База оценки для каждого класса активов (стоимость приобретения за вычетом амортизации или стоимость переоценки за вычетом амортизации) | D46: -
A47: 30 | B47: МСФО (IAS) 38 | C47: Раскрытие для каждого класса активов с неопределенным сроком полезного использования факта ежегодного тестирования на обесценение, информации о наличии возможных признаков обесценения | D47: -
A48: 31 | B48: МСФО (IAS) 38 | C48: Применяемые сроки и методы амортизации для нематериальных активов с ограниченным сроком использования | D48: -
A49: 32 | B49: МСФО (IAS) 1 | C49: Порядок учета затрат на создание нематериальных активов собственными силами | D49: -
A50: Раздел VIII. Порядок признания и последующего учета вознаграждений работникам и связанных с ними отчислений
A51: 33 | B51: МСФО (IAS) 1, МСФО (IAS) 19 | C51: Порядок признания расходов, связанных с начислением заработной платы, включая компенсационные и стимулирующие выплаты, выплат по отпускам, пособий по временной нетрудоспособности и уходу за ребенком, вознаграждений по итогам года, выходных пособий | D51: Под вознаграждениями работникам понимаются все виды возмещений работникам за выполнение ими своих трудовых функций, а также за расторжение трудового договора вне зависимости от формы выплаты (денежная, неденежная), в том числе оплата труда, включая компенсационные и стимулирующие выплаты, а также выплаты работникам и в пользу работников третьим лицам, включая членов семей работников, осуществляемые в связи с выполнением работниками трудовых функций, не включенные в оплату труда. Обязательства по выплате вознаграждений работникам возникают в соответствии с законодательством Российской Федерации, в том числе нормативными актами Банка России, а также локальными нормативными актами и иными внутренними документами кредитной организации, трудовыми и (или) коллективными договорами. Обязательства по выплате краткосрочных вознаграждений работникам, а также корректировки ранее признанных кредитной организацией указанных обязательств подлежат отражению на счетах бухгалтерского учета не позднее последнего рабочего дня каждого месяца (или даты фактического исполнения обязательств) и/или в качестве событий после отчетной даты.
A52: 34 | B52: МСФО (IAS) 19 | C52: Описание пенсионных планов с установленными выплатами, реализуемых некредитной финансовой организацией | D52: -
A53: 35 | B53: МСФО (IAS) 19 | C53: Использование метода дисконтированной стоимости для определения размера обязательства по пенсионному обеспечению и соответствующей стоимости вклада работников в отношении текущего периода | D53: -
A54: 36 | B54: МСФО (IAS) 19 | C54: Порядок отражения в отчетности вознаграждений работникам по окончании трудовой деятельности, не ограниченных фиксируемыми платежами | D54: -
A55: Раздел IX. Критерии признания, база оценки и порядок учета других активов и обязательств
A56: 37 | B56: МСФО (IAS) 1, МСФО (IFRS) 5 | C56: Порядок признания и последующего учета долгосрочных активов, предназначенных для продажи | D56: -
A57: 38 | B57: МСФО (IAS) 1, МСФО (IAS) 37 | C57: Порядок признания и последующего учета резервов - оценочных обязательств | D57: Оценочное обязательство признается в бухгалтерском учете в величине, отражающей наиболее достоверную денежную оценку расходов, необходимых для расчетов по этому обязательству. Величина оценочного обязательства определяется на основе имеющихся фактов хозяйственной жизни, опыта в отношении исполнения аналогичных обязательств, а также, при необходимости, мнений экспертов.
A58: 39 | B58: МСФО (IAS) 17, МСФО (IFRS) 9 | C58: Порядок признания, последующего учета, прекращения признания обязательств по финансовой аренде | D58: -
A59: 40 | B59: МСФО (IFRS) 9 | C59: Порядок признания, последующего учета, прекращения признания кредиторской задолженности | D59: Кредиторская задолженность учитывается по методу начисления и отражается по первоначальной стоимости. Компания осуществляет контроль кредиторской задолженности и анализирует обязательства по срокам погашения относительно отчетной даты в соответствии с условиями получения.
A60: 41 | B60: МСФО (IAS) 1 | C60: Порядок признания и оценки уставного капитала, эмиссионного дохода | D60: -
A61: 42 | B61: МСФО (IAS) 32, МСФО (IFRS) 7 | C61: Порядок признания и оценки собственных выкупленных акций (долей) | D61: -
A62: 43 | B62: МСФО (IAS) 32, МСФО (IFRS) 7 | C62: Порядок признания и оценки резервного капитала | D62: -
A63: 44 | B63: МСФО (IAS) 12 | C63: Порядок признания, оценки, последующего учета, прекращения признания отложенного налогового актива и отложенного налогового обязательства | D63: -
A64: 45 | B64: МСФО (IAS) 10, МСФО (IAS) 32 | C64: Порядок отражения дивидендов | D64: -

Sheet 5.1
A1: ПРИМЕЧАНИЯ К БУХГАЛТЕРСКОЙ (ФИНАНСОВОЙ) ОТЧЁТНОСТИ
A2: ООО Управляющая компания «Регион Финанс»
A3: ='1'!B3 -> по состоянию на 30.06.2025
A4: Примечание 5. Денежные средства
H5: Таблица 5.1
A6: Номер строки | B6: Наименование показателя | C6: 30 июня 2025 г. | F6: 31 декабря 2024 г.
C7: Полная балансовая стоимость | D7: Резерв под обесценение | E7: Балансовая стоимость | F7: Полная балансовая стоимость | G7: Резерв под обесценение | H7: Балансовая стоимость
A8: 1 | B8: 2 | C8: 3 | D8: 4 | E8: 5 | F8: 3 | G8: 4 | H8: 5
A9: 1 | B9: Денежные средства в кассе | C9: 0 | D9: 0 | E9: =C9-D9 -> 0 | F9: 0 | G9: 0 | H9: =F9-G9 -> 0
A10: 2 | B10: Денежные средства в пути | C10: 0 | D10: 0 | E10: =C10-D10 -> 0 | F10: 0 | G10: 0 | H10: =F10-G10 -> 0
A11: 3 | B11: Денежные средства на расчетных счетах | C11: 703280.43 | D11: 7033 | E11: 696247.43 | F11: 70138.81 | G11: 702 | H11: 69436.81
A12: 4 | B12: Денежные средства, переданные в доверительное управление | C12: 0 | D12: 0 | E12: 0 | F12: 0 | G12: 0 | H12: 0
A13: 5 | B13: Прочие денежные средства | C13: 0 | D13: 0 | E13: 0 | F13: 0 | G13: 0 | H13: 0
A14: 6 | B14: Итого | C14: 703280.43 | D14: 7033 | E14: 696247.43 | F14: 70138.81 | G14: 702 | H14: 69436.81
A16: 5.1.1. По состоянию на 30 июня 2025 года у некредитной финансовой организации были остатки денежных средств в 6-и кредитных организациях (на 31 декабря 2024 года: в 3-и кредитных организациях). Совокупная сумма этих остатков составляла 696,247439 тысяч рублей (на 31.12.2024 года: 69, 43681 тысяч рублей), или 100 процентов от общей суммы денежных средств (на 31.12.2024 года: 100 процентов).
A17: 5.1.2. Денежные средства, использование которых ограничено, по состоянию на 31.03.2025 года включает 0 тысяч рублей (на 31.12.2024 года: 0 тысяч рублей).
C57: ='5.5'!C104-G11 -> 0 | F57: ='5.5'!F104-G14 -> 0

Sheet 5.2
A1: ПРИМЕЧАНИЯ К БУХГАЛТЕРСКОЙ (ФИНАНСОВОЙ) ОТЧЁТНОСТИ
A2: ООО Управляющая компания «Регион Финанс»
A3: ='5.1'!A3:H3 -> по состоянию на 30.06.2025
A4: Примечание 5. Денежные средства.
A5: Компоненты денежных средств и их эквивалентов
E6: Таблица 5.2
A7: Номер строки | B7: Наименование показателя | D7: ='5.1'!C6 -> 30 июня 2025 г. | E7: ='5.1'!F6 -> 31 декабря 2024 г.
A8: 1 | B8: 2 | D8: 3 | E8: 4
A9: 1 | B9: Денежные средства | D9: 703280.43 | E9: 70138.81
A10: 2 | B10: Краткосрочные высоколиквидные ценные бумаги, классифицируемые как эквиваленты денежных средств в соответствии с учетной политикой | D10: 0 | E10: 0
A11: 3 | B11: Остатки средств в кредитных организациях и банках-нерезидентах, классифицируемые как эквиваленты денежных средств в соответствии с учетной политикой | D11: 0 | E11: 0
A12: 4 | B12: Кредит, полученный в порядке расчетов по расчетному счету (овердрафт) | D12: 0 | E12: 0
A13: 5 | B13: Оценочный резерв под ожидаемые кредитные убытки | D13: -7033 | E13: -702
A14: 6 | B14: Дополнительные существенные компоненты денежных средств и их эквивалентов | D14: 0 | E14: 0
A15: 7 | B15: Прочее | D15: 0 | E15: 0
A16: 8 | B16: Итого | D16: 696247.43 | E16: 69436.81

Sheet 5.4
A1: ПРИМЕЧАНИЯ К БУХГАЛТЕРСКОЙ (ФИНАНСОВОЙ) ОТЧЁТНОСТИ
A2: ООО Управляющая компания «Регион Финанс»
A3: ='5.1'!A3:H3 -> по состоянию на 30.06.2025
A4: Примечание 5. Денежные средства.
A5: Выверка изменений полной балансовой стоимости денежных средств
F6: Таблица 5.4
A7: Номер строки | B7: Наименование показателя | C7: Денежные средства на расчетных счетах | D7: Денежные средства, переданные в доверительное управление | E7: Прочие денежные средства | F7: Итого
A8: 1 | B8: 2 | C8: 3 | D8: 4 | E8: 5 | F8: 6
A9: 1 | B9: Полная балансовая стоимость по состоянию на начало отчетного периода, | C9: =SUM(C11:C14) -> 70138.81 | D9: =SUM(D11:D14) -> 0 | E9: =SUM(E11:E14) -> 0 | F9: =SUM(F11:F14) -> 70138.81
B10: в том числе:
A11: 2 | B11: финансовые активы, кредитные убытки по которым ожидаются в течение 12 месяцев | C11: ='5.1'!F11 -> 70138.81 | D11: 0 | E11: 0 | F11: =SUM(C11:E11) -> 70138.81
A12: 3 | B12: финансовые активы, кредитные убытки по которым ожидаются в течение всего срока жизни (коллективная оценка) | C12: 0 | D12: 0 | E12: 0 | F12: =SUM(C12:E12) -> 0
A13: 4 | B13: финансовые активы, кредитные убытки по которым ожидаются в течение всего срока жизни (индивидуальная оценка) | C13: 0 | D13: 0 | E13: 0 | F13: =SUM(C13:E13) -> 0
A14: 5 | B14: кредитно-обесцененные финансовые активы | C14: 0 | D14: 0 | E14: ='5.1'!F13 -> 0 | F14: =SUM(C14:E14) -> 0
A15: 6 | B15: Поступление финансовых активов, | C15: =SUM(C17:C20) -> 4.6953625e+08 | D15: =SUM(D17:D20) -> 0 | E15: =SUM(E17:E20) -> 0 | F15: =SUM(F17:F20) -> 4.6953625e+08
B16: в том числе:
A17: 7 | B17: финансовые активы, кредитные убытки по которым ожидаются в течение 12 месяцев | C17: 4.6953625e+08 | D17: 0 | E17: 0 | F17: =SUM(C17:E17) -> 4.6953625e+08
A18: 8 | B18: финансовые активы, кредитные убытки по которым ожидаются в течение всего срока жизни (коллективная оценка) | C18: 0 | D18: 0 | E18: 0 | F18: =SUM(C18:E18) -> 0
A19: 9 | B19: финансовые активы, кредитные убытки по которым ожидаются в течение всего срока жизни (индивидуальная оценка) | C19: 0 | D19: 0 | E19: 0 | F19: =SUM(C19:E19) -> 0
A20: 10 | B20: кредитно-обесцененные финансовые активы | C20: 0 | D20: 0 | E20: 0 | F20: =SUM(C20:E20) -> 0
A21: 11 | B21: Прекращение признания финансовых активов, | C21: =SUM(C23:C26) -> -4.6890311e+08 | D21: =SUM(D23:D26) -> 0 | E21: =SUM(E23:E26) -> 0 | F21: =SUM(F23:F26) -> -4.6890311e+08
B22: в том числе:
A23: 12 | B23: финансовые активы, кредитные убытки по которым ожидаются в течение 12 месяцев | C23: =-(468903112.14) -> -4.6890311e+08 | D23: 0 | E23: 0 | F23: =SUM(C23:E23) -> -4.6890311e+08
A24: 13 | B24: финансовые активы, кредитные убытки по которым ожидаются в течение всего срока жизни (коллективная оценка) | C24: 0 | D24: 0 | E24: 0 | F24: =SUM(C24:E24) -> 0
A25: 14 | B25: финансовые активы, кредитные убытки по которым ожидаются в течение всего срока жизни (индивидуальная оценка) | C25: 0 | D25: 0 | E25: 0 | F25: =SUM(C25:E25) -> 0
A26: 15 | B26: кредитно-обесцененные финансовые активы | C26: 0 | D26: 0 | E26: 0 | F26: =SUM(C26:E26) -> 0
A27: 16 | B27: Списание финансовых активов, | C27: =SUM(C29:C32) -> 0 | D27: =SUM(D29:D32) -> 0 | E27: =SUM(E29:E32) -> 0 | F27: =SUM(F29:F32) -> 0
B28: в том числе:
A29: 17 | B29: финансовые активы, кредитные убытки по которым ожидаются в течение 12 месяцев | C29: 0 | D29: 0 | E29: 0 | F29: =SUM(C29:E29) -> 0
A30: 18 | B30: финансовые активы, кредитные убытки по которым ожидаются в течение всего срока жизни (коллективная оценка) | C30: 0 | D30: 0 | E30: 0 | F30: =SUM(C30:E30) -> 0
A31: 19 | B31: финансовые активы, кредитные убытки по которым ожидаются в течение всего срока жизни (индивидуальная оценка) | C31: 0 | D31: 0 | E31: 0 | F31: =SUM(C31:E31) -> 0
A32: 20 | B32: кредитно-обесцененные финансовые активы | C32: 0 | D32: 0 | E32: 0 | F32: =SUM(C32:E32) -> 0
A33: 21 | B33: Изменения в результате модификации, которая не привела к прекращению признания финансового актива, | C33: =SUM(C35:C38) -> 0 | D33: =SUM(D35:D38) -> 0 | E33: =SUM(E35:E38) -> 0 | F33: =SUM(F35:F38) -> 0
B34: в том числе:
A35: 22 | B35: финансовые активы, кредитные убытки по которым ожидаются в течение 12 месяцев | C35: 0 | D35: 0 | E35: 0 | F35: =SUM(C35:E35) -> 0
A36: 23 | B36: финансовые активы, кредитные убытки по которым ожидаются в течение всего срока жизни (коллективная оценка) | C36: 0 | D36: 0 | E36: 0 | F36: =SUM(C36:E36) -> 0
A37: 24 | B37: финансовые активы, кредитные убытки по которым ожидаются в течение всего срока жизни (индивидуальная оценка) | C37: 0 | D37: 0 | E37: 0 | F37: =SUM(C37:E37) -> 0
A38: 25 | B38: кредитно-обесцененные финансовые активы | C38: 0 | D38: 0 | E38: 0 | F38: =SUM(C38:E38) -> 0
A39: 26 | B39: Изменение порядка определения оценочного убытка от обесценения, | C39: =SUM(C41:C44) -> 0 | D39: =SUM(D41:D44) -> 0 | E39: =SUM(E41:E44) -> 0 | F39: =SUM(F41:F44) -> 0
B40: в том числе:
A41: 27 | B41: финансовые активы, кредитные убытки по которым ожидаются в течение 12 месяцев | C41: 0 | D41: 0 | E41: 0 | F41: =SUM(C41:E41) -> 0
A42: 28 | B42: финансовые активы, кредитные убытки по которым ожидаются в течение всего срока жизни (коллективная оценка) | C42: 0 | D42: 0 | E42: 0 | F42: =SUM(C42:E42) -> 0
A43: 29 | B43: финансовые активы, кредитные убытки по которым ожидаются в течение всего срока жизни (индивидуальная оценка) | C43: 0 | D43: 0 | E43: 0 | F43: =SUM(C43:E43) -> 0
A44: 30 | B44: кредитно-обесцененные финансовые активы | C44: 0 | D44: 0 | E44: 0 | F44: =SUM(C44:E44) -> 0
A45: 31 | B45: Прочие изменения, | C45: =SUM(C47:C50) -> 0 | D45: =SUM(D47:D50) -> 0 | E45: =SUM(E47:E50) -> 0 | F45: =SUM(F47:F50) -> 0
B46: в том числе:
A47: 32 | B47: финансовые активы, кредитные убытки по которым ожидаются в течение 12 месяцев | C47: 0 | D47: 0 | E47: 0 | F47: =SUM(C47:E47) -> 0
A48: 33 | B48: финансовые активы, кредитные убытки по которым ожидаются в течение всего срока жизни (коллективная оценка) | C48: 0 | D48: 0 | E48: 0 | F48: =SUM(C48:E48) -> 0
A49: 34 | B49: финансовые активы, кредитные убытки по которым ожидаются в течение всего срока жизни (индивидуальная оценка) | C49: 0 | D49: 0 | E49: 0 | F49: =SUM(C49:E49) -> 0
A50: 35 | B50: кредитно-обесцененные финансовые активы | C50: 0 | D50: 0 | E50: 0 | F50: =SUM(C50:E50) -> 0
A51: 36 | B51: Полная балансовая стоимость по состоянию на конец отчетного периода, | C51: =SUM(C53:C56) -> 703280.43 | D51: =SUM(D53:D56) -> 0 | E51: =SUM(E53:E56) -> 0 | F51: =SUM(F53:F56) -> 703280.43
B52: в том числе:
A53: 37 | B53: финансовые активы, кредитные убытки по которым ожидаются в течение 12 месяцев | C53: =C47+C35+C23+C17+C11 -> 703280.43 | D53: =D47+D35+D23+D17+D11 -> 0 | E53: =E47+E35+E23+E17+E11 -> 0 | F53: =SUM(C53:E53) -> 703280.43
A54: 38 | B54: финансовые активы, кредитные убытки по которым ожидаются в течение всего срока жизни (коллективная оценка) | C54: =C48+C36+C24+C18+C12 -> 0 | D54: =D48+D36+D24+D18+D12 -> 0 | E54: =E48+E36+E24+E18+E12 -> 0 | F54: =SUM(C54:E54) -> 0
A55: 39 | B55: финансовые активы, кредитные убытки по которым ожидаются в течение всего срока жизни (индивидуальная оценка) | C55: =C49+C37+C25+C19+C13 -> 0 | D55: =D49+D37+D25+D19+D13 -> 0 | E55: =E49+E37+E25+E19+E13 -> 0 | F55: =SUM(C55:E55) -> 0
A56: 40 | B56: кредитно-обесцененные финансовые активы | C56: =C50+C38+C26+C20+C14 -> 0 | D56: =D50+D38+D26+D20+D14 -> 0 | E56: =E50+E38+E26+E20+E14 -> 0 | F56: =SUM(C56:E56) -> 0
C57: =C51-'5.1'!C11 -> 4.7730282e-09 | E57: =E56-'5.1'!C13 -> 0 | F57: =F53-'5.1'!C14 -> 4.7730282e-09
A58: Выверка изменений полной балансовой стоимости денежных средств (сравнительные данные).
F59: Таблица 5.4
A60: Номер строки | B60: Наименование показателя | C60: Денежные средства на расчетных счетах | D60: Денежные средства, переданные в доверительное управление | E60: Прочие денежные средства | F60: Итого
A61: 1 | B61: 2 | C61: 3 | D61: 4 | E61: 5 | F61: 6
A62: 1 | B62: Полная балансовая стоимость по состоянию на начало отчетного периода, | C62: =SUM(C64:C67) -> 1557191.9 | D62: =SUM(D64:D67) -> 0 | E62: =SUM(E64:E67) -> 0 | F62: =SUM(F64:F67) -> 1557191.9
B63: в том числе:
A64: 2 | B64: финансовые активы, кредитные убытки по которым ожидаются в течение 12 месяцев | C64: 1557191.9 | D64: 0 | E64: 0 | F64: =SUM(C64:E64) -> 1557191.9
A65: 3 | B65: финансовые активы, кредитные убытки по которым ожидаются в течение всего срока жизни (коллективная оценка) | C65: 0 | D65: 0 | E65: 0 | F65: =SUM(C65:E65) -> 0
A66: 4 | B66: финансовые активы, кредитные убытки по которым ожидаются в течение всего срока жизни (индивидуальная оценка) | C66: 0 | D66: 0 | E66: 0 | F66: =SUM(C66:E66) -> 0
A67: 5 | B67: кредитно-обесцененные финансовые активы | C67: 0 | D67: 0 | E67: =F43 -> 0 | F67: =SUM(C67:E67) -> 0
A68: 6 | B68: Поступление финансовых активов, | C68: =SUM(C70:C73) -> 7.5649342e+08 | D68: =SUM(D70:D73) -> 0 | E68: =SUM(E70:E73) -> 0 | F68: =SUM(F70:F73) -> 7.5649342e+08
B69: в том числе:
A70: 7 | B70: финансовые активы, кредитные убытки по которым ожидаются в течение 12 месяцев | C70: 7.5649342e+08 | D70: 0 | E70: 0 | F70: =SUM(C70:E70) -> 7.5649342e+08
A71: 8 | B71: финансовые активы, кредитные убытки по которым ожидаются в течение всего срока жизни (коллективная оценка) | C71: 0 | D71: 0 | E71: 0 | F71: =SUM(C71:E71) -> 0
A72: 9 | B72: финансовые активы, кредитные убытки по которым ожидаются в течение всего срока жизни (индивидуальная оценка) | C72: 0 | D72: 0 | E72: 0 | F72: =SUM(C72:E72) -> 0
A73: 10 | B73: кредитно-обесцененные финансовые активы | C73: 0 | D73: 0 | E73: 0 | F73: =SUM(C73:E73) -> 0
A74: 11 | B74: Прекращение признания финансовых активов, | C74: =SUM(C76:C79) -> -7.5798047e+08 | D74: =SUM(D76:D79) -> 0 | E74: =SUM(E76:E79) -> 0 | F74: =SUM(F76:F79) -> -7.5798047e+08
B75: в том числе:
A76: 12 | B76: финансовые активы, кредитные убытки по которым ожидаются в течение 12 месяцев | C76: -7.5798047e+08 | D76: 0 | E76: 0 | F76: =SUM(C76:E76) -> -7.5798047e+08
A77: 13 | B77: финансовые активы, кредитные убытки по которым ожидаются в течение всего срока жизни (коллективная оценка) | C77: 0 | D77: 0 | E77: 0 | F77: =SUM(C77:E77) -> 0
A78: 14 | B78: финансовые активы, кредитные убытки по которым ожидаются в течение всего срока жизни (индивидуальная оценка) | C78: 0 | D78: 0 | E78: 0 | F78: =SUM(C78:E78) -> 0
A79: 15 | B79: кредитно-обесцененные финансовые активы | C79: 0 | D79: 0 | E79: 0 | F79: =SUM(C79:E79) -> 0
A80: 16 | B80: Списание финансовых активов, | C80: =SUM(C82:C85) -> 0 | D80: =SUM(D82:D85) -> 0 | E80: =SUM(E82:E85) -> 0 | F80: =SUM(F82:F85) -> 0
B81: в том числе:
A82: 17 | B82: финансовые активы, кредитные убытки по которым ожидаются в течение 12 месяцев | C82: 0 | D82: 0 | E82: 0 | F82: =SUM(C82:E82) -> 0
A83: 18 | B83: финансовые активы, кредитные убытки по которым ожидаются в течение всего срока жизни (коллективная оценка) | C83: 0 | D83: 0 | E83: 0 | F83: =SUM(C83:E83) -> 0
A84: 19 | B84: финансовые активы, кредитные убытки по которым ожидаются в течение всего срока жизни (индивидуальная оценка) | C84: 0 | D84: 0 | E84: 0 | F84: =SUM(C84:E84) -> 0
A85: 20 | B85: кредитно-обесцененные финансовые активы | C85: 0 | D85: 0 | E85: 0 | F85: =SUM(C85:E85) -> 0
A86: 21 | B86: Изменения в результате модификации, которая не привела к прекращению признания финансового актива, | C86: =SUM(C88:C91) -> 0 | D86: =SUM(D88:D91) -> 0 | E86: =SUM(E88:E91) -> 0 | F86: =SUM(F88:F91) -> 0
B87: в том числе:
A88: 22 | B88: финансовые активы, кредитные убытки по которым ожидаются в течение 12 месяцев | C88: 0 | D88: 0 | E88: 0 | F88: =SUM(C88:E88) -> 0
A89: 23 | B89: финансовые активы, кредитные убытки по которым ожидаются в течение всего срока жизни (коллективная оценка) | C89: 0 | D89: 0 | E89: 0 | F89: =SUM(C89:E89) -> 0
A90: 24 | B90: финансовые активы, кредитные убытки по которым ожидаются в течение всего срока жизни (индивидуальная оценка) | C90: 0 | D90: 0 | E90: 0 | F90: =SUM(C90:E90) -> 0
A91: 25 | B91: кредитно-обесцененные финансовые активы | C91: 0 | D91: 0 | E91: 0 | F91: =SUM(C91:E91) -> 0
A92: 26 | B92: Изменение порядка определения оценочного убытка от обесценения, | C92: =SUM(C94:C97) -> 0 | D92: =SUM(D94:D97) -> 0 | E92: =SUM(E94:E97) -> 0 | F92: =SUM(F94:F97) -> 0
B93: в том числе:
A94: 27 | B94: финансовые активы, кредитные убытки по которым ожидаются в течение 12 месяцев | C94: 0 | D94: 0 | E94: 0 | F94: =SUM(C94:E94) -> 0
A95: 28 | B95: финансовые активы, кредитные убытки по которым ожидаются в течение всего срока жизни (коллективная оценка) | C95: 0 | D95: 0 | E95: 0 | F95: =SUM(C95:E95) -> 0
A96: 29 | B96: финансовые активы, кредитные убытки по которым ожидаются в течение всего срока жизни (индивидуальная оценка) | C96: 0 | D96: 0 | E96: 0 | F96: =SUM(C96:E96) -> 0
A97: 30 | B97: кредитно-обесцененные финансовые активы | C97: 0 | D97: 0 | E97: 0 | F97: =SUM(C97:E97) -> 0
A98: 31 | B98: Прочие изменения, | C98: =SUM(C100:C103) -> 0 | D98: =SUM(D100:D103) -> 0 | E98: =SUM(E100:E103) -> 0 | F98: =SUM(F100:F103) -> 0
B99: в том числе:
A100: 32 | B100: финансовые активы, кредитные убытки по которым ожидаются в течение 12 месяцев | C100: 0 | D100: 0 | E100: 0 | F100: =SUM(C100:E100) -> 0
...

Sheet 5.5
A1: ПРИМЕЧАНИЯ К БУХГАЛТЕРСКОЙ (ФИНАНСОВОЙ) ОТЧЁТНОСТИ
A2: ООО Управляющая компания «Регион Финанс»
A3: ='5.1'!A3:H3 -> по состоянию на 30.06.2025
A4: Примечание 5. Денежные средства.
A5: Выверка изменений оценочного резерва под ожидаемые кредитные убытки по денежным средствам
F6: Таблица 5.5
A7: Номер строки | B7: Наименование показателя | C7: Денежные средства на расчетных счетах | D7: Денежные средства, переданные в доверительное управление | E7: Прочие денежные средства | F7: Итого
A8: 1 | B8: 2 | C8: 3 | D8: 4 | E8: 5 | F8: 6
A9: 1 | B9: Резерв под обесценение по состоянию на начало отчетного периода, | C9: 702 | D9: 0 | E9: 0 | F9: 702
B10: в том числе:
A11: 2 | B11: финансовые активы, кредитные убытки по которым ожидаются в течение 12 месяцев | C11: 702 | D11: 0 | E11: 0 | F11: 702
A12: 3 | B12: финансовые активы, кредитные убытки по которым ожидаются в течение всего срока жизни (коллективная оценка) | C12: 0 | D12: 0 | E12: 0 | F12: 0
A13: 4 | B13: финансовые активы, кредитные убытки по которым ожидаются в течение всего срока жизни (индивидуальная оценка) | C13: 0 | D13: 0 | E13: 0 | F13: 0
A14: 5 | B14: кредитно-обесцененные финансовые активы | C14: 0 | D14: 0 | E14: 0 | F14: 0
A15: 6 | B15: Поступление финансовых активов, | C15: 6633 | D15: 0 | E15: 0 | F15: 6633
B16: в том числе:
A17: 7 | B17: финансовые активы, кредитные убытки по которым ожидаются в течение 12 месяцев | C17: 6633 | D17: 0 | E17: 0 | F17: 6633
A18: 8 | B18: финансовые активы, кредитные убытки по которым ожидаются в течение всего срока жизни (коллективная оценка) | C18: 0 | D18: 0 | E18: 0 | F18: 0
A19: 9 | B19: финансовые активы, кредитные убытки по которым ожидаются в течение всего срока жизни (индивидуальная оценка) | C19: 0 | D19: 0 | E19: 0 | F19: 0
A20: 10 | B20: кредитно-обесцененные финансовые активы | C20: 0 | D20: 0 | E20: 0 | F20: 0
A21: 11 | B21: Прекращение признания финансовых активов, | C21: -302 | D21: 0 | E21: 0 | F21: -302
B22: в том числе:
A23: 12 | B23: финансовые активы, кредитные убытки по которым ожидаются в течение 12 месяцев | C23: -302 | D23: 0 | E23: 0 | F23: -302
A24: 13 | B24: финансовые активы, кредитные убытки по которым ожидаются в течение всего срока жизни (коллективная оценка) | C24: 0 | D24: 0 | E24: 0 | F24: 0
A25: 14 | B25: финансовые активы, кредитные убытки по которым ожидаются в течение всего срока жизни (индивидуальная оценка) | C25: 0 | D25: 0 | E25: 0 | F25: 0
A26: 15 | B26: кредитно-обесцененные финансовые активы | C26: 0 | D26: 0 | E26: 0 | F26: 0
A27: 16 | B27: Списание финансовых активов, | C27: 0 | D27: 0 | E27: 0 | F27: 0
B28: в том числе:
A29: 17 | B29: финансовые активы, кредитные убытки по которым ожидаются в течение 12 месяцев | C29: 0 | D29: 0 | E29: 0 | F29: 0
A30: 18 | B30: финансовые активы, кредитные убытки по которым ожидаются в течение всего срока жизни (коллективная оценка) | C30: 0 | D30: 0 | E30: 0 | F30: 0
A31: 19 | B31: финансовые активы, кредитные убытки по которым ожидаются в течение всего срока жизни (индивидуальная оценка) | C31: 0 | D31: 0 | E31: 0 | F31: 0
A32: 20 | B32: кредитно-обесцененные финансовые активы | C32: 0 | D32: 0 | E32: 0 | F32: 0
A33: 21 | B33: Изменения в результате модификации, которая не привела к прекращению признания финансового актива, | C33: 0 | D33: 0 | E33: 0 | F33: 0
B34: в том числе:
A35: 22 | B35: финансовые активы, кредитные убытки по которым ожидаются в течение 12 месяцев | C35: 0 | D35: 0 | E35: 0 | F35: 0
A36: 23 | B36: финансовые активы, кредитные убытки по которым ожидаются в течение всего срока жизни (коллективная оценка) | C36: 0 | D36: 0 | E36: 0 | F36: 0
A37: 24 | B37: финансовые активы, кредитные убытки по которым ожидаются в течение всего срока жизни (индивидуальная оценка) | C37: 0 | D37: 0 | E37: 0 | F37: 0
A38: 25 | B38: кредитно-обесцененные финансовые активы | C38: 0 | D38: 0 | E38: 0 | F38: 0
A39: 26 | B39: Изменение порядка определения оценочного убытка от обесценения, | C39: 0 | D39: 0 | E39: 0 | F39: 0
B40: в том числе:
A41: 27 | B41: финансовые активы, кредитные убытки по которым ожидаются в течение 12 месяцев | C41: 0 | D41: 0 | E41: 0 | F41: 0
A42: 28 | B42: финансовые активы, кредитные убытки по которым ожидаются в течение всего срока жизни (коллективная оценка) | C42: 0 | D42: 0 | E42: 0 | F42: 0
A43: 29 | B43: финансовые активы, кредитные убытки по которым ожидаются в течение всего срока жизни (индивидуальная оценка) | C43: 0 | D43: 0 | E43: 0 | F43: 0
A44: 30 | B44: кредитно-обесцененные финансовые активы | C44: 0 | D44: 0 | E44: 0 | F44: 0
A45: 31 | B45: Прочие изменения, | C45: 0 | D45: 0 | E45: 0 | F45: 0
B46: в том числе:
A47: 32 | B47: финансовые активы, кредитные убытки по которым ожидаются в течение 12 месяцев | C47: 0 | D47: 0 | E47: 0 | F47: 0
A48: 33 | B48: финансовые активы, кредитные убытки по которым ожидаются в течение всего срока жизни (коллективная оценка) | C48: 0 | D48: 0 | E48: 0 | F48: 0
A49: 34 | B49: финансовые активы, кредитные убытки по которым ожидаются в течение всего срока жизни (индивидуальная оценка) | C49: 0 | D49: 0 | E49: 0 | F49: 0
A50: 35 | B50: кредитно-обесцененные финансовые активы | C50: 0 | D50: 0 | E50: 0 | F50: 0
A51: 36 | B51: Резерв под обесценение по состоянию на конец отчетного периода, | C51: 7033 | D51: 0 | E51: 0 | F51: 7033
B52: в том числе:
A53: 37 | B53: финансовые активы, кредитные убытки по которым ожидаются в течение 12 месяцев | C53: 7033 | D53: 0 | E53: 0 | F53: 7033
A54: 38 | B54: финансовые активы, кредитные убытки по которым ожидаются в течение всего срока жизни (коллективная оценка) | C54: =C48+C36+C24+C18+C12 -> 0 | D54: =D48+D36+D24+D18+D12 -> 0 | E54: =E48+E36+E24+E18+E12 -> 0 | F54: =SUM(C54:E54) -> 0
A55: 39 | B55: финансовые активы, кредитные убытки по которым ожидаются в течение всего срока жизни (индивидуальная оценка) | C55: =C49+C37+C25+C19+C13 -> 0 | D55: =D49+D37+D25+D19+D13 -> 0 | E55: =E49+E37+E25+E19+E13 -> 0 | F55: =SUM(C55:E55) -> 0
A56: 40 | B56: кредитно-обесцененные финансовые активы | C56: =C50+C38+C26+C20+C14 -> 0 | D56: =D50+D38+D26+D20+D14 -> 0 | E56: =E50+E38+E26+E20+E14 -> 0 | F56: =SUM(C56:E56) -> 0
C57: =C51-'5.1'!D11 -> 0 | E57: =E56-'5.1'!D13 -> 0 | F57: =F51-'5.1'!D14 -> 0
A58: Выверка изменений оценочного резерва под ожидаемые кредитные убытки по денежным средствам (сравнительные данные).
F59: Таблица 5.5
A60: Номер строки | B60: Наименование показателя | C60: Денежные средства на расчетных счетах | D60: Денежные средства, переданные в доверительное управление | E60: Прочие денежные средства | F60: Итого
A61: 1 | B61: 2 | C61: 3 | D61: 4 | E61: 5 | F61: 6
A62: 1 | B62: Резерв под обесценение по состоянию на начало отчетного периода, | C62: 15572 | D62: 0 | E62: 0 | F62: 15572
B63: в том числе:
A64: 2 | B64: финансовые активы, кредитные убытки по которым ожидаются в течение 12 месяцев | C64: 15572 | D64: 0 | E64: 0 | F64: 15572
A65: 3 | B65: финансовые активы, кредитные убытки по которым ожидаются в течение всего срока жизни (коллективная оценка) | C65: 0 | D65: 0 | E65: 0 | F65: 0
A66: 4 | B66: финансовые активы, кредитные убытки по которым ожидаются в течение всего срока жизни (индивидуальная оценка) | C66: 0 | D66: 0 | E66: 0 | F66: 0
A67: 5 | B67: кредитно-обесцененные финансовые активы | C67: 0 | D67: 0 | E67: 0 | F67: 0
A68: 6 | B68: Поступление финансовых активов, | C68: 266612 | D68: 0 | E68: 0 | F68: 266612
B69: в том числе:
A70: 7 | B70: финансовые активы, кредитные убытки по которым ожидаются в течение 12 месяцев | C70: 266612 | D70: 0 | E70: 0 | F70: 266612
A71: 8 | B71: финансовые активы, кредитные убытки по которым ожидаются в течение всего срока жизни (коллективная оценка) | C71: 0 | D71: 0 | E71: 0 | F71: 0
A72: 9 | B72: финансовые активы, кредитные убытки по которым ожидаются в течение всего срока жизни (индивидуальная оценка) | C72: 0 | D72: 0 | E72: 0 | F72: 0
A73: 10 | B73: кредитно-обесцененные финансовые активы | C73: 0 | D73: 0 | E73: 0 | F73: 0
A74: 11 | B74: Прекращение признания финансовых активов, | C74: -281482 | D74: 0 | E74: 0 | F74: -281482
B75: в том числе:
A76: 12 | B76: финансовые активы, кредитные убытки по которым ожидаются в течение 12 месяцев | C76: -281482 | D76: 0 | E76: 0 | F76: -281482
A77: 13 | B77: финансовые активы, кредитные убытки по которым ожидаются в течение всего срока жизни (коллективная оценка) | C77: 0 | D77: 0 | E77: 0 | F77: 0
A78: 14 | B78: финансовые активы, кредитные убытки по которым ожидаются в течение всего срока жизни (индивидуальная оценка) | C78: 0 | D78: 0 | E78: 0 | F78: 0
A79: 15 | B79: кредитно-обесцененные финансовые активы | C79: 0 | D79: 0 | E79: 0 | F79: 0
A80: 16 | B80: Списание финансовых активов, | C80: 0 | D80: 0 | E80: 0 | F80: 0
B81: в том числе:
A82: 17 | B82: финансовые активы, кредитные убытки по которым ожидаются в течение 12 месяцев | C82: 0 | D82: 0 | E82: 0 | F82: 0
A83: 18 | B83: финансовые активы, кредитные убытки по которым ожидаются в течение всего срока жизни (коллективная оценка) | C83: 0 | D83: 0 | E83: 0 | F83: 0
A84: 19 | B84: финансовые активы, кредитные убытки по которым ожидаются в течение всего срока жизни (индивидуальная оценка) | C84: 0 | D84: 0 | E84: 0 | F84: 0
A85: 20 | B85: кредитно-обесцененные финансовые активы | C85: 0 | D85: 0 | E85: 0 | F85: 0
A86: 21 | B86: Изменения в результате модификации, которая не привела к прекращению признания финансового актива, | C86: 0 | D86: 0 | E86: 0 | F86: 0
B87: в том числе:
A88: 22 | B88: финансовые активы, кредитные убытки по которым ожидаются в течение 12 месяцев | C88: 0 | D88: 0 | E88: 0 | F88: 0
A89: 23 | B89: финансовые активы, кредитные убытки по которым ожидаются в течение всего срока жизни (коллективная оценка) | C89: 0 | D89: 0 | E89: 0 | F89: 0
A90: 24 | B90: финансовые активы, кредитные убытки по которым ожидаются в течение всего срока жизни (индивидуальная оценка) | C90: 0 | D90: 0 | E90: 0 | F90: 0
A91: 25 | B91: кредитно-обесцененные финансовые активы | C91: 0 | D91: 0 | E91: 0 | F91: 0
A92: 26 | B92: Изменение порядка определения оценочного убытка от обесценения, | C92: 0 | D92: 0 | E92: 0 | F92: 0
B93: в том числе:
A94: 27 | B94: финансовые активы, кредитные убытки по которым ожидаются в течение 12 месяцев | C94: 0 | D94: 0 | E94: 0 | F94: 0
A95: 28 | B95: финансовые активы, кредитные убытки по которым ожидаются в течение всего срока жизни (коллективная оценка) | C95: 0 | D95: 0 | E95: 0 | F95: 0
A96: 29 | B96: финансовые активы, кредитные убытки по которым ожидаются в течение всего срока жизни (индивидуальная оценка) | C96: 0 | D96: 0 | E96: 0 | F96: 0
A97: 30 | B97: кредитно-обесцененные финансовые активы | C97: 0 | D97: 0 | E97: 0 | F97: 0
A98: 31 | B98: Прочие изменения, | C98: 0 | D98: 0 | E98: 0 | F98: 0
B99: в том числе:
A100: 32 | B100: финансовые активы, кредитные убытки по которым ожидаются в течение 12 месяцев | C100: 0 | D100: 0 | E100: 0 | F100: 0
...

Sheet 6.1
A1: ПРИМЕЧАНИЯ К БУХГАЛТЕРСКОЙ (ФИНАНСОВОЙ) ОТЧЁТНОСТИ
A2: ООО Управляющая компания «Регион Финанс»
A3: ='5.1'!A3:H3 -> по состоянию на 30.06.2025
A4: Примечание 6. Финансовые активы, в обязательном порядке классифицируемые как оцениваемые по справедливой стоимости через прибыль или убыток
A5: Финансовые активы, в обязательном порядке классифицируемые как оцениваемые по справедливой стоимости через прибыль или убыток
D6: Таблица 6.1
A7: Номер строки | B7: Наименование показателя | C7: ='5.1'!C6 -> 30 июня 2025 г. | D7: ='5.1'!F6 -> 31 декабря 2024 г.
A8: 1 | B8: 2 | C8: 3 | D8: 4
A9: 1 | B9: Ценные бумаги, удерживаемые для торговли | C9: 73748576 | D9: =83101471.11-9352894.91 -> 73748576
A10: 2 | B10: Прочие долевые инструменты, удерживаемые для торговли | C10: 0 | D10: 0
A11: 3 | B11: Производные финансовые инструменты, от которых ожидается увеличение экономических выгод | C11: 0 | D11: 0
A12: 4 | B12: Встроенные производные финансовые инструменты, от которых ожидается увеличение экономических выгод | C12: 0 | D12: 0
A13: 5 | B13: Займы выданные и депозиты в кредитных организациях и банках-нерезидентах, в обязательном порядке классифицируемые как оцениваемые по справедливой стоимости через прибыль или убыток | C13: 0 | D13: 0
A14: 5(1) | B14: Цифровые финансовые активы, в обязательном порядке классифицируемые как оцениваемые по справедливой стоимости через прибыль или убыток | C14: 0 | D14: 0
A15: 6 | B15: Итого | C15: =SUM(C9:C14) -> 73748576 | D15: =SUM(D9:D14) -> 73748576
A17: 6.1.1. Состав строки 1 таблицы раскрывается в таблице 6.2 настоящего примечания.
A18: 6.1.2. Состав строки 3 таблицы раскрывается в примечании 55 настоящего приложения.
A19: 6.1.3. Состав строки 5 таблицы раскрывается в таблице 6.3 настоящего примечания.
A20: 6.1.4. Информация о реклассификации долговых инструментов в категорию финансовых активов, классифицируемых как оцениваемые по справедливой стоимости через прибыль или убыток, представлена в таблице 6.4 настоящего примечания. Информация о реклассификации из категории финансовых активов, оцениваемых по амортизированной стоимости, представлена в таблице 8.5 примечания 8 и таблице 37.2 примечания 37 настоящего приложения.
A22: Порядок составления таблицы 6.1 и пояснений к ней
A24: 1. В таблице раскрывается состав статьи бухгалтерского баланса "Финансовые активы, в обязательном порядке классифицируемые как оцениваемые по справедливой стоимости через прибыль или убыток".
A25: 2. По строкам 1 - 5(1) таблицы отражаются остатки по соответствующим счетам бухгалтерского учета в соответствии с приложением 8.1 к настоящему Положению.
A26: 3. По строке 6 таблицы отражается сумма значений по строкам 1 - 5(1).

Sheet 6.2
A1: ПРИМЕЧАНИЯ К БУХГАЛТЕРСКОЙ (ФИНАНСОВОЙ) ОТЧЁТНОСТИ
A2: ООО Управляющая компания «Регион Финанс»
A3: ='5.1'!A3:H3 -> по состоянию на 30.06.2025
A4: Примечание 6. Финансовые активы, в обязательном порядке классифицируемые как оцениваемые по справедливой стоимости через прибыль или убыток
A5: Ценные бумаги, удерживаемые для торговли
D6: Таблица 6.2.
A7: Номер строки | B7: Наименование показателя | C7: ='5.1'!C6:E6 -> 30 июня 2025 г. | D7: ='5.1'!F6 -> 31 декабря 2024 г.
A8: 1 | B8: 2 | C8: 3 | D8: 4
A9: 1 | B9: Долевые ценные бумаги, удерживаемые для торговли, в том числе: | C9: =C10 -> 73748576 | D9: =D10 -> 73748576
A10: 2 | B10: кредитных организаций и банков-нерезидентов | C10: ='6.1'!C9 -> 73748576 | D10: ='6.1'!D9 -> 73748576
A11: 3 | B11: некредитных финансовых организаций | C11: 0 | D11: 0
A12: 4 | B12: нефинансовых организаций | C12: 0 | D12: 0
A13: 5 | B13: Долговые ценные бумаги, удерживаемые для торговли, в том числе: | C13: 0 | D13: 0
A14: 6 | B14: Правительства Российской Федерации | C14: 0 | D14: 0
A15: 7 | B15: субъектов Российской Федерации и органов местного самоуправления | C15: 0 | D15: 0
A16: 8 | B16: иностранных государств | C16: 0 | D16: 0
A17: 9 | B17: кредитных организаций и банков-нерезидентов | C17: 0 | D17: 0
A18: 10 | B18: некредитных финансовых организаций | C18: 0 | D18: 0
A19: 11 | B19: нефинансовых организаций | C19: 0 | D19: 0
A20: 12 | B20: Итого | C20: =C9+C13 -> 73748576 | D20: =D9+D13 -> 73748576
A22: 1. В таблице раскрывается информация о ценных бумагах, удерживаемых для торговли.
A23: 2. По строке 1 таблицы отражается сумма значений по строкам 2 - 4.
A24: 3. По строке 5 таблицы отражается сумма значений по строкам 6 - 11.
A25: 4. По строкам 2 - 4, 6 - 11 отражаются остатки по соответствующим счетам бухгалтерского учета в соответствии с приложением 8.1 настоящего Положения.
A26: 5. По строке 12 таблицы отражается сумма значений по строкам 1 и 5.
A28: Порядок составления таблицы 6.1 и пояснений к ней
A30: 1. В таблице раскрывается состав статьи бухгалтерского баланса "Финансовые активы, в обязательном порядке классифицируемые как оцениваемые по справедливой стоимости через прибыль или убыток".
A31: 2. По строкам 1 - 5(1) таблицы отражаются остатки по соответствующим счетам бухгалтерского учета в соответствии с приложением 8.1 к настоящему Положению.
A32: 3. По строке 6 таблицы отражается сумма значений по строкам 1 - 5(1).

Sheet 10.1
A1: ПРИМЕЧАНИЯ К БУХГАЛТЕРСКОЙ (ФИНАНСОВОЙ) ОТЧЁТНОСТИ
A2: ООО Управляющая компания «Регион Финанс»
A3: ='5.1'!A3:H3 -> по состоянию на 30.06.2025
A4: Примечание 10. Средства в кредитных организациях и банках-нерезидентах
H5: Таблица 10.1
A6: Номер строки | B6: Наименование показателя | C6: ='5.1'!C6:E6 -> 30 июня 2025 г. | F6: ='5.1'!F6 -> 31 декабря 2024 г.
C7: Полная балансовая стоимость | D7: Резерв под обесценение | E7: Балансовая стоимость | F7: Полная балансовая стоимость | G7: Резерв под обесценение | H7: Балансовая стоимость
A8: 1 | B8: 2 | C8: 3 | D8: 4 | E8: 5 | F8: 3 | G8: 4 | H8: 5
A9: 1 | B9: Долговые ценные бумаги кредитных организаций и банков-нерезидентов, оцениваемые по амортизированной стоимости | C9: 0 | D9: 0 | E9: =C9-D9 -> 0 | F9: 0 | G9: 0 | H9: =F9-G9 -> 0
A10: 2 | B10: Депозиты в кредитных организациях и банках-нерезидентах, оцениваемые по амортизированной стоимости, в том числе: | C10: 29362111 | D10: 293621 | E10: 29068490 | F10: 29803953 | G10: 298040 | H10: 29505913
A11: 3 | B11: субординированные депозиты | C11: 0 | D11: 0 | E11: 0 | F11: 0 | G11: 0 | H11: 0
A12: 4 | B12: Средства на клиринговых банковских счетах для исполнения обязательств и индивидуального клирингового обеспечения | C12: 0 | D12: 0 | E12: 0 | F12: 0 | G12: 0 | H12: 0
A13: 5 | B13: Средства на клиринговых банковских счетах коллективного клирингового обеспечения (гарантийный фонд) | C13: 0 | D13: 0 | E13: 0 | F13: 0 | G13: 0 | H13: 0
A14: 6 | B14: Средства коллективного клирингового обеспечения (гарантийный фонд), размещенные во вклады в кредитных организациях | C14: 0 | D14: 0 | E14: 0 | F14: 0 | G14: 0 | H14: 0
A15: 7 | B15: Средства индивидуального клирингового обеспечения, размещенные во вклады в кредитных организациях | C15: 0 | D15: 0 | E15: 0 | F15: 0 | G15: 0 | H15: 0
A16: 8 | B16: Средства в клиринговых организациях, предназначенные для исполнения обязательств, допущенных к клирингу, и индивидуального клирингового обеспечения | C16: 0 | D16: 0 | E16: 0 | F16: 0 | G16: 0 | H16: 0
A17: 9 | B17: Средства в клиринговых организациях, предназначенные для коллективного клирингового обеспечения (гарантийный фонд) | C17: 0 | D17: 0 | E17: 0 | F17: 0 | G17: 0 | H17: 0
A18: 10 | B18: Расчеты доверителей (комитентов) по брокерским операциям с ценными бумагами и другими финансовыми активами | C18: 0 | D18: 0 | E18: 0 | F18: 0 | G18: 0 | H18: 0
A19: 11 | B19: Расчеты доверителей (комитентов) по брокерским операциям с ценными бумагами и другими финансовыми активами | C19: 0 | D19: 0 | E19: 0 | F19: 0 | G19: 0 | H19: 0
A20: 12 | B20: Прочее | C20: 0 | D20: 0 | E20: 0 | F20: 0 | G20: 0 | H20: 0
A21: 13 | B21: Итого | C21: 29362111 | D21: 293621 | E21: 29068490 | F21: 29803953 | G21: 298040 | H21: 29505913
A23: 10.1.1. По состоянию на 30.06.2025 года у некредитной финансовой организации были остатки средств в одной кредитной организации и банках-нерезидентах (на 31.12.2024 : в одной кредитной организации и банках-нерезидентах). Совокупная сумма этих средств составляла 29 803,95264 тысяч рублей (на 31.12.2024 года: 29 505,91264 тысяч рублей), или 100 процента (процентов) от общей суммы средств в кредитных организациях и банках-нерезидентах (на 31.12.2024 года: 100,00 процентов).
A24: 10.1.2. Средства в кредитных организациях и банках-нерезидентах, использование которых ограничено, по состоянию на 31.03.2025 года включают 0,00 тысяч рублей (на 31.12.2024 года: 0,00 тысяч рублей).

Sheet 10.2
A1: ПРИМЕЧАНИЯ К БУХГАЛТЕРСКОЙ (ФИНАНСОВОЙ) ОТЧЁТНОСТИ
A2: ООО Управляющая компания «Регион Финанс»
A3: ='5.1'!A3:H3 -> по состоянию на 30.06.2025
A4: Примечание 10. Средства в кредитных организациях и банках-нерезидентах.
A5: Выверка изменений полной балансовой стоимости средств в кредитных организациях и банках-нерезидентах
N6: Таблица 10.2
A7: Номер строки | B7: Наименование показателя | C7: Долговые ценные бумаги кредитных организаций и банков-нерезидентов | D7: Депозиты в кредитных организациях и банках-нерезидентах | E7: Средства на клиринговых банковских счетах для исполнения обязательств и индивидуального клирингового обеспечения | F7: Средства на клиринговых банковских счетах коллективного клирингового обеспечения (гарантийный фонд) | G7: Средства коллективного клирингового обеспечения (гарантийный фонд), размещенные во вклады в кредитных организациях | H7: Средства индивидуального клирингового обеспечения, размещенные во вклады в кредитных организациях | I7: Средства в клиринговых организациях, предназначенные для исполнения обязательств, допущенных к клирингу, и индивидуального клирингового обеспечения | J7: Средства в клиринговых организациях, предназначенные для коллективного клирингового обеспечения (гарантийный фонд | K7: Сделки обратного репо с кредитными организациями и банками-нерезидентами | L7: Расчеты доверителей (комитентов) по брокерским операциям с ценными бумагами и другими финансовыми активами | M7: Прочие средства | N7: Итого
A8: 1 | B8: 2 | C8: 3 | D8: 4 | E8: 5 | F8: 6 | G8: 7 | H8: 8 | I8: 9 | J8: 10 | K8: 11 | L8: 12 | M8: 13 | N8: 14
A9: 1 | B9: Полная балансовая стоимость по состоянию на начало отчетного периода, | C9: =SUM(C11:C14) -> 0 | D9: 29803953 | E9: 0 | F9: 0 | G9: 0 | H9: 0 | I9: 0 | J9: 0 | K9: 0 | L9: 0 | M9: 0 | N9: 29803953
B10: в том числе:
A11: 2 | B11: финансовые активы, кредитные убытки по которым ожидаются в течение 12 месяцев | C11: ='10.1'!F11 -> 0 | D11: 29803953 | E11: 0 | F11: 0 | G11: 0 | H11: 0 | I11: 0 | J11: 0 | K11: 0 | L11: 0 | M11: 0 | N11: 29803953
A12: 3 | B12: финансовые активы, кредитные убытки по которым ожидаются в течение всего срока жизни (коллективная оценка) | C12: 0 | D12: 0 | E12: 0 | F12: 0 | G12: 0 | H12: 0 | I12: 0 | J12: 0 | K12: 0 | L12: 0 | M12: 0 | N12: 0
A13: 4 | B13: финансовые активы, кредитные убытки по которым ожидаются в течение всего срока жизни (индивидуальная оценка) | C13: 0 | D13: 0 | E13: 0 | F13: 0 | G13: 0 | H13: 0 | I13: 0 | J13: 0 | K13: 0 | L13: 0 | M13: 0 | N13: 0
A14: 5 | B14: кредитно-обесцененные финансовые активы | C14: 0 | D14: 0 | E14: 0 | F14: 0 | G14: 0 | H14: 0 | I14: 0 | J14: 0 | K14: 0 | L14: 0 | M14: 0 | N14: 0
A15: 6 | B15: Поступление финансовых активов, | C15: =SUM(C17:C20) -> 0 | D15: 4.6463384e+08 | E15: 0 | F15: 0 | G15: 0 | H15: 0 | I15: 0 | J15: 0 | K15: 0 | L15: 0 | M15: 0 | N15: 4.6463384e+08
B16: в том числе:
A17: 7 | B17: финансовые активы, кредитные убытки по которым ожидаются в течение 12 месяцев | C17: 0 | D17: 4.6463384e+08 | E17: 0 | F17: 0 | G17: 0 | H17: 0 | I17: 0 | J17: 0 | K17: 0 | L17: 0 | M17: 0 | N17: 4.6463384e+08
A18: 8 | B18: финансовые активы, кредитные убытки по которым ожидаются в течение всего срока жизни (коллективная оценка) | C18: 0 | D18: 0 | E18: 0 | F18: 0 | G18: 0 | H18: 0 | I18: 0 | J18: 0 | K18: 0 | L18: 0 | M18: 0 | N18: 0
A19: 9 | B19: финансовые активы, кредитные убытки по которым ожидаются в течение всего срока жизни (индивидуальная оценка) | C19: 0 | D19: 0 | E19: 0 | F19: 0 | G19: 0 | H19: 0 | I19: 0 | J19: 0 | K19: 0 | L19: 0 | M19: 0 | N19: 0
A20: 10 | B20: кредитно-обесцененные финансовые активы | C20: 0 | D20: 0 | E20: 0 | F20: 0 | G20: 0 | H20: 0 | I20: 0 | J20: 0 | K20: 0 | L20: 0 | M20: 0 | N20: 0
A21: 11 | B21: Прекращение признания финансовых активов, | C21: =SUM(C23:C26) -> 0 | D21: -4.6507568e+08 | E21: 0 | F21: 0 | G21: 0 | H21: 0 | I21: 0 | J21: 0 | K21: 0 | L21: 0 | M21: 0 | N21: -4.6507568e+08
B22: в том числе:
A23: 12 | B23: финансовые активы, кредитные убытки по которым ожидаются в течение 12 месяцев | C23: 0 | D23: -4.6507568e+08 | E23: 0 | F23: 0 | G23: 0 | H23: 0 | I23: 0 | J23: 0 | K23: 0 | L23: 0 | M23: 0 | N23: -4.6507568e+08
A24: 13 | B24: финансовые активы, кредитные убытки по которым ожидаются в течение всего срока жизни (коллективная оценка) | C24: 0 | D24: 0 | E24: 0 | F24: 0 | G24: 0 | H24: 0 | I24: 0 | J24: 0 | K24: 0 | L24: 0 | M24: 0 | N24: 0
A25: 14 | B25: финансовые активы, кредитные убытки по которым ожидаются в течение всего срока жизни (индивидуальная оценка) | C25: 0 | D25: 0 | E25: 0 | F25: 0 | G25: 0 | H25: 0 | I25: 0 | J25: 0 | K25: 0 | L25: 0 | M25: 0 | N25: 0
A26: 15 | B26: кредитно-обесцененные финансовые активы | C26: 0 | D26: 0 | E26: 0 | F26: 0 | G26: 0 | H26: 0 | I26: 0 | J26: 0 | K26: 0 | L26: 0 | M26: 0 | N26: 0
A27: 16 | B27: Списание финансовых активов, | C27: =SUM(C29:C32) -> 0 | D27: 0 | E27: 0 | F27: 0 | G27: 0 | H27: 0 | I27: 0 | J27: 0 | K27: 0 | L27: 0 | M27: 0 | N27: 0
B28: в том числе:
A29: 17 | B29: финансовые активы, кредитные убытки по которым ожидаются в течение 12 месяцев | C29: 0 | D29: 0 | E29: 0 | F29: 0 | G29: 0 | H29: 0 | I29: 0 | J29: 0 | K29: 0 | L29: 0 | M29: 0 | N29: 0
A30: 18 | B30: финансовые активы, кредитные убытки по которым ожидаются в течение всего срока жизни (коллективная оценка) | C30: 0 | D30: 0 | E30: 0 | F30: 0 | G30: 0 | H30: 0 | I30: 0 | J30: 0 | K30: 0 | L30: 0 | M30: 0 | N30: 0
A31: 19 | B31: финансовые активы, кредитные убытки по которым ожидаются в течение всего срока жизни (индивидуальная оценка) | C31: 0 | D31: 0 | E31: 0 | F31: 0 | G31: 0 | H31: 0 | I31: 0 | J31: 0 | K31: 0 | L31: 0 | M31: 0 | N31: 0
A32: 20 | B32: кредитно-обесцененные финансовые активы | C32: 0 | D32: 0 | E32: 0 | F32: 0 | G32: 0 | H32: 0 | I32: 0 | J32: 0 | K32: 0 | L32: 0 | M32: 0 | N32: 0
A33: 21 | B33: Изменения в результате модификации, которая не привела к прекращению признания финансового актива, | C33: =SUM(C35:C38) -> 0 | D33: 0 | E33: 0 | F33: 0 | G33: 0 | H33: 0 | I33: 0 | J33: 0 | K33: 0 | L33: 0 | M33: 0 | N33: 0
B34: в том числе:
A35: 22 | B35: финансовые активы, кредитные убытки по которым ожидаются в течение 12 месяцев | C35: 0 | D35: 0 | E35: 0 | F35: 0 | G35: 0 | H35: 0 | I35: 0 | J35: 0 | K35: 0 | L35: 0 | M35: 0 | N35: 0
A36: 23 | B36: финансовые активы, кредитные убытки по которым ожидаются в течение всего срока жизни (коллективная оценка) | C36: 0 | D36: 0 | E36: 0 | F36: 0 | G36: 0 | H36: 0 | I36: 0 | J36: 0 | K36: 0 | L36: 0 | M36: 0 | N36: 0
A37: 24 | B37: финансовые активы, кредитные убытки по которым ожидаются в течение всего срока жизни (индивидуальная оценка) | C37: 0 | D37: 0 | E37: 0 | F37: 0 | G37: 0 | H37: 0 | I37: 0 | J37: 0 | K37: 0 | L37: 0 | M37: 0 | N37: 0
A38: 25 | B38: кредитно-обесцененные финансовые активы | C38: 0 | D38: 0 | E38: 0 | F38: 0 | G38: 0 | H38: 0 | I38: 0 | J38: 0 | K38: 0 | L38: 0 | M38: 0 | N38: 0
A39: 26 | B39: Изменение порядка определения оценочного убытка от обесценения, | C39: =SUM(C41:C44) -> 0 | D39: 0 | E39: 0 | F39: 0 | G39: 0 | H39: 0 | I39: 0 | J39: 0 | K39: 0 | L39: 0 | M39: 0 | N39: 0
B40: в том числе:
A41: 27 | B41: финансовые активы, кредитные убытки по которым ожидаются в течение 12 месяцев | C41: 0 | D41: 0 | E41: 0 | F41: 0 | G41: 0 | H41: 0 | I41: 0 | J41: 0 | K41: 0 | L41: 0 | M41: 0 | N41: 0
A42: 28 | B42: финансовые активы, кредитные убытки по которым ожидаются в течение всего срока жизни (коллективная оценка) | C42: 0 | D42: 0 | E42: 0 | F42: 0 | G42: 0 | H42: 0 | I42: 0 | J42: 0 | K42: 0 | L42: 0 | M42: 0 | N42: 0
A43: 29 | B43: финансовые активы, кредитные убытки по которым ожидаются в течение всего срока жизни (индивидуальная оценка) | C43: 0 | D43: 0 | E43: 0 | F43: 0 | G43: 0 | H43: 0 | I43: 0 | J43: 0 | K43: 0 | L43: 0 | M43: 0 | N43: 0
A44: 30 | B44: кредитно-обесцененные финансовые активы | C44: 0 | D44: 0 | E44: 0 | F44: 0 | G44: 0 | H44: 0 | I44: 0 | J44: 0 | K44: 0 | L44: 0 | M44: 0 | N44: 0
A45: 31 | B45: Прочие изменения, | C45: =SUM(C47:C50) -> 0 | D45: 0 | E45: 0 | F45: 0 | G45: 0 | H45: 0 | I45: 0 | J45: 0 | K45: 0 | L45: 0 | M45: 0 | N45: 0
B46: в том числе:
A47: 32 | B47: финансовые активы, кредитные убытки по которым ожидаются в течение 12 месяцев | C47: 0 | D47: 0 | E47: 0 | F47: 0 | G47: 0 | H47: 0 | I47: 0 | J47: 0 | K47: 0 | L47: 0 | M47: 0 | N47: 0
A48: 33 | B48: финансовые активы, кредитные убытки по которым ожидаются в течение всего срока жизни (коллективная оценка) | C48: 0 | D48: 0 | E48: 0 | F48: 0 | G48: 0 | H48: 0 | I48: 0 | J48: 0 | K48: 0 | L48: 0 | M48: 0 | N48: 0
A49: 34 | B49: финансовые активы, кредитные убытки по которым ожидаются в течение всего срока жизни (индивидуальная оценка) | C49: 0 | D49: 0 | E49: 0 | F49: 0 | G49: 0 | H49: 0 | I49: 0 | J49: 0 | K49: 0 | L49: 0 | M49: 0 | N49: 0
A50: 35 | B50: кредитно-обесцененные финансовые активы | C50: 0 | D50: 0 | E50: 0 | F50: 0 | G50: 0 | H50: 0 | I50: 0 | J50: 0 | K50: 0 | L50: 0 | M50: 0 | N50: 0
A51: 36 | B51: Полная балансовая стоимость по состоянию на конец отчетного периода, | C51: =SUM(C53:C56) -> 0 | D51: 29362111 | E51: 0 | F51: 0 | G51: 0 | H51: 0 | I51: 0 | J51: 0 | K51: 0 | L51: 0 | M51: 0 | N51: 29362111
B52: в том числе:
A53: 37 | B53: финансовые активы, кредитные убытки по которым ожидаются в течение 12 месяцев | C53: =C47+C35+C23+C17+C11 -> 0 | D53: 29362111 | E53: 0 | F53: 0 | G53: 0 | H53: 0 | I53: 0 | J53: 0 | K53: 0 | L53: 0 | M53: 0 | N53: 29362111
A54: 38 | B54: финансовые активы, кредитные убытки по которым ожидаются в течение всего срока жизни (коллективная оценка) | C54: =C48+C36+C24+C18+C12 -> 0 | D54: =D48+D36+D24+D18+D12 -> 0 | E54: =E48+E36+E24+E18+E12 -> 0 | F54: =F48+F36+F24+F18+F12 -> 0 | G54: =G48+G36+G24+G18+G12 -> 0 | H54: =H48+H36+H24+H18+H12 -> 0 | I54: =I48+I36+I24+I18+I12 -> 0 | J54: =J48+J36+J24+J18+J12 -> 0 | ... N54: =N48+N36+N24+N18+N12 -> 0
A55: 39 | B55: финансовые активы, кредитные убытки по которым ожидаются в течение всего срока жизни (индивидуальная оценка) | C55: =C49+C37+C25+C19+C13 -> 0 | D55: =D49+D37+D25+D19+D13 -> 0 | E55: =E49+E37+E25+E19+E13 -> 0 | F55: =F49+F37+F25+F19+F13 -> 0 | G55: =G49+G37+G25+G19+G13 -> 0 | H55: =H49+H37+H25+H19+H13 -> 0 | I55: =I49+I37+I25+I19+I13 -> 0 | J55: =J49+J37+J25+J19+J13 -> 0 | ... N55: =N49+N37+N25+N19+N13 -> 0
A56: 40 | B56: кредитно-обесцененные финансовые активы | C56: =C50+C38+C26+C20+C14 -> 0 | D56: =D50+D38+D26+D20+D14 -> 0 | E56: =E50+E38+E26+E20+E14 -> 0 | F56: =F50+F38+F26+F20+F14 -> 0 | G56: =G50+G38+G26+G20+G14 -> 0 | H56: =H50+H38+H26+H20+H14 -> 0 | I56: =I50+I38+I26+I20+I14 -> 0 | J56: =J50+J38+J26+J20+J14 -> 0 | ... N56: =N50+N38+N26+N20+N14 -> 0
C57: =C51-'10.1'!C11 -> 0 | D57: ='10.1'!C21-D53 -> 0 | E57: =D57-'10.1'!C13 -> 0 | F57: =F53-'10.1'!C21 -> -29362111
A58: Выверка изменений полной балансовой стоимости средств в кредитных организациях и банках-нерезидентах (сравнительные данные)
N59: Таблица 10.2
A60: Номер строки | B60: Наименование показателя | C60: Долговые ценные бумаги кредитных организаций и банков-нерезидентов | D60: Депозиты в кредитных организациях и банках-нерезидентах | E60: Средства на клиринговых банковских счетах для исполнения обязательств и индивидуального клирингового обеспечения | F60: Средства на клиринговых банковских счетах коллективного клирингового обеспечения (гарантийный фонд) | G60: Средства коллективного клирингового обеспечения (гарантийный фонд), размещенные во вклады в кредитных организациях | H60: Средства индивидуального клирингового обеспечения, размещенные во вклады в кредитных организациях | I60: Средства в клиринговых организациях, предназначенные для исполнения обязательств, допущенных к клирингу, и индивидуального клирингового обеспечения | J60: Средства в клиринговых организациях, предназначенные для коллективного клирингового обеспечения (гарантийный фонд | K60: Сделки обратного репо с кредитными организациями и банками-нерезидентами | L60: Расчеты доверителей (комитентов) по брокерским операциям с ценными бумагами и другими финансовыми активами | M60: Прочие средства | N60: Итого
A61: 1 | B61: 2 | C61: 3 | D61: 4 | E61: 5 | F61: 6 | G61: 7 | H61: 8 | I61: 9 | J61: 10 | K61: 11 | L61: 12 | M61: 13 | N61: 14
A62: 1 | B62: Полная балансовая стоимость по состоянию на начало отчетного периода, | C62: =SUM(C64:C67) -> 0 | D62: 24627051 | E62: 0 | F62: 0 | G62: 0 | H62: 0 | I62: 0 | J62: 0 | K62: 0 | L62: 0 | M62: 0 | N62: 24627051
B63: в том числе:
A64: 2 | B64: финансовые активы, кредитные убытки по которым ожидаются в течение 12 месяцев | C64: =F43 -> 0 | D64: 24627051 | E64: 0 | F64: 0 | G64: 0 | H64: 0 | I64: 0 | J64: 0 | K64: 0 | L64: 0 | M64: 0 | N64: 24627051
A65: 3 | B65: финансовые активы, кредитные убытки по которым ожидаются в течение всего срока жизни (коллективная оценка) | C65: 0 | D65: 0 | E65: 0 | F65: 0 | G65: 0 | H65: 0 | I65: 0 | J65: 0 | K65: 0 | L65: 0 | M65: 0 | N65: 0
A66: 4 | B66: финансовые активы, кредитные убытки по которым ожидаются в течение всего срока жизни (индивидуальная оценка) | C66: 0 | D66: 0 | E66: 0 | F66: 0 | G66: 0 | H66: 0 | I66: 0 | J66: 0 | K66: 0 | L66: 0 | M66: 0 | N66: 0
A67: 5 | B67: кредитно-обесцененные финансовые активы | C67: 0 | D67: 0 | E67: 0 | F67: 0 | G67: 0 | H67: 0 | I67: 0 | J67: 0 | K67: 0 | L67: 0 | M67: 0 | N67: 0
A68: 6 | B68: Поступление финансовых активов, | C68: =SUM(C70:C73) -> 0 | D68: 7.9592838e+08 | E68: 0 | F68: 0 | G68: 0 | H68: 0 | I68: 0 | J68: 0 | K68: 0 | L68: 0 | M68: 0 | N68: 7.9592838e+08
B69: в том числе:
A70: 7 | B70: финансовые активы, кредитные убытки по которым ожидаются в течение 12 месяцев | C70: 0 | D70: 7.9592838e+08 | E70: 0 | F70: 0 | G70: 0 | H70: 0 | I70: 0 | J70: 0 | K70: 0 | L70: 0 | M70: 0 | N70: 7.9592838e+08
A71: 8 | B71: финансовые активы, кредитные убытки по которым ожидаются в течение всего срока жизни (коллективная оценка) | C71: 0 | D71: 0 | E71: 0 | F71: 0 | G71: 0 | H71: 0 | I71: 0 | J71: 0 | K71: 0 | L71: 0 | M71: 0 | N71: 0
A72: 9 | B72: финансовые активы, кредитные убытки по которым ожидаются в течение всего срока жизни (индивидуальная оценка) | C72: 0 | D72: 0 | E72: 0 | F72: 0 | G72: 0 | H72: 0 | I72: 0 | J72: 0 | K72: 0 | L72: 0 | M72: 0 | N72: 0
A73: 10 | B73: кредитно-обесцененные финансовые активы | C73: 0 | D73: 0 | E73: 0 | F73: 0 | G73: 0 | H73: 0 | I73: 0 | J73: 0 | K73: 0 | L73: 0 | M73: 0 | N73: 0
A74: 11 | B74: Прекращение признания финансовых активов, | C74: =SUM(C76:C79) -> 0 | D74: -7.9075148e+08 | E74: 0 | F74: 0 | G74: 0 | H74: 0 | I74: 0 | J74: 0 | K74: 0 | L74: 0 | M74: 0 | N74: -7.9075148e+08
B75: в том числе:
A76: 12 | B76: финансовые активы, кредитные убытки по которым ожидаются в течение 12 месяцев | C76: 0 | D76: -7.9075148e+08 | E76: 0 | F76: 0 | G76: 0 | H76: 0 | I76: 0 | J76: 0 | K76: 0 | L76: 0 | M76: 0 | N76: -7.9075148e+08
A77: 13 | B77: финансовые активы, кредитные убытки по которым ожидаются в течение всего срока жизни (коллективная оценка) | C77: 0 | D77: 0 | E77: 0 | F77: 0 | G77: 0 | H77: 0 | I77: 0 | J77: 0 | K77: 0 | L77: 0 | M77: 0 | N77: 0
A78: 14 | B78: финансовые активы, кредитные убытки по которым ожидаются в течение всего срока жизни (индивидуальная оценка) | C78: 0 | D78: 0 | E78: 0 | F78: 0 | G78: 0 | H78: 0 | I78: 0 | J78: 0 | K78: 0 | L78: 0 | M78: 0 | N78: 0
A79: 15 | B79: кредитно-обесцененные финансовые активы | C79: 0 | D79: 0 | E79: 0 | F79: 0 | G79: 0 | H79: 0 | I79: 0 | J79: 0 | K79: 0 | L79: 0 | M79: 0 | N79: 0
A80: 16 | B80: Списание финансовых активов, | C80: =SUM(C82:C85) -> 0 | D80: 0 | E80: 0 | F80: 0 | G80: 0 | H80: 0 | I80: 0 | J80: 0 | K80: 0 | L80: 0 | M80: 0 | N80: 0
B81: в том числе:
A82: 17 | B82: финансовые активы, кредитные убытки по которым ожидаются в течение 12 месяцев | C82: 0 | D82: 0 | E82: 0 | F82: 0 | G82: 0 | H82: 0 | I82: 0 | J82: 0 | K82: 0 | L82: 0 | M82: 0 | N82: 0
A83: 18 | B83: финансовые активы, кредитные убытки по которым ожидаются в течение всего срока жизни (коллективная оценка) | C83: 0 | D83: 0 | E83: 0 | F83: 0 | G83: 0 | H83: 0 | I83: 0 | J83: 0 | K83: 0 | L83: 0 | M83: 0 | N83: 0
A84: 19 | B84: финансовые активы, кредитные убытки по которым ожидаются в течение всего срока жизни (индивидуальная оценка) | C84: 0 | D84: 0 | E84: 0 | F84: 0 | G84: 0 | H84: 0 | I84: 0 | J84: 0 | K84: 0 | L84: 0 | M84: 0 | N84: 0
A85: 20 | B85: кредитно-обесцененные финансовые активы | C85: 0 | D85: 0 | E85: 0 | F85: 0 | G85: 0 | H85: 0 | I85: 0 | J85: 0 | K85: 0 | L85: 0 | M85: 0 | N85: 0
A86: 21 | B86: Изменения в результате модификации, которая не привела к прекращению признания финансового актива, | C86: =SUM(C88:C91) -> 0 | D86: 0 | E86: 0 | F86: 0 | G86: 0 | H86: 0 | I86: 0 | J86: 0 | K86: 0 | L86: 0 | M86: 0 | N86: 0
B87: в том числе:
A88: 22 | B88: финансовые активы, кредитные убытки по которым ожидаются в течение 12 месяцев | C88: 0 | D88: 0 | E88: 0 | F88: 0 | G88: 0 | H88: 0 | I88: 0 | J88: 0 | K88: 0 | L88: 0 | M88: 0 | N88: 0
A89: 23 | B89: финансовые активы, кредитные убытки по которым ожидаются в течение всего срока жизни (коллективная оценка) | C89: 0 | D89: 0 | E89: 0 | F89: 0 | G89: 0 | H89: 0 | I89: 0 | J89: 0 | K89: 0 | L89: 0 | M89: 0 | N89: 0
A90: 24 | B90: финансовые активы, кредитные убытки по которым ожидаются в течение всего срока жизни (индивидуальная оценка) | C90: 0 | D90: 0 | E90: 0 | F90: 0 | G90: 0 | H90: 0 | I90: 0 | J90: 0 | K90: 0 | L90: 0 | M90: 0 | N90: 0
A91: 25 | B91: кредитно-обесцененные финансовые активы | C91: 0 | D91: 0 | E91: 0 | F91: 0 | G91: 0 | H91: 0 | I91: 0 | J91: 0 | K91: 0 | L91: 0 | M91: 0 | N91: 0
A92: 26 | B92: Изменение порядка определения оценочного убытка от обесценения, | C92: =SUM(C94:C97) -> 0 | D92: 0 | E92: 0 | F92: 0 | G92: 0 | H92: 0 | I92: 0 | J92: 0 | K92: 0 | L92: 0 | M92: 0 | N92: 0
B93: в том числе:
A94: 27 | B94: финансовые активы, кредитные убытки по которым ожидаются в течение 12 месяцев | C94: 0 | D94: 0 | E94: 0 | F94: 0 | G94: 0 | H94: 0 | I94: 0 | J94: 0 | K94: 0 | L94: 0 | M94: 0 | N94: 0
A95: 28 | B95: финансовые активы, кредитные убытки по которым ожидаются в течение всего срока жизни (коллективная оценка) | C95: 0 | D95: 0 | E95: 0 | F95: 0 | G95: 0 | H95: 0 | I95: 0 | J95: 0 | K95: 0 | L95: 0 | M95: 0 | N95: 0
A96: 29 | B96: финансовые активы, кредитные убытки по которым ожидаются в течение всего срока жизни (индивидуальная оценка) | C96: 0 | D96: 0 | E96: 0 | F96: 0 | G96: 0 | H96: 0 | I96: 0 | J96: 0 | K96: 0 | L96: 0 | M96: 0 | N96: 0
A97: 30 | B97: кредитно-обесцененные финансовые активы | C97: 0 | D97: 0 | E97: 0 | F97: 0 | G97: 0 | H97: 0 | I97: 0 | J97: 0 | K97: 0 | L97: 0 | M97: 0 | N97: 0
A98: 31 | B98: Прочие изменения, | C98: =SUM(C100:C103) -> 0 | D98: 0 | E98: 0 | F98: 0 | G98: 0 | H98: 0 | I98: 0 | J98: 0 | K98: 0 | L98: 0 | M98: 0 | N98: 0
B99: в том числе:
A100: 32 | B100: финансовые активы, кредитные убытки по которым ожидаются в течение 12 месяцев | C100: 0 | D100: 0 | E100: 0 | F100: 0 | G100: 0 | H100: 0 | I100: 0 | J100: 0 | K100: 0 | L100: 0 | M100: 0 | N100: 0
...

Sheet 10.3
A1: ПРИМЕЧАНИЯ К БУХГАЛТЕРСКОЙ (ФИНАНСОВОЙ) ОТЧЁТНОСТИ
A2: ООО Управляющая компания «Регион Финанс»
A3: ='5.1'!A3:H3 -> по состоянию на 30.06.2025
A4: Примечание 10. Средства в кредитных организациях и банках-нерезидентах.
A5: Выверка изменений оценочного резерва под ожидаемые кредитные убытки по средствам в кредитных организациях и банках-нерезидентах
N6: Таблица 10.3
A7: Номер строки | B7: Наименование показателя | C7: Долговые ценные бумаги кредитных организаций и банков-нерезидентов | D7: Депозиты в кредитных организациях и банках-нерезидентах | E7: Средства на клиринговых банковских счетах для исполнения обязательств и индивидуального клирингового обеспечения | F7: Средства на клиринговых банковских счетах коллективного клирингового обеспечения (гарантийный фонд) | G7: Средства коллективного клирингового обеспечения (гарантийный фонд), размещенные во вклады в кредитных организациях | H7: Средства индивидуального клирингового обеспечения, размещенные во вклады в кредитных организациях | I7: Средства в клиринговых организациях, предназначенные для исполнения обязательств, допущенных к клирингу, и индивидуального клирингового обеспечения | J7: Средства в клиринговых организациях, предназначенные для коллективного клирингового обеспечения (гарантийный фонд | K7: Сделки обратного репо с кредитными организациями и банками-нерезидентами | L7: Расчеты доверителей (комитентов) по брокерским операциям с ценными бумагами и другими финансовыми активами | M7: Прочие средства | N7: Итого
A8: 1 | B8: 2 | C8: 3 | D8: 4 | E8: 5 | F8: 6 | G8: 7 | H8: 8 | I8: 9 | J8: 10 | K8: 11 | L8: 12 | M8: 13 | N8: 14
A9: 1 | B9: Резерв под обесценение по состоянию на начало отчетного периода, | C9: 0 | D9: 298040 | E9: 0 | F9: 0 | G9: 0 | H9: 0 | I9: 0 | J9: 0 | K9: 0 | L9: 0 | M9: 0 | N9: 298040
B10: в том числе:
A11: 2 | B11: финансовые активы, кредитные убытки по которым ожидаются в течение 12 месяцев | C11: 0 | D11: 298040 | E11: 0 | F11: 0 | G11: 0 | H11: 0 | I11: 0 | J11: 0 | K11: 0 | L11: 0 | M11: 0 | N11: 298040
A12: 3 | B12: финансовые активы, кредитные убытки по которым ожидаются в течение всего срока жизни (коллективная оценка) | C12: 0 | D12: 0 | E12: 0 | F12: 0 | G12: 0 | H12: 0 | I12: 0 | J12: 0 | K12: 0 | L12: 0 | M12: 0 | N12: 0
A13: 4 | B13: финансовые активы, кредитные убытки по которым ожидаются в течение всего срока жизни (индивидуальная оценка) | C13: 0 | D13: 0 | E13: 0 | F13: 0 | G13: 0 | H13: 0 | I13: 0 | J13: 0 | K13: 0 | L13: 0 | M13: 0 | N13: 0
A14: 5 | B14: кредитно-обесцененные финансовые активы | C14: 0 | D14: 0 | E14: 0 | F14: 0 | G14: 0 | H14: 0 | I14: 0 | J14: 0 | K14: 0 | L14: 0 | M14: 0 | N14: 0
A15: 6 | B15: Поступление финансовых активов, | C15: 0 | D15: 0 | E15: 0 | F15: 0 | G15: 0 | H15: 0 | I15: 0 | J15: 0 | K15: 0 | L15: 0 | M15: 0 | N15: 0
B16: в том числе:
A17: 7 | B17: финансовые активы, кредитные убытки по которым ожидаются в течение 12 месяцев | C17: 0 | D17: 0 | E17: 0 | F17: 0 | G17: 0 | H17: 0 | I17: 0 | J17: 0 | K17: 0 | L17: 0 | M17: 0 | N17: 0
A18: 8 | B18: финансовые активы, кредитные убытки по которым ожидаются в течение всего срока жизни (коллективная оценка) | C18: 0 | D18: 0 | E18: 0 | F18: 0 | G18: 0 | H18: 0 | I18: 0 | J18: 0 | K18: 0 | L18: 0 | M18: 0 | N18: 0
A19: 9 | B19: финансовые активы, кредитные убытки по которым ожидаются в течение всего срока жизни (индивидуальная оценка) | C19: 0 | D19: 0 | E19: 0 | F19: 0 | G19: 0 | H19: 0 | I19: 0 | J19: 0 | K19: 0 | L19: 0 | M19: 0 | N19: 0
A20: 10 | B20: кредитно-обесцененные финансовые активы | C20: 0 | D20: 0 | E20: 0 | F20: 0 | G20: 0 | H20: 0 | I20: 0 | J20: 0 | K20: 0 | L20: 0 | M20: 0 | N20: 0
A21: 11 | B21: Прекращение признания финансовых активов, | C21: 0 | D21: -4419 | E21: 0 | F21: 0 | G21: 0 | H21: 0 | I21: 0 | J21: 0 | K21: 0 | L21: 0 | M21: 0 | N21: -4419
B22: в том числе:
A23: 12 | B23: финансовые активы, кредитные убытки по которым ожидаются в течение 12 месяцев | C23: 0 | D23: -4419 | E23: 0 | F23: 0 | G23: 0 | H23: 0 | I23: 0 | J23: 0 | K23: 0 | L23: 0 | M23: 0 | N23: -4419
A24: 13 | B24: финансовые активы, кредитные убытки по которым ожидаются в течение всего срока жизни (коллективная оценка) | C24: 0 | D24: 0 | E24: 0 | F24: 0 | G24: 0 | H24: 0 | I24: 0 | J24: 0 | K24: 0 | L24: 0 | M24: 0 | N24: 0
A25: 14 | B25: финансовые активы, кредитные убытки по которым ожидаются в течение всего срока жизни (индивидуальная оценка) | C25: 0 | D25: 0 | E25: 0 | F25: 0 | G25: 0 | H25: 0 | I25: 0 | J25: 0 | K25: 0 | L25: 0 | M25: 0 | N25: 0
A26: 15 | B26: кредитно-обесцененные финансовые активы | C26: 0 | D26: 0 | E26: 0 | F26: 0 | G26: 0 | H26: 0 | I26: 0 | J26: 0 | K26: 0 | L26: 0 | M26: 0 | N26: 0
A27: 16 | B27: Списание финансовых активов, | C27: 0 | D27: 0 | E27: 0 | F27: 0 | G27: 0 | H27: 0 | I27: 0 | J27: 0 | K27: 0 | L27: 0 | M27: 0 | N27: 0
B28: в том числе:
A29: 17 | B29: финансовые активы, кредитные убытки по которым ожидаются в течение 12 месяцев | C29: 0 | D29: 0 | E29: 0 | F29: 0 | G29: 0 | H29: 0 | I29: 0 | J29: 0 | K29: 0 | L29: 0 | M29: 0 | N29: 0
A30: 18 | B30: финансовые активы, кредитные убытки по которым ожидаются в течение всего срока жизни (коллективная оценка) | C30: 0 | D30: 0 | E30: 0 | F30: 0 | G30: 0 | H30: 0 | I30: 0 | J30: 0 | K30: 0 | L30: 0 | M30: 0 | N30: 0
A31: 19 | B31: финансовые активы, кредитные убытки по которым ожидаются в течение всего срока жизни (индивидуальная оценка) | C31: 0 | D31: 0 | E31: 0 | F31: 0 | G31: 0 | H31: 0 | I31: 0 | J31: 0 | K31: 0 | L31: 0 | M31: 0 | N31: 0
A32: 20 | B32: кредитно-обесцененные финансовые активы | C32: 0 | D32: 0 | E32: 0 | F32: 0 | G32: 0 | H32: 0 | I32: 0 | J32: 0 | K32: 0 | L32: 0 | M32: 0 | N32: 0
A33: 21 | B33: Изменения в результате модификации, которая не привела к прекращению признания финансового актива, | C33: 0 | D33: 0 | E33: 0 | F33: 0 | G33: 0 | H33: 0 | I33: 0 | J33: 0 | K33: 0 | L33: 0 | M33: 0 | N33: 0
B34: в том числе:
A35: 22 | B35: финансовые активы, кредитные убытки по которым ожидаются в течение 12 месяцев | C35: 0 | D35: 0 | E35: 0 | F35: 0 | G35: 0 | H35: 0 | I35: 0 | J35: 0 | K35: 0 | L35: 0 | M35: 0 | N35: 0
A36: 23 | B36: финансовые активы, кредитные убытки по которым ожидаются в течение всего срока жизни (коллективная оценка) | C36: 0 | D36: 0 | E36: 0 | F36: 0 | G36: 0 | H36: 0 | I36: 0 | J36: 0 | K36: 0 | L36: 0 | M36: 0 | N36: 0
A37: 24 | B37: финансовые активы, кредитные убытки по которым ожидаются в течение всего срока жизни (индивидуальная оценка) | C37: 0 | D37: 0 | E37: 0 | F37: 0 | G37: 0 | H37: 0 | I37: 0 | J37: 0 | K37: 0 | L37: 0 | M37: 0 | N37: 0
A38: 25 | B38: кредитно-обесцененные финансовые активы | C38: 0 | D38: 0 | E38: 0 | F38: 0 | G38: 0 | H38: 0 | I38: 0 | J38: 0 | K38: 0 | L38: 0 | M38: 0 | N38: 0
A39: 26 | B39: Изменение порядка определения оценочного убытка от обесценения, | C39: 0 | D39: 0 | E39: 0 | F39: 0 | G39: 0 | H39: 0 | I39: 0 | J39: 0 | K39: 0 | L39: 0 | M39: 0 | N39: 0
B40: в том числе:
A41: 27 | B41: финансовые активы, кредитные убытки по которым ожидаются в течение 12 месяцев | C41: 0 | D41: 0 | E41: 0 | F41: 0 | G41: 0 | H41: 0 | I41: 0 | J41: 0 | K41: 0 | L41: 0 | M41: 0 | N41: 0
A42: 28 | B42: финансовые активы, кредитные убытки по которым ожидаются в течение всего срока жизни (коллективная оценка) | C42: 0 | D42: 0 | E42: 0 | F42: 0 | G42: 0 | H42: 0 | I42: 0 | J42: 0 | K42: 0 | L42: 0 | M42: 0 | N42: 0
A43: 29 | B43: финансовые активы, кредитные убытки по которым ожидаются в течение всего срока жизни (индивидуальная оценка) | C43: 0 | D43: 0 | E43: 0 | F43: 0 | G43: 0 | H43: 0 | I43: 0 | J43: 0 | K43: 0 | L43: 0 | M43: 0 | N43: 0
A44: 30 | B44: кредитно-обесцененные финансовые активы | C44: 0 | D44: 0 | E44: 0 | F44: 0 | G44: 0 | H44: 0 | I44: 0 | J44: 0 | K44: 0 | L44: 0 | M44: 0 | N44: 0
A45: 31 | B45: Прочие изменения, | C45: 0 | D45: 0 | E45: 0 | F45: 0 | G45: 0 | H45: 0 | I45: 0 | J45: 0 | K45: 0 | L45: 0 | M45: 0 | N45: 0
B46: в том числе:
A47: 32 | B47: финансовые активы, кредитные убытки по которым ожидаются в течение 12 месяцев | C47: 0 | D47: 0 | E47: 0 | F47: 0 | G47: 0 | H47: 0 | I47: 0 | J47: 0 | K47: 0 | L47: 0 | M47: 0 | N47: 0
A48: 33 | B48: финансовые активы, кредитные убытки по которым ожидаются в течение всего срока жизни (коллективная оценка) | C48: 0 | D48: 0 | E48: 0 | F48: 0 | G48: 0 | H48: 0 | I48: 0 | J48: 0 | K48: 0 | L48: 0 | M48: 0 | N48: 0
A49: 34 | B49: финансовые активы, кредитные убытки по которым ожидаются в течение всего срока жизни (индивидуальная оценка) | C49: 0 | D49: 0 | E49: 0 | F49: 0 | G49: 0 | H49: 0 | I49: 0 | J49: 0 | K49: 0 | L49: 0 | M49: 0 | N49: 0
A50: 35 | B50: кредитно-обесцененные финансовые активы | C50: 0 | D50: 0 | E50: 0 | F50: 0 | G50: 0 | H50: 0 | I50: 0 | J50: 0 | K50: 0 | L50: 0 | M50: 0 | N50: 0
A51: 36 | B51: Резерв под обесценение по состоянию на конец отчетного периода, | C51: 0 | D51: 293621 | E51: 0 | F51: 0 | G51: 0 | H51: 0 | I51: 0 | J51: 0 | K51: 0 | L51: 0 | M51: 0 | N51: 293621
B52: в том числе:
A53: 37 | B53: финансовые активы, кредитные убытки по которым ожидаются в течение 12 месяцев | C53: 0 | D53: 293621 | E53: 0 | F53: 0 | G53: 0 | H53: 0 | I53: 0 | J53: 0 | K53: 0 | L53: 0 | M53: 0 | N53: 293621
A54: 38 | B54: финансовые активы, кредитные убытки по которым ожидаются в течение всего срока жизни (коллективная оценка) | C54: =C48+C36+C24+C18+C12 -> 0 | D54: =D48+D36+D24+D18+D12 -> 0 | E54: =E48+E36+E24+E18+E12 -> 0 | F54: =F48+F36+F24+F18+F12 -> 0 | G54: =G48+G36+G24+G18+G12 -> 0 | H54: =H48+H36+H24+H18+H12 -> 0 | I54: =I48+I36+I24+I18+I12 -> 0 | J54: =J48+J36+J24+J18+J12 -> 0 | ... N54: =N48+N36+N24+N18+N12 -> 0
A55: 39 | B55: финансовые активы, кредитные убытки по которым ожидаются в течение всего срока жизни (индивидуальная оценка) | C55: =C49+C37+C25+C19+C13 -> 0 | D55: =D49+D37+D25+D19+D13 -> 0 | E55: =E49+E37+E25+E19+E13 -> 0 | F55: =F49+F37+F25+F19+F13 -> 0 | G55: =G49+G37+G25+G19+G13 -> 0 | H55: =H49+H37+H25+H19+H13 -> 0 | I55: =I49+I37+I25+I19+I13 -> 0 | J55: =J49+J37+J25+J19+J13 -> 0 | ... N55: =N49+N37+N25+N19+N13 -> 0
A56: 40 | B56: кредитно-обесцененные финансовые активы | C56: =C50+C38+C26+C20+C14 -> 0 | D56: =D50+D38+D26+D20+D14 -> 0 | E56: =E50+E38+E26+E20+E14 -> 0 | F56: =F50+F38+F26+F20+F14 -> 0 | G56: =G50+G38+G26+G20+G14 -> 0 | H56: =H50+H38+H26+H20+H14 -> 0 | I56: =I50+I38+I26+I20+I14 -> 0 | J56: =J50+J38+J26+J20+J14 -> 0 | ... N56: =N50+N38+N26+N20+N14 -> 0
C57: =C51-'10.1'!D11 -> 0 | E57: =E56-'10.1'!D13 -> 0 | F57: =F51-'10.1'!D21 -> -293621
A58: Выверка изменений оценочного резерва под ожидаемые кредитные убытки по средствам в кредитных организациях и банках-нерезидентах (сравнительные данные)
N59: Таблица 10.3
A60: Номер строки | B60: Наименование показателя | C60: Долговые ценные бумаги кредитных организаций и банков-нерезидентов | D60: Депозиты в кредитных организациях и банках-нерезидентах | E60: Средства на клиринговых банковских счетах для исполнения обязательств и индивидуального клирингового обеспечения | F60: Средства на клиринговых банковских счетах коллективного клирингового обеспечения (гарантийный фонд) | G60: Средства коллективного клирингового обеспечения (гарантийный фонд), размещенные во вклады в кредитных организациях | H60: Средства индивидуального клирингового обеспечения, размещенные во вклады в кредитных организациях | I60: Средства в клиринговых организациях, предназначенные для исполнения обязательств, допущенных к клирингу, и индивидуального клирингового обеспечения | J60: Средства в клиринговых организациях, предназначенные для коллективного клирингового обеспечения (гарантийный фонд | K60: Сделки обратного репо с кредитными организациями и банками-нерезидентами | L60: Расчеты доверителей (комитентов) по брокерским операциям с ценными бумагами и другими финансовыми активами | M60: Прочие средства | N60: Итого
A61: 1 | B61: 2 | C61: 3 | D61: 4 | E61: 5 | F61: 6 | G61: 7 | H61: 8 | I61: 9 | J61: 10 | K61: 11 | L61: 12 | M61: 13 | N61: 14
A62: 1 | B62: Резерв под обесценение по состоянию на начало отчетного периода, | C62: 0 | D62: 246271 | E62: 0 | F62: 0 | G62: 0 | H62: 0 | I62: 0 | J62: 0 | K62: 0 | L62: 0 | M62: 0 | N62: 246271
B63: в том числе:
A64: 2 | B64: финансовые активы, кредитные убытки по которым ожидаются в течение 12 месяцев | C64: 0 | D64: 246271 | E64: 0 | F64: 0 | G64: 0 | H64: 0 | I64: 0 | J64: 0 | K64: 0 | L64: 0 | M64: 0 | N64: 246271
A65: 3 | B65: финансовые активы, кредитные убытки по которым ожидаются в течение всего срока жизни (коллективная оценка) | C65: 0 | D65: 0 | E65: 0 | F65: 0 | G65: 0 | H65: 0 | I65: 0 | J65: 0 | K65: 0 | L65: 0 | M65: 0 | N65: 0
A66: 4 | B66: финансовые активы, кредитные убытки по которым ожидаются в течение всего срока жизни (индивидуальная оценка) | C66: 0 | D66: 0 | E66: 0 | F66: 0 | G66: 0 | H66: 0 | I66: 0 | J66: 0 | K66: 0 | L66: 0 | M66: 0 | N66: 0
A67: 5 | B67: кредитно-обесцененные финансовые активы | C67: 0 | D67: 0 | E67: 0 | F67: 0 | G67: 0 | H67: 0 | I67: 0 | J67: 0 | K67: 0 | L67: 0 | M67: 0 | N67: 0
A68: 6 | B68: Поступление финансовых активов, | C68: 0 | D68: 304789 | E68: 0 | F68: 0 | G68: 0 | H68: 0 | I68: 0 | J68: 0 | K68: 0 | L68: 0 | M68: 0 | N68: 304789
B69: в том числе:
A70: 7 | B70: финансовые активы, кредитные убытки по которым ожидаются в течение 12 месяцев | C70: 0 | D70: 304789 | E70: 0 | F70: 0 | G70: 0 | H70: 0 | I70: 0 | J70: 0 | K70: 0 | L70: 0 | M70: 0 | N70: 304789
A71: 8 | B71: финансовые активы, кредитные убытки по которым ожидаются в течение всего срока жизни (коллективная оценка) | C71: 0 | D71: 0 | E71: 0 | F71: 0 | G71: 0 | H71: 0 | I71: 0 | J71: 0 | K71: 0 | L71: 0 | M71: 0 | N71: 0
A72: 9 | B72: финансовые активы, кредитные убытки по которым ожидаются в течение всего срока жизни (индивидуальная оценка) | C72: 0 | D72: 0 | E72: 0 | F72: 0 | G72: 0 | H72: 0 | I72: 0 | J72: 0 | K72: 0 | L72: 0 | M72: 0 | N72: 0
A73: 10 | B73: кредитно-обесцененные финансовые активы | C73: 0 | D73: 0 | E73: 0 | F73: 0 | G73: 0 | H73: 0 | I73: 0 | J73: 0 | K73: 0 | L73: 0 | M73: 0 | N73: 0
A74: 11 | B74: Прекращение признания финансовых активов, | C74: 0 | D74: -253020 | E74: 0 | F74: 0 | G74: 0 | H74: 0 | I74: 0 | J74: 0 | K74: 0 | L74: 0 | M74: 0 | N74: -253020
B75: в том числе:
A76: 12 | B76: финансовые активы, кредитные убытки по которым ожидаются в течение 12 месяцев | C76: 0 | D76: -253020 | E76: 0 | F76: 0 | G76: 0 | H76: 0 | I76: 0 | J76: 0 | K76: 0 | L76: 0 | M76: 0 | N76: -253020
A77: 13 | B77: финансовые активы, кредитные убытки по которым ожидаются в течение всего срока жизни (коллективная оценка) | C77: 0 | D77: 0 | E77: 0 | F77: 0 | G77: 0 | H77: 0 | I77: 0 | J77: 0 | K77: 0 | L77: 0 | M77: 0 | N77: 0
A78: 14 | B78: финансовые активы, кредитные убытки по которым ожидаются в течение всего срока жизни (индивидуальная оценка) | C78: 0 | D78: 0 | E78: 0 | F78: 0 | G78: 0 | H78: 0 | I78: 0 | J78: 0 | K78: 0 | L78: 0 | M78: 0 | N78: 0
A79: 15 | B79: кредитно-обесцененные финансовые активы | C79: 0 | D79: 0 | E79: 0 | F79: 0 | G79: 0 | H79: 0 | I79: 0 | J79: 0 | K79: 0 | L79: 0 | M79: 0 | N79: 0
A80: 16 | B80: Списание финансовых активов, | C80: 0 | D80: 0 | E80: 0 | F80: 0 | G80: 0 | H80: 0 | I80: 0 | J80: 0 | K80: 0 | L80: 0 | M80: 0 | N80: 0
B81: в том числе:
A82: 17 | B82: финансовые активы, кредитные убытки по которым ожидаются в течение 12 месяцев | C82: 0 | D82: 0 | E82: 0 | F82: 0 | G82: 0 | H82: 0 | I82: 0 | J82: 0 | K82: 0 | L82: 0 | M82: 0 | N82: 0
A83: 18 | B83: финансовые активы, кредитные убытки по которым ожидаются в течение всего срока жизни (коллективная оценка) | C83: 0 | D83: 0 | E83: 0 | F83: 0 | G83: 0 | H83: 0 | I83: 0 | J83: 0 | K83: 0 | L83: 0 | M83: 0 | N83: 0
A84: 19 | B84: финансовые активы, кредитные убытки по которым ожидаются в течение всего срока жизни (индивидуальная оценка) | C84: 0 | D84: 0 | E84: 0 | F84: 0 | G84: 0 | H84: 0 | I84: 0 | J84: 0 | K84: 0 | L84: 0 | M84: 0 | N84: 0
A85: 20 | B85: кредитно-обесцененные финансовые активы | C85: 0 | D85: 0 | E85: 0 | F85: 0 | G85: 0 | H85: 0 | I85: 0 | J85: 0 | K85: 0 | L85: 0 | M85: 0 | N85: 0
A86: 21 | B86: Изменения в результате модификации, которая не привела к прекращению признания финансового актива, | C86: 0 | D86: 0 | E86: 0 | F86: 0 | G86: 0 | H86: 0 | I86: 0 | J86: 0 | K86: 0 | L86: 0 | M86: 0 | N86: 0
B87: в том числе:
A88: 22 | B88: финансовые активы, кредитные убытки по которым ожидаются в течение 12 месяцев | C88: 0 | D88: 0 | E88: 0 | F88: 0 | G88: 0 | H88: 0 | I88: 0 | J88: 0 | K88: 0 | L88: 0 | M88: 0 | N88: 0
A89: 23 | B89: финансовые активы, кредитные убытки по которым ожидаются в течение всего срока жизни (коллективная оценка) | C89: 0 | D89: 0 | E89: 0 | F89: 0 | G89: 0 | H89: 0 | I89: 0 | J89: 0 | K89: 0 | L89: 0 | M89: 0 | N89: 0
A90: 24 | B90: финансовые активы, кредитные убытки по которым ожидаются в течение всего срока жизни (индивидуальная оценка) | C90: 0 | D90: 0 | E90: 0 | F90: 0 | G90: 0 | H90: 0 | I90: 0 | J90: 0 | K90: 0 | L90: 0 | M90: 0 | N90: 0
A91: 25 | B91: кредитно-обесцененные финансовые активы | C91: 0 | D91: 0 | E91: 0 | F91: 0 | G91: 0 | H91: 0 | I91: 0 | J91: 0 | K91: 0 | L91: 0 | M91: 0 | N91: 0
A92: 26 | B92: Изменение порядка определения оценочного убытка от обесценения, | C92: 0 | D92: 0 | E92: 0 | F92: 0 | G92: 0 | H92: 0 | I92: 0 | J92: 0 | K92: 0 | L92: 0 | M92: 0 | N92: 0
B93: в том числе:
A94: 27 | B94: финансовые активы, кредитные убытки по которым ожидаются в течение 12 месяцев | C94: 0 | D94: 0 | E94: 0 | F94: 0 | G94: 0 | H94: 0 | I94: 0 | J94: 0 | K94: 0 | L94: 0 | M94: 0 | N94: 0
A95: 28 | B95: финансовые активы, кредитные убытки по которым ожидаются в течение всего срока жизни (коллективная оценка) | C95: 0 | D95: 0 | E95: 0 | F95: 0 | G95: 0 | H95: 0 | I95: 0 | J95: 0 | K95: 0 | L95: 0 | M95: 0 | N95: 0
A96: 29 | B96: финансовые активы, кредитные убытки по которым ожидаются в течение всего срока жизни (индивидуальная оценка) | C96: 0 | D96: 0 | E96: 0 | F96: 0 | G96: 0 | H96: 0 | I96: 0 | J96: 0 | K96: 0 | L96: 0 | M96: 0 | N96: 0
A97: 30 | B97: кредитно-обесцененные финансовые активы | C97: 0 | D97: 0 | E97: 0 | F97: 0 | G97: 0 | H97: 0 | I97: 0 | J97: 0 | K97: 0 | L97: 0 | M97: 0 | N97: 0
A98: 31 | B98: Прочие изменения, | C98: 0 | D98: 0 | E98: 0 | F98: 0 | G98: 0 | H98: 0 | I98: 0 | J98: 0 | K98: 0 | L98: 0 | M98: 0 | N98: 0
B99: в том числе:
A100: 32 | B100: финансовые активы, кредитные убытки по которым ожидаются в течение 12 месяцев | C100: 0 | D100: 0 | E100: 0 | F100: 0 | G100: 0 | H100: 0 | I100: 0 | J100: 0 | K100: 0 | L100: 0 | M100: 0 | N100: 0
...

Sheet 10.4
A1: ПРИМЕЧАНИЯ К БУХГАЛТЕРСКОЙ (ФИНАНСОВОЙ) ОТЧЁТНОСТИ
A2: ООО Управляющая компания «Регион Финанс»
A3: ='5.1'!A3:H3 -> по состоянию на 30.06.2025
A4: Примечание 10. Средства в кредитных организациях и банках-нерезидентах.
A5: Информация по номинальным процентным ставкам и ожидаемым срокам погашения по средствам в кредитных организациях и банках-нерезидентах
F6: Таблица 10.4
A7: Номер строки | B7: Наименование показателя | C7: ='5.1'!C6:E6 -> 30 июня 2025 г. | E7: ='5.1'!F6 -> 31 декабря 2024 г.
C8: Диапазон контрактных процентных ставок | D8: Временной интервал сроков погашения | E8: Диапазон контрактных процентных ставок | F8: Временной интервал сроков погашения
A9: 1 | B9: 2 | C9: 3 | D9: 4 | E9: 6 | F9: 7
A10: 1 | B10: Долговые ценные бумаги кредитных организаций и банков-нерезидентов, оцениваемые по амортизированной стоимости | C10: 0 | D10: 0 | E10: 0 | F10: 0
A11: 2 | B11: Депозиты в кредитных организациях и банках-нерезидентах, оцениваемые по амортизированной стоимости, в том числе: | C11: 17,75 % - 20,31 % (RUB) | D11: до 32 дня | E11: 13,47 % - 20,25 % (RUB) | F11: до 51 дня
A12: 3 | B12: Средства на клиринговых банковских счетах для исполнения обязательств и индивидуального клирингового обеспечения | C12: 0 | D12: 0 | E12: 0 | F12: 0
A13: 4 | B13: Средства на клиринговых банковских счетах коллективного клирингового обеспечения (гарантийный фонд) | C13: 0 | D13: 0 | E13: 0 | F13: 0
A14: 5 | B14: Средства коллективного клирингового обеспечения (гарантийный фонд), размещенные во вклады в кредитных организациях | C14: 0 | D14: 0 | E14: 0 | F14: 0
A15: 6 | B15: Средства индивидуального клирингового обеспечения, размещенные во вклады в кредитных организациях | C15: 0 | D15: 0 | E15: 0 | F15: 0
A16: 7 | B16: Средства в клиринговых организациях, предназначенные для исполнения обязательств, допущенных к клирингу, и индивидуального клирингового обеспечения | C16: 0 | D16: 0 | E16: 0 | F16: 0
A17: 8 | B17: Средства в клиринговых организациях, предназначенные для коллективного клирингового обеспечения (гарантийный фонд) | C17: 0 | D17: 0 | E17: 0 | F17: 0
A18: 9 | B18: Сделки обратного репо с кредитными организациями и банками-нерезидентами | C18: 0 | D18: 0 | E18: 0 | F18: 0
A19: 10 | B19: Расчеты доверителей (комитентов) по брокерским операциям с ценными бумагами и другими финансовыми активами | C19: 0 | D19: 0 | E19: 0 | F19: 0

Sheet 12.1
A1: ПРИМЕЧАНИЯ К БУХГАЛТЕРСКОЙ (ФИНАНСОВОЙ) ОТЧЁТНОСТИ
A2: ООО Управляющая компания «Регион Финанс»
A3: ='5.1'!A3:H3 -> по состоянию на 30.06.2025
A4: Примечание 12. Финансовые активы, оцениваемые по амортизированной стоимости: дебиторская задолженность
A5: Дебиторская задолженность
H6: Таблица 12.1
A7: Номер строки | B7: Наименование показателя | C7: ='5.1'!C6:E6 -> 30 июня 2025 г. | F7: ='5.1'!F6 -> 31 декабря 2024 г.
C8: Полная балансовая стоимость | D8: Резерв под обесценение | E8: Балансовая стоимость | F8: Полная балансовая стоимость | G8: Резерв под обесценение | H8: Балансовая стоимость
A9: 1 | B9: 2 | C9: 3 | D9: 4 | E9: 5 | F9: 6 | G9: 7 | H9: 8
A10: 1 | B10: Расчеты по начисленным доходам по акциям, долям, паям | C10: 0 | D10: 0 | E10: =C10-D10 -> 0 | F10: 0 | G10: 0 | H10: =F10-G10 -> 0
A11: 2 | B11: Дебиторская задолженность клиентов | C11: 6935467.8 | D11: 4605011 | E11: 2330456.8 | F11: 6907494.1 | G11: 3136862 | H11: 3770632.1
A12: 3 | B12: Расчеты с валютными и фондовыми биржами | C12: 0 | D12: 0 | E12: 0 | F12: 0 | G12: 0 | H12: 0
A13: 4 | B13: Расчеты по конверсионным операциям, производным финансовым инструментам, операциям с ценными бумагами | C13: 0 | D13: 0 | E13: 0 | F13: 0 | G13: 0 | H13: 0
A14: 5 | B14: Расчеты по финансовой аренде | C14: 0 | D14: 0 | E14: 0 | F14: 0 | G14: 0 | H14: 0
A15: 6 | B15: Прочая дебиторская задолженность | C15: 0 | D15: 0 | E15: 0 | F15: 0 | G15: 0 | H15: 0
A16: 7 | B16: Итого | C16: 6935467.8 | D16: 4605011 | E16: 2330456.8 | F16: 6907494.1 | G16: 3136862 | H16: 3770632.1
A18: 4. В случае если статья "Дебиторская задолженность" бухгалтерского баланса существенна и составляет более пяти процентов от величины активов некредитной финансовой организации, необходимо раскрыть информацию о концентрации кредитного риска в отношении данной статьи и включить в примечание информацию о крупнейших дебиторах, сумме задолженности, приходящейся на их долю, с разбивкой на каждого конкретного дебитора. Крупнейшими дебиторами являются дебиторы, сумма задолженности которых превышает пять процентов от общей суммы статьи "Дебиторская задолженность" бухгалтерского баланса.

Sheet 12.2
A1: ПРИМЕЧАНИЯ К БУХГАЛТЕРСКОЙ (ФИНАНСОВОЙ) ОТЧЁТНОСТИ
A2: ООО Управляющая компания «Регион Финанс»
A3: ='5.1'!A3:H3 -> по состоянию на 30.06.2025
A4: Примечание 12. Финансовые активы, оцениваемые
A5: по амортизированной стоимости: дебиторская задолженность.
A6: Выверка изменений полной балансовой стоимости дебиторской задолженности
H7: Таблица 12.2
A8: Номер строки | B8: Наименование показателя | C8: Дебиторская задолженность клиентов | D8: Расчеты с валютными и фондовыми биржами | E8: Расчеты по конверсионным операциям, производным финансовым инструментам, операциям с ценными бумагами | F8: Расчеты по финансовой аренде | G8: Прочая дебиторская задолженность | H8: Итого
A9: 1 | B9: 2 | C9: 3 | D9: 4 | E9: 5 | F9: 6 | G9: 7 | H9: 8
A10: 1 | B10: Полная балансовая стоимость по состоянию на начало отчетного периода, | C10: =SUM(C12:C15) -> 6907494.1 | D10: =SUM(D12:D15) -> 0 | E10: =SUM(E12:E15) -> 0 | F10: =SUM(F12:F15) -> 0 | G10: =SUM(G12:G15) -> 0 | H10: =SUM(H12:H15) -> 6907494.1
B11: в том числе:
A12: 2 | B12: финансовые активы, кредитные убытки по которым ожидаются в течение 12 месяцев | C12: ='12.1'!F11 -> 6907494.1 | D12: 0 | E12: 0 | F12: 0 | G12: 0 | H12: =SUM(C12:G12) -> 6907494.1
A13: 3 | B13: финансовые активы, кредитные убытки по которым ожидаются в течение всего срока жизни (коллективная оценка) | C13: 0 | D13: 0 | E13: 0 | F13: 0 | G13: 0 | H13: =SUM(C13:G13) -> 0
A14: 4 | B14: финансовые активы, кредитные убытки по которым ожидаются в течение всего срока жизни (индивидуальная оценка) | C14: 0 | D14: 0 | E14: 0 | F14: 0 | G14: 0 | H14: =SUM(C14:G14) -> 0
A15: 5 | B15: кредитно-обесцененные финансовые активы | C15: 0 | D15: 0 | E15: 0 | F15: 0 | G15: 0 | H15: =SUM(C15:G15) -> 0
A16: 6 | B16: Поступление финансовых активов, | C16: =SUM(C18:C21) -> 4404178 | D16: =SUM(D18:D21) -> 0 | E16: =SUM(E18:E21) -> 0 | F16: =SUM(F18:F21) -> 0 | G16: =SUM(G18:G21) -> 0 | H16: =SUM(H18:H21) -> 4404178
B17: в том числе:
A18: 7 | B18: финансовые активы, кредитные убытки по которым ожидаются в течение 12 месяцев | C18: 4404178 | D18: 0 | E18: 0 | F18: 0 | G18: 0 | H18: =SUM(C18:G18) -> 4404178
A19: 8 | B19: финансовые активы, кредитные убытки по которым ожидаются в течение всего срока жизни (коллективная оценка) | C19: 0 | D19: 0 | E19: 0 | F19: 0 | G19: 0 | H19: =SUM(C19:G19) -> 0
A20: 9 | B20: финансовые активы, кредитные убытки по которым ожидаются в течение всего срока жизни (индивидуальная оценка) | C20: 0 | D20: 0 | E20: 0 | F20: 0 | G20: 0 | H20: =SUM(C20:G20) -> 0
A21: 10 | B21: кредитно-обесцененные финансовые активы | C21: 0 | D21: 0 | E21: 0 | F21: 0 | G21: 0 | H21: =SUM(C21:G21) -> 0
A22: 11 | B22: Прекращение признания финансовых активов, | C22: =SUM(C24:C27) -> -4376204.2 | D22: =SUM(D24:D27) -> 0 | E22: =SUM(E24:E27) -> 0 | F22: =SUM(F24:F27) -> 0 | G22: =SUM(G24:G26) -> 0 | H22: =SUM(H24:H27) -> -4376204.2
B23: в том числе:
A24: 12 | B24: финансовые активы, кредитные убытки по которым ожидаются в течение 12 месяцев | C24: -4376204.2 | D24: 0 | E24: 0 | F24: 0 | G24: 0 | H24: =SUM(C24:G24) -> -4376204.2
A25: 13 | B25: финансовые активы, кредитные убытки по которым ожидаются в течение всего срока жизни (коллективная оценка) | C25: 0 | D25: 0 | E25: 0 | F25: 0 | G25: 0 | H25: =SUM(C25:G25) -> 0
A26: 14 | B26: финансовые активы, кредитные убытки по которым ожидаются в течение всего срока жизни (индивидуальная оценка) | C26: 0 | D26: 0 | E26: 0 | F26: 0 | G26: 0 | H26: =SUM(C26:G26) -> 0
A27: 15 | B27: кредитно-обесцененные финансовые активы | C27: 0 | D27: 0 | E27: 0 | F27: 0 | G27: 0 | H27: =SUM(C27:G27) -> 0
A28: 16 | B28: Списание финансовых активов, | C28: =SUM(C30:C33) -> 0 | D28: =SUM(D30:D33) -> 0 | E28: =SUM(E30:E33) -> 0 | F28: =SUM(F30:F33) -> 0 | G28: =SUM(G30:G33) -> 0 | H28: =SUM(H30:H33) -> 0
B29: в том числе:
A30: 17 | B30: финансовые активы, кредитные убытки по которым ожидаются в течение 12 месяцев | C30: 0 | D30: 0 | E30: 0 | F30: 0 | G30: 0 | H30: =SUM(C30:G30) -> 0
A31: 18 | B31: финансовые активы, кредитные убытки по которым ожидаются в течение всего срока жизни (коллективная оценка) | C31: 0 | D31: 0 | E31: 0 | F31: 0 | G31: 0 | H31: =SUM(C31:G31) -> 0
A32: 19 | B32: финансовые активы, кредитные убытки по которым ожидаются в течение всего срока жизни (индивидуальная оценка) | C32: 0 | D32: 0 | E32: 0 | F32: 0 | G32: 0 | H32: =SUM(C32:G32) -> 0
A33: 20 | B33: кредитно-обесцененные финансовые активы | C33: 0 | D33: 0 | E33: 0 | F33: 0 | G33: 0 | H33: =SUM(C33:G33) -> 0
A34: 21 | B34: Изменения в результате модификации, которая не привела к прекращению признания финансового актива, | C34: =SUM(C36:C39) -> 0 | D34: =SUM(D36:D39) -> 0 | E34: =SUM(E36:E39) -> 0 | F34: =SUM(F36:F39) -> 0 | G34: =SUM(G36:G39) -> 0 | H34: =SUM(H36:H39) -> 0
B35: в том числе:
A36: 22 | B36: финансовые активы, кредитные убытки по которым ожидаются в течение 12 месяцев | C36: 0 | D36: 0 | E36: 0 | F36: 0 | G36: 0 | H36: =SUM(C36:G36) -> 0
A37: 23 | B37: финансовые активы, кредитные убытки по которым ожидаются в течение всего срока жизни (коллективная оценка) | C37: 0 | D37: 0 | E37: 0 | F37: 0 | G37: 0 | H37: =SUM(C37:G37) -> 0
A38: 24 | B38: финансовые активы, кредитные убытки по которым ожидаются в течение всего срока жизни (индивидуальная оценка) | C38: 0 | D38: 0 | E38: 0 | F38: 0 | G38: 0 | H38: =SUM(C38:G38) -> 0
A39: 25 | B39: кредитно-обесцененные финансовые активы | C39: 0 | D39: 0 | E39: 0 | F39: 0 | G39: 0 | H39: =SUM(C39:G39) -> 0
A40: 26 | B40: Изменение порядка определения оценочного убытка от обесценения, | C40: =SUM(C42:C45) -> 0 | D40: =SUM(D42:D45) -> 0 | E40: =SUM(E42:E45) -> 0 | F40: =SUM(F42:F45) -> 0 | G40: =SUM(G42:G45) -> 0 | H40: =SUM(H42:H45) -> 0
B41: в том числе:
A42: 27 | B42: финансовые активы, кредитные убытки по которым ожидаются в течение 12 месяцев | C42: 0 | D42: 0 | E42: 0 | F42: 0 | G42: 0 | H42: =SUM(C42:G42) -> 0
A43: 28 | B43: финансовые активы, кредитные убытки по которым ожидаются в течение всего срока жизни (коллективная оценка) | C43: 0 | D43: 0 | E43: 0 | F43: 0 | G43: 0 | H43: =SUM(C43:G43) -> 0
A44: 29 | B44: финансовые активы, кредитные убытки по которым ожидаются в течение всего срока жизни (индивидуальная оценка) | C44: 0 | D44: 0 | E44: 0 | F44: 0 | G44: 0 | H44: =SUM(C44:G44) -> 0
A45: 30 | B45: кредитно-обесцененные финансовые активы | C45: 0 | D45: 0 | E45: 0 | F45: 0 | G45: 0 | H45: =SUM(C45:G45) -> 0
A46: 31 | B46: Прочие изменения, | C46: =SUM(C48:C51) -> 0 | D46: =SUM(D48:D51) -> 0 | E46: =SUM(E48:E51) -> 0 | F46: =SUM(F48:F51) -> 0 | G46: =SUM(G48:G51) -> 0 | H46: =SUM(H48:H51) -> 0
B47: в том числе:
A48: 32 | B48: финансовые активы, кредитные убытки по которым ожидаются в течение 12 месяцев | C48: 0 | D48: 0 | E48: 0 | F48: 0 | G48: 0 | H48: =SUM(C48:G48) -> 0
A49: 33 | B49: финансовые активы, кредитные убытки по которым ожидаются в течение всего срока жизни (коллективная оценка) | C49: 0 | D49: 0 | E49: 0 | F49: 0 | G49: 0 | H49: =SUM(C49:G49) -> 0
A50: 34 | B50: финансовые активы, кредитные убытки по которым ожидаются в течение всего срока жизни (индивидуальная оценка) | C50: 0 | D50: 0 | E50: 0 | F50: 0 | G50: 0 | H50: =SUM(C50:G50) -> 0
A51: 35 | B51: кредитно-обесцененные финансовые активы | C51: 0 | D51: 0 | E51: 0 | F51: 0 | G51: 0 | H51: =SUM(C51:G51) -> 0
A52: 36 | B52: Полная балансовая стоимость по состоянию на отчетную дату, | C52: =SUM(C54:C57) -> 6935467.8 | D52: =SUM(D54:D57) -> 0 | E52: =SUM(E54:E57) -> 0 | F52: =SUM(F54:F57) -> 0 | G52: =SUM(G54:G57) -> 0 | H52: =SUM(H54:H57) -> 6935467.8
B53: в том числе:
A54: 37 | B54: финансовые активы, кредитные убытки по которым ожидаются в течение 12 месяцев | C54: =C48+C42+C36+C30+C24+C18+C12 -> 6935467.8 | D54: =D48+D42+D36+D30+D24+D18+D12 -> 0 | E54: =E48+E42+E36+E30+E24+E18+E12 -> 0 | F54: =F48+F42+F36+F30+F24+F18+F12 -> 0 | G54: =G48+G42+G36+G30+G24+G18+G12 -> 0 | H54: =SUM(C54:G54) -> 6935467.8
A55: 38 | B55: финансовые активы, кредитные убытки по которым ожидаются в течение всего срока жизни (коллективная оценка) | C55: =C49+C43+C37+C31+C25+C19+C13 -> 0 | D55: =D49+D43+D37+D31+D25+D19+D13 -> 0 | E55: =E49+E43+E37+E31+E25+E19+E13 -> 0 | F55: =F49+F43+F37+F31+F25+F19+F13 -> 0 | G55: =G49+G43+G37+G31+G25+G19+G13 -> 0 | H55: =SUM(C55:G55) -> 0
A56: 39 | B56: финансовые активы, кредитные убытки по которым ожидаются в течение всего срока жизни (индивидуальная оценка) | C56: =C50+C44+C38+C32+C26+C20+C14 -> 0 | D56: =D50+D44+D38+D32+D26+D20+D14 -> 0 | E56: =E50+E44+E38+E32+E26+E20+E14 -> 0 | F56: =F50+F44+F38+F32+F26+F20+F14 -> 0 | G56: =G50+G44+G38+G32+G26+G20+G14 -> 0 | H56: =SUM(C56:G56) -> 0
A57: 40 | B57: кредитно-обесцененные финансовые активы | C57: =C51+C45+C39+C33+C27+C21+C15 -> 0 | D57: =D51+D45+D39+D33+D27+D21+D15 -> 0 | E57: =E51+E45+E39+E33+E27+E21+E15 -> 0 | F57: =F51+F45+F39+F33+F27+F21+F15 -> 0 | G57: =G51+G45+G39+G33+G21+G15 -> 0 | H57: =SUM(C57:G57) -> 0
G58: =G52-'12.1'!C15 -> 0
A59: Выверка изменений полной балансовой стоимости дебиторской задолженности (сравнительные данные).
H60: Таблица 12.2
A61: Номер строки | B61: Наименование показателя | C61: Дебиторская задолженность клиентов | D61: Расчеты с валютными и фондовыми биржами | E61: Расчеты по конверсионным операциям, производным финансовым инструментам, операциям с ценными бумагами | F61: Расчеты по финансовой аренде | G61: Прочая дебиторская задолженность | H61: Итого
A62: 1 | B62: 2 | C62: 3 | D62: 4 | E62: 5 | F62: 6 | G62: 7 | H62: 8
A63: 1 | B63: Полная балансовая стоимость по состоянию на начало отчетного периода, | C63: =SUM(C65:C68) -> 4647457.8 | D63: =SUM(D65:D68) -> 0 | E63: =SUM(E65:E68) -> 0 | F63: =SUM(F65:F68) -> 0 | G63: =SUM(G65:G68) -> 0 | H63: =SUM(H65:H68) -> 4647457.8
B64: в том числе:
A65: 2 | B65: финансовые активы, кредитные убытки по которым ожидаются в течение 12 месяцев | C65: 4647457.8 | D65: 0 | E65: 0 | F65: 0 | G65: 0 | H65: =SUM(C65:G65) -> 4647457.8
A66: 3 | B66: финансовые активы, кредитные убытки по которым ожидаются в течение всего срока жизни (коллективная оценка) | C66: 0 | D66: 0 | E66: 0 | F66: 0 | G66: 0 | H66: =SUM(C66:G66) -> 0
A67: 4 | B67: финансовые активы, кредитные убытки по которым ожидаются в течение всего срока жизни (индивидуальная оценка) | C67: 0 | D67: 0 | E67: 0 | F67: 0 | G67: 0 | H67: =SUM(C67:G67) -> 0
A68: 5 | B68: кредитно-обесцененные финансовые активы | C68: 0 | D68: 0 | E68: 0 | F68: 0 | G68: 0 | H68: =SUM(C68:G68) -> 0
A69: 6 | B69: Поступление финансовых активов, | C69: =SUM(C71:C74) -> 15265118 | D69: =SUM(D71:D74) -> 0 | E69: =SUM(E71:E74) -> 0 | F69: =SUM(F71:F74) -> 0 | G69: =SUM(G71:G74) -> 0 | H69: =SUM(H71:H74) -> 15265118
B70: в том числе:
A71: 7 | B71: финансовые активы, кредитные убытки по которым ожидаются в течение 12 месяцев | C71: 15265118 | D71: 0 | E71: 0 | F71: 0 | G71: 0 | H71: =SUM(C71:G71) -> 15265118
A72: 8 | B72: финансовые активы, кредитные убытки по которым ожидаются в течение всего срока жизни (коллективная оценка) | C72: 0 | D72: 0 | E72: 0 | F72: 0 | G72: 0 | H72: =SUM(C72:G72) -> 0
A73: 9 | B73: финансовые активы, кредитные убытки по которым ожидаются в течение всего срока жизни (индивидуальная оценка) | C73: 0 | D73: 0 | E73: 0 | F73: 0 | G73: 0 | H73: =SUM(C73:G73) -> 0
A74: 10 | B74: кредитно-обесцененные финансовые активы | C74: 0 | D74: 0 | E74: 0 | F74: 0 | G74: 0 | H74: =SUM(C74:G74) -> 0
A75: 11 | B75: Прекращение признания финансовых активов, | C75: =SUM(C77:C80) -> -13005082 | D75: =SUM(D77:D80) -> 0 | E75: =SUM(E77:E80) -> 0 | F75: =SUM(F77:F80) -> 0 | G75: =SUM(G77:G79) -> 0 | H75: =SUM(H77:H80) -> -13005082
B76: в том числе:
A77: 12 | B77: финансовые активы, кредитные убытки по которым ожидаются в течение 12 месяцев | C77: -13005082 | D77: 0 | E77: 0 | F77: 0 | G77: 0 | H77: =SUM(C77:G77) -> -13005082
A78: 13 | B78: финансовые активы, кредитные убытки по которым ожидаются в течение всего срока жизни (коллективная оценка) | C78: 0 | D78: 0 | E78: 0 | F78: 0 | G78: 0 | H78: =SUM(C78:G78) -> 0
A79: 14 | B79: финансовые активы, кредитные убытки по которым ожидаются в течение всего срока жизни (индивидуальная оценка) | C79: 0 | D79: 0 | E79: 0 | F79: 0 | G79: 0 | H79: =SUM(C79:G79) -> 0
A80: 15 | B80: кредитно-обесцененные финансовые активы | C80: 0 | D80: 0 | E80: 0 | F80: 0 | G80: 0 | H80: =SUM(C80:G80) -> 0
A81: 16 | B81: Списание финансовых активов, | C81: =SUM(C83:C86) -> 0 | D81: =SUM(D83:D86) -> 0 | E81: =SUM(E83:E86) -> 0 | F81: =SUM(F83:F86) -> 0 | G81: =SUM(G83:G86) -> 0 | H81: =SUM(H83:H86) -> 0
B82: в том числе:
A83: 17 | B83: финансовые активы, кредитные убытки по которым ожидаются в течение 12 месяцев | C83: 0 | D83: 0 | E83: 0 | F83: 0 | G83: 0 | H83: =SUM(C83:G83) -> 0
A84: 18 | B84: финансовые активы, кредитные убытки по которым ожидаются в течение всего срока жизни (коллективная оценка) | C84: 0 | D84: 0 | E84: 0 | F84: 0 | G84: 0 | H84: =SUM(C84:G84) -> 0
A85: 19 | B85: финансовые активы, кредитные убытки по которым ожидаются в течение всего срока жизни (индивидуальная оценка) | C85: 0 | D85: 0 | E85: 0 | F85: 0 | G85: 0 | H85: =SUM(C85:G85) -> 0
A86: 20 | B86: кредитно-обесцененные финансовые активы | C86: 0 | D86: 0 | E86: 0 | F86: 0 | G86: 0 | H86: =SUM(C86:G86) -> 0
A87: 21 | B87: Изменения в результате модификации, которая не привела к прекращению признания финансового актива, | C87: =SUM(C89:C92) -> 0 | D87: =SUM(D89:D92) -> 0 | E87: =SUM(E89:E92) -> 0 | F87: =SUM(F89:F92) -> 0 | G87: =SUM(G89:G92) -> 0 | H87: =SUM(H89:H92) -> 0
B88: в том числе:
A89: 22 | B89: финансовые активы, кредитные убытки по которым ожидаются в течение 12 месяцев | C89: 0 | D89: 0 | E89: 0 | F89: 0 | G89: 0 | H89: =SUM(C89:G89) -> 0
A90: 23 | B90: финансовые активы, кредитные убытки по которым ожидаются в течение всего срока жизни (коллективная оценка) | C90: 0 | D90: 0 | E90: 0 | F90: 0 | G90: 0 | H90: =SUM(C90:G90) -> 0
A91: 24 | B91: финансовые активы, кредитные убытки по которым ожидаются в течение всего срока жизни (индивидуальная оценка) | C91: 0 | D91: 0 | E91: 0 | F91: 0 | G91: 0 | H91: =SUM(C91:G91) -> 0
A92: 25 | B92: кредитно-обесцененные финансовые активы | C92: 0 | D92: 0 | E92: 0 | F92: 0 | G92: 0 | H92: =SUM(C92:G92) -> 0
A93: 26 | B93: Изменение порядка определения оценочного убытка от обесценения, | C93: =SUM(C95:C98) -> 0 | D93: =SUM(D95:D98) -> 0 | E93: =SUM(E95:E98) -> 0 | F93: =SUM(F95:F98) -> 0 | G93: =SUM(G95:G98) -> 0 | H93: =SUM(H95:H98) -> 0
B94: в том числе:
A95: 27 | B95: финансовые активы, кредитные убытки по которым ожидаются в течение 12 месяцев | C95: 0 | D95: 0 | E95: 0 | F95: 0 | G95: 0 | H95: =SUM(C95:G95) -> 0
A96: 28 | B96: финансовые активы, кредитные убытки по которым ожидаются в течение всего срока жизни (коллективная оценка) | C96: 0 | D96: 0 | E96: 0 | F96: 0 | G96: 0 | H96: =SUM(C96:G96) -> 0
A97: 29 | B97: финансовые активы, кредитные убытки по которым ожидаются в течение всего срока жизни (индивидуальная оценка) | C97: 0 | D97: 0 | E97: 0 | F97: 0 | G97: 0 | H97: =SUM(C97:G97) -> 0
A98: 30 | B98: кредитно-обесцененные финансовые активы | C98: 0 | D98: 0 | E98: 0 | F98: 0 | G98: 0 | H98: =SUM(C98:G98) -> 0
A99: 31 | B99: Прочие изменения, | C99: =SUM(C101:C104) -> 0 | D99: =SUM(D101:D104) -> 0 | E99: =SUM(E101:E104) -> 0 | F99: =SUM(F101:F104) -> 0 | G99: =SUM(G101:G104) -> 0 | H99: =SUM(H101:H104) -> 0
B100: в том числе:
...

Sheet 12.3
A1: ПРИМЕЧАНИЯ К БУХГАЛТЕРСКОЙ (ФИНАНСОВОЙ) ОТЧЁТНОСТИ
A2: ООО Управляющая компания «Регион Финанс»
A3: ='5.1'!A3:H3 -> по состоянию на 30.06.2025
A4: Примечание 12. Финансовые активы, оцениваемые
A5: по амортизированной стоимости: дебиторская задолженность.
A6: Выверка изменений оценочного резерва под ожидаемые кредитные убытки по дебиторской задолженности
H7: Таблица 12.3
A8: Номер строки | B8: Наименование показателя | C8: Дебиторская задолженность клиентов | D8: Расчеты с валютными и фондовыми биржами | E8: Расчеты по конверсионным операциям, производным финансовым инструментам, операциям с ценными бумагами | F8: Расчеты по финансовой аренде | G8: Прочая дебиторская задолженность | H8: Итого
A9: 1 | B9: 2 | C9: 3 | D9: 4 | E9: 5 | F9: 6 | G9: 7 | H9: 8
A10: 1 | B10: Резерв под обесценение по состоянию на начало отчетного периода, | C10: 3136862 | D10: 0 | E10: 0 | F10: 0 | G10: 0 | H10: 3136862
B11: в том числе:
A12: 2 | B12: финансовые активы, кредитные убытки по которым ожидаются в течение 12 месяцев | C12: 3136862 | D12: 0 | E12: 0 | F12: 0 | G12: 0 | H12: 3136862
A13: 3 | B13: финансовые активы, кредитные убытки по которым ожидаются в течение всего срока жизни (коллективная оценка) | C13: 0 | D13: 0 | E13: 0 | F13: 0 | G13: 0 | H13: 0
A14: 4 | B14: финансовые активы, кредитные убытки по которым ожидаются в течение всего срока жизни (индивидуальная оценка) | C14: 0 | D14: 0 | E14: 0 | F14: 0 | G14: 0 | H14: 0
A15: 5 | B15: кредитно-обесцененные финансовые активы | C15: 0 | D15: 0 | E15: 0 | F15: 0 | G15: 0 | H15: 0
A16: 6 | B16: Поступление финансовых активов, | C16: 1469079 | D16: 0 | E16: 0 | F16: 0 | G16: 0 | H16: 1469079
B17: в том числе:
A18: 7 | B18: финансовые активы, кредитные убытки по которым ожидаются в течение 12 месяцев | C18: 1469079 | D18: 0 | E18: 0 | F18: 0 | G18: 0 | H18: 1469079
A19: 8 | B19: финансовые активы, кредитные убытки по которым ожидаются в течение всего срока жизни (коллективная оценка) | C19: 0 | D19: 0 | E19: 0 | F19: 0 | G19: 0 | H19: 0
A20: 9 | B20: финансовые активы, кредитные убытки по которым ожидаются в течение всего срока жизни (индивидуальная оценка) | C20: 0 | D20: 0 | E20: 0 | F20: 0 | G20: 0 | H20: 0
A21: 10 | B21: кредитно-обесцененные финансовые активы | C21: 0 | D21: 0 | E21: 0 | F21: 0 | G21: 0 | H21: 0
A22: 11 | B22: Прекращение признания финансовых активов, | C22: -930 | D22: 0 | E22: 0 | F22: 0 | G22: 0 | H22: -930
B23: в том числе:
A24: 12 | B24: финансовые активы, кредитные убытки по которым ожидаются в течение 12 месяцев | C24: -930 | D24: 0 | E24: 0 | F24: 0 | G24: 0 | H24: -930
A25: 13 | B25: финансовые активы, кредитные убытки по которым ожидаются в течение всего срока жизни (коллективная оценка) | C25: 0 | D25: 0 | E25: 0 | F25: 0 | G25: 0 | H25: 0
A26: 14 | B26: финансовые активы, кредитные убытки по которым ожидаются в течение всего срока жизни (индивидуальная оценка) | C26: 0 | D26: 0 | E26: 0 | F26: 0 | G26: 0 | H26: 0
A27: 15 | B27: кредитно-обесцененные финансовые активы | C27: 0 | D27: 0 | E27: 0 | F27: 0 | G27: 0 | H27: 0
A28: 16 | B28: Списание финансовых активов, | C28: 0 | D28: 0 | E28: 0 | F28: 0 | G28: 0 | H28: 0
B29: в том числе:
A30: 17 | B30: финансовые активы, кредитные убытки по которым ожидаются в течение 12 месяцев | C30: 0 | D30: 0 | E30: 0 | F30: 0 | G30: 0 | H30: 0
A31: 18 | B31: финансовые активы, кредитные убытки по которым ожидаются в течение всего срока жизни (коллективная оценка) | C31: 0 | D31: 0 | E31: 0 | F31: 0 | G31: 0 | H31: 0
A32: 19 | B32: финансовые активы, кредитные убытки по которым ожидаются в течение всего срока жизни (индивидуальная оценка) | C32: 0 | D32: 0 | E32: 0 | F32: 0 | G32: 0 | H32: 0
A33: 20 | B33: кредитно-обесцененные финансовые активы | C33: 0 | D33: 0 | E33: 0 | F33: 0 | G33: 0 | H33: 0
A34: 21 | B34: Изменения в результате модификации, которая не привела к прекращению признания финансового актива, | C34: 0 | D34: 0 | E34: 0 | F34: 0 | G34: 0 | H34: 0
B35: в том числе:
A36: 22 | B36: финансовые активы, кредитные убытки по которым ожидаются в течение 12 месяцев | C36: 0 | D36: 0 | E36: 0 | F36: 0 | G36: 0 | H36: 0
A37: 23 | B37: финансовые активы, кредитные убытки по которым ожидаются в течение всего срока жизни (коллективная оценка) | C37: 0 | D37: 0 | E37: 0 | F37: 0 | G37: 0 | H37: 0
A38: 24 | B38: финансовые активы, кредитные убытки по которым ожидаются в течение всего срока жизни (индивидуальная оценка) | C38: 0 | D38: 0 | E38: 0 | F38: 0 | G38: 0 | H38: 0
A39: 25 | B39: кредитно-обесцененные финансовые активы | C39: 0 | D39: 0 | E39: 0 | F39: 0 | G39: 0 | H39: 0
A40: 26 | B40: Изменение порядка определения оценочного убытка от обесценения, | C40: 0 | D40: 0 | E40: 0 | F40: 0 | G40: 0 | H40: 0
B41: в том числе:
A42: 27 | B42: финансовые активы, кредитные убытки по которым ожидаются в течение 12 месяцев | C42: 0 | D42: 0 | E42: 0 | F42: 0 | G42: 0 | H42: 0
A43: 28 | B43: финансовые активы, кредитные убытки по которым ожидаются в течение всего срока жизни (коллективная оценка) | C43: 0 | D43: 0 | E43: 0 | F43: 0 | G43: 0 | H43: 0
A44: 29 | B44: финансовые активы, кредитные убытки по которым ожидаются в течение всего срока жизни (индивидуальная оценка) | C44: 0 | D44: 0 | E44: 0 | F44: 0 | G44: 0 | H44: 0
A45: 30 | B45: кредитно-обесцененные финансовые активы | C45: 0 | D45: 0 | E45: 0 | F45: 0 | G45: 0 | H45: 0
A46: 31 | B46: Прочие изменения, | C46: 0 | D46: 0 | E46: 0 | F46: 0 | G46: 0 | H46: 0
B47: в том числе:
A48: 32 | B48: финансовые активы, кредитные убытки по которым ожидаются в течение 12 месяцев | C48: 0 | D48: 0 | E48: 0 | F48: 0 | G48: 0 | H48: 0
A49: 33 | B49: финансовые активы, кредитные убытки по которым ожидаются в течение всего срока жизни (коллективная оценка) | C49: 0 | D49: 0 | E49: 0 | F49: 0 | G49: 0 | H49: 0
A50: 34 | B50: финансовые активы, кредитные убытки по которым ожидаются в течение всего срока жизни (индивидуальная оценка) | C50: 0 | D50: 0 | E50: 0 | F50: 0 | G50: 0 | H50: 0
A51: 35 | B51: кредитно-обесцененные финансовые активы | C51: 0 | D51: 0 | E51: 0 | F51: 0 | G51: 0 | H51: 0
A52: 36 | B52: Резерв под обесценение по состоянию на конец отчетного периода, | C52: 4605011 | D52: 0 | E52: 0 | F52: 0 | G52: 0 | H52: 4605011
B53: в том числе:
A54: 37 | B54: финансовые активы, кредитные убытки по которым ожидаются в течение 12 месяцев | C54: 4605011 | D54: 0 | E54: 0 | F54: 0 | G54: 0 | H54: 4605011
A55: 38 | B55: финансовые активы, кредитные убытки по которым ожидаются в течение всего срока жизни (коллективная оценка) | C55: =C49+C43+C37+C31+C25+C19+C13 -> 0 | D55: =D49+D43+D37+D31+D25+D19+D13 -> 0 | E55: =E49+E43+E37+E31+E25+E19+E13 -> 0 | F55: =F49+F43+F37+F31+F25+F19+F13 -> 0 | G55: =G49+G43+G37+G31+G25+G19+G13 -> 0 | H55: =SUM(C55:G55) -> 0
A56: 39 | B56: финансовые активы, кредитные убытки по которым ожидаются в течение всего срока жизни (индивидуальная оценка) | C56: =C50+C44+C38+C32+C26+C20+C14 -> 0 | D56: =D50+D44+D38+D32+D26+D20+D14 -> 0 | E56: =E50+E44+E38+E32+E26+E20+E14 -> 0 | F56: =F50+F44+F38+F32+F26+F20+F14 -> 0 | G56: =G50+G44+G38+G32+G26+G20+G14 -> 0 | H56: =SUM(C56:G56) -> 0
A57: 40 | B57: кредитно-обесцененные финансовые активы | C57: =C51+C45+C39+C33+C27+C21+C15 -> 0 | D57: =D51+D45+D39+D33+D27+D21+D15 -> 0 | E57: =E51+E45+E39+E33+E27+E21+E15 -> 0 | F57: =F51+F45+F39+F33+F27+F21+F15 -> 0 | G57: =G51+G45+G39+G33+G27+G21+G15 -> 0 | H57: =SUM(C57:G57) -> 0
G58: =G52-'12.1'!D15 -> 0
A59: Выверка изменений оценочного резерва под ожидаемые кредитные убытки по дебиторской задолженности (сравнительные данные).
H60: Таблица 12.3
A61: Номер строки | B61: Наименование показателя | C61: Дебиторская задолженность клиентов | D61: Расчеты с валютными и фондовыми биржами | E61: Расчеты по конверсионным операциям, производным финансовым инструментам, операциям с ценными бумагами | F61: Расчеты по финансовой аренде | G61: Прочая дебиторская задолженность | H61: Итого
A62: 1 | B62: 2 | C62: 3 | D62: 4 | E62: 5 | F62: 6 | G62: 7 | H62: 8
A63: 1 | B63: Резерв под обесценение по состоянию на начало отчетного периода, | C63: 802882 | D63: 0 | E63: 0 | F63: 0 | G63: 0 | H63: 802882
B64: в том числе:
A65: 2 | B65: финансовые активы, кредитные убытки по которым ожидаются в течение 12 месяцев | C65: 802882 | D65: 0 | E65: 0 | F65: 0 | G65: 0 | H65: 802882
A66: 3 | B66: финансовые активы, кредитные убытки по которым ожидаются в течение всего срока жизни (коллективная оценка) | C66: 0 | D66: 0 | E66: 0 | F66: 0 | G66: 0 | H66: 0
A67: 4 | B67: финансовые активы, кредитные убытки по которым ожидаются в течение всего срока жизни (индивидуальная оценка) | C67: 0 | D67: 0 | E67: 0 | F67: 0 | G67: 0 | H67: 0
A68: 5 | B68: кредитно-обесцененные финансовые активы | C68: 0 | D68: 0 | E68: 0 | F68: 0 | G68: 0 | H68: 0
A69: 6 | B69: Поступление финансовых активов, | C69: 2869826 | D69: 0 | E69: 0 | F69: 0 | G69: 0 | H69: 2869826
B70: в том числе:
A71: 7 | B71: финансовые активы, кредитные убытки по которым ожидаются в течение 12 месяцев | C71: 2869826 | D71: 0 | E71: 0 | F71: 0 | G71: 0 | H71: 2869826
A72: 8 | B72: финансовые активы, кредитные убытки по которым ожидаются в течение всего срока жизни (коллективная оценка) | C72: 0 | D72: 0 | E72: 0 | F72: 0 | G72: 0 | H72: 0
A73: 9 | B73: финансовые активы, кредитные убытки по которым ожидаются в течение всего срока жизни (индивидуальная оценка) | C73: 0 | D73: 0 | E73: 0 | F73: 0 | G73: 0 | H73: 0
A74: 10 | B74: кредитно-обесцененные финансовые активы | C74: 0 | D74: 0 | E74: 0 | F74: 0 | G74: 0 | H74: 0
A75: 11 | B75: Прекращение признания финансовых активов, | C75: -535846 | D75: 0 | E75: 0 | F75: 0 | G75: 0 | H75: -535846
B76: в том числе:
A77: 12 | B77: финансовые активы, кредитные убытки по которым ожидаются в течение 12 месяцев | C77: -535846 | D77: 0 | E77: 0 | F77: 0 | G77: 0 | H77: -535846
A78: 13 | B78: финансовые активы, кредитные убытки по которым ожидаются в течение всего срока жизни (коллективная оценка) | C78: 0 | D78: 0 | E78: 0 | F78: 0 | G78: 0 | H78: 0
A79: 14 | B79: финансовые активы, кредитные убытки по которым ожидаются в течение всего срока жизни (индивидуальная оценка) | C79: 0 | D79: 0 | E79: 0 | F79: 0 | G79: 0 | H79: 0
A80: 15 | B80: кредитно-обесцененные финансовые активы | C80: 0 | D80: 0 | E80: 0 | F80: 0 | G80: 0 | H80: 0
A81: 16 | B81: Списание финансовых активов, | C81: 0 | D81: 0 | E81: 0 | F81: 0 | G81: 0 | H81: 0
B82: в том числе:
A83: 17 | B83: финансовые активы, кредитные убытки по которым ожидаются в течение 12 месяцев | C83: 0 | D83: 0 | E83: 0 | F83: 0 | G83: 0 | H83: 0
A84: 18 | B84: финансовые активы, кредитные убытки по которым ожидаются в течение всего срока жизни (коллективная оценка) | C84: 0 | D84: 0 | E84: 0 | F84: 0 | G84: 0 | H84: 0
A85: 19 | B85: финансовые активы, кредитные убытки по которым ожидаются в течение всего срока жизни (индивидуальная оценка) | C85: 0 | D85: 0 | E85: 0 | F85: 0 | G85: 0 | H85: 0
A86: 20 | B86: кредитно-обесцененные финансовые активы | C86: 0 | D86: 0 | E86: 0 | F86: 0 | G86: 0 | H86: 0
A87: 21 | B87: Изменения в результате модификации, которая не привела к прекращению признания финансового актива, | C87: 0 | D87: 0 | E87: 0 | F87: 0 | G87: 0 | H87: 0
B88: в том числе:
A89: 22 | B89: финансовые активы, кредитные убытки по которым ожидаются в течение 12 месяцев | C89: 0 | D89: 0 | E89: 0 | F89: 0 | G89: 0 | H89: 0
A90: 23 | B90: финансовые активы, кредитные убытки по которым ожидаются в течение всего срока жизни (коллективная оценка) | C90: 0 | D90: 0 | E90: 0 | F90: 0 | G90: 0 | H90: 0
A91: 24 | B91: финансовые активы, кредитные убытки по которым ожидаются в течение всего срока жизни (индивидуальная оценка) | C91: 0 | D91: 0 | E91: 0 | F91: 0 | G91: 0 | H91: 0
A92: 25 | B92: кредитно-обесцененные финансовые активы | C92: 0 | D92: 0 | E92: 0 | F92: 0 | G92: 0 | H92: 0
A93: 26 | B93: Изменение порядка определения оценочного убытка от обесценения, | C93: 0 | D93: 0 | E93: 0 | F93: 0 | G93: 0 | H93: 0
B94: в том числе:
A95: 27 | B95: финансовые активы, кредитные убытки по которым ожидаются в течение 12 месяцев | C95: 0 | D95: 0 | E95: 0 | F95: 0 | G95: 0 | H95: 0
A96: 28 | B96: финансовые активы, кредитные убытки по которым ожидаются в течение всего срока жизни (коллективная оценка) | C96: 0 | D96: 0 | E96: 0 | F96: 0 | G96: 0 | H96: 0
A97: 29 | B97: финансовые активы, кредитные убытки по которым ожидаются в течение всего срока жизни (индивидуальная оценка) | C97: 0 | D97: 0 | E97: 0 | F97: 0 | G97: 0 | H97: 0
A98: 30 | B98: кредитно-обесцененные финансовые активы | C98: 0 | D98: 0 | E98: 0 | F98: 0 | G98: 0 | H98: 0
A99: 31 | B99: Прочие изменения, | C99: 0 | D99: 0 | E99: 0 | F99: 0 | G99: 0 | H99: 0
B100: в том числе:
...

Sheet 19.1
A1: ПРИМЕЧАНИЯ К БУХГАЛТЕРСКОЙ (ФИНАНСОВОЙ) ОТЧЁТНОСТИ
A2: ООО Управляющая компания «Регион Финанс»
A3: ='5.1'!A3:H3 -> по состоянию на 30.06.2025
A4: Примечание 19. Основные средства и капитальные вложения в них
A5: Основные средства и капитальные вложения в них
L6: Таблица 19.1
A7: Номер строки | B7: Наименование показателя | C7: Основные средства в собственности | G7: Активы в форме права пользования, относящиеся к основным средствам | K7: Капитальные вложения в основные средства | L7: Итого
C8: Земля, здания и сооружения | D8: Офисное и компьютерное оборудование | E8: Транспортные средства | F8: Прочее | G8: Земля, здания и сооружения | H8: Офисное и компьютерное оборудование | I8: Транспортные средства | J8: Прочее
A9: 1 | B9: 2 | C9: 3 | D9: 4 | E9: 5 | F9: 6 | G9: 7 | H9: 8 | I9: 9 | J9: 10 | K9: 11 | L9: 12
A10: 1 | B10: Балансовая стоимость на 01 января 2024 года, в том числе: | C10: 0 | D10: 1724937.5 | E10: 0 | F10: 0 | G10: 28552.63 | H10: 0 | I10: 0 | J10: 0 | K10: 0 | L10: 1753490.1
A11: 2 | B11: первоначальная (переоцененная) стоимость | C11: 0 | D11: 3833194.3 | E11: 0 | F11: 0 | G11: 314078.88 | H11: 0 | I11: 0 | J11: 0 | K11: 0 | L11: 4147273.2
A12: 3 | B12: накопленная амортизация | C12: 0 | D12: -2108256.8 | E12: 0 | F12: 0 | G12: -285526.25 | H12: 0 | I12: 0 | J12: 0 | K12: 0 | L12: -2393783.1
A13: 4 | B13: накопленное обесценение | C13: 0 | D13: 0 | E13: 0 | F13: 0 | G13: 0 | H13: 0 | I13: 0 | J13: 0 | K13: 0 | L13: 0
A14: 5 | B14: Поступление | C14: 0 | D14: 379046.67 | E14: 0 | F14: 0 | G14: 309632.75 | H14: 0 | I14: 0 | J14: 0 | K14: 0 | L14: 688679.42
A15: 6 | B15: Перевод в основные средства из капитальных вложений | C15: 0 | D15: 0 | E15: 0 | F15: 0 | G15: 0 | H15: 0 | I15: 0 | J15: 0 | K15: 0 | L15: 0
A16: 7 | B16: Переклассификация в активы (активы выбывающих групп), классифицированные как предназначенные для продажи | C16: 0 | D16: 0 | E16: 0 | F16: 0 | G16: 0 | H16: 0 | I16: 0 | J16: 0 | K16: 0 | L16: 0
A17: 8 | B17: Переклассификация в инвестиционное имущество и обратно | C17: 0 | D17: 0 | E17: 0 | F17: 0 | G17: 0 | H17: 0 | I17: 0 | J17: 0 | K17: 0 | L17: 0
A18: 9 | B18: Выбытие, в том числе | C18: 0 | D18: 0 | E18: 0 | F18: 0 | G18: 0 | H18: 0 | I18: 0 | J18: 0 | K18: 0 | L18: 0
A19: 9.1 | B19: первоначальная (переоцененная) стоимость | C19: 0 | D19: 0 | E19: 0 | F19: 0 | G19: -623711.63 | H19: 0 | I19: 0 | J19: 0 | K19: 0 | L19: -623711.63
A20: 9.2 | B20: накопленная амортизация | C20: 0 | D20: 0 | E20: 0 | F20: 0 | G20: 623711.63 | H20: 0 | I20: 0 | J20: 0 | K20: 0 | L20: 623711.63
A21: 9.3 | B21: накопленное обесценение | C21: 0 | D21: 0 | E21: 0 | F21: 0 | G21: 0 | H21: 0 | I21: 0 | J21: 0 | K21: 0 | L21: 0
A22: 10 | B22: Амортизация | C22: 0 | D22: -818837.65 | E22: 0 | F22: 0 | G22: -338185.38 | H22: 0 | I22: 0 | J22: 0 | K22: 0 | L22: -1157023
A23: 11 | B23: Обесценение, в том числе: | C23: 0 | D23: -735247 | E23: 0 | F23: 0 | G23: 0 | H23: 0 | I23: 0 | J23: 0 | K23: 0 | L23: -735247
A24: 12 | B24: отраженное в составе прибыли или убытка | C24: 0 | D24: -735247 | E24: 0 | F24: 0 | G24: 0 | H24: 0 | I24: 0 | J24: 0 | K24: 0 | L24: -735247
A25: 13 | B25: отраженное в прочем совокупном доходе | C25: 0 | D25: 0 | E25: 0 | F25: 0 | G25: 0 | H25: 0 | I25: 0 | J25: 0 | K25: 0 | L25: 0
A26: 14 | B26: Восстановление обесценения, в том числе: | C26: 0 | D26: 149088 | E26: 0 | F26: 0 | G26: 0 | H26: 0 | I26: 0 | J26: 0 | K26: 0 | L26: 149088
A27: 15 | B27: отраженное в составе прибыли или убытка | C27: 0 | D27: 149088 | E27: 0 | F27: 0 | G27: 0 | H27: 0 | I27: 0 | J27: 0 | K27: 0 | L27: 149088
A28: 16 | B28: отраженное в прочем совокупном доходе | C28: 0 | D28: 0 | E28: 0 | F28: 0 | G28: 0 | H28: 0 | I28: 0 | J28: 0 | K28: 0 | L28: 0
A29: 17 | B29: Увеличение (уменьшение) стоимости в результате переоценки, в том числе: | C29: 0 | D29: 0 | E29: 0 | F29: 0 | G29: 0 | H29: 0 | I29: 0 | J29: 0 | K29: 0 | L29: 0
A30: 18 | B30: отраженное в составе прибыли или убытка | C30: 0 | D30: 0 | E30: 0 | F30: 0 | G30: 0 | H30: 0 | I30: 0 | J30: 0 | K30: 0 | L30: 0
A31: 19 | B31: отраженное в прочем совокупном доходе | C31: 0 | D31: 0 | E31: 0 | F31: 0 | G31: 0 | H31: 0 | I31: 0 | J31: 0 | K31: 0 | L31: 0
A32: 20 | B32: Прочее | C32: 0 | D32: 0 | E32: 0 | F32: 0 | G32: 0 | H32: 0 | I32: 0 | J32: 0 | K32: 0 | L32: 0
A33: 21 | B33: Балансовая стоимость на 31 декабря 2024 года, в том числе: | C33: 0 | D33: 698987.53 | E33: 0 | F33: 0 | G33: 0 | H33: 0 | I33: 0 | J33: 0 | K33: 0 | L33: 698987.53
... A45: 33 | B45: Выбытие | C45: 0 | D45: 0 | E45: 0 | F45: 0 | G45: 0 | H45: 0 | I45: 0 | J45: 0 | K45: 0 | L45: 0
A46: 33.1 | B46: первоначальная (переоцененная) стоимость | C46: 0 | D46: 0 | E46: 0 | F46: 0 | G46: 0 | H46: 0 | I46: 0 | J46: 0 | K46: 0 | L46: 0
A47: 33.2 | B47: накопленная амортизация | C47: 0 | D47: 0 | E47: 0 | F47: 0 | G47: 0 | H47: 0 | I47: 0 | J47: 0 | K47: 0 | L47: 0
A48: 33.3 | B48: накопленное обесценение | C48: 0 | D48: 0 | E48: 0 | F48: 0 | G48: 0 | H48: 0 | I48: 0 | J48: 0 | K48: 0 | L48: 0
A49: 34 | B49: Амортизация | C49: 0 | D49: -267939.63 | E49: 0 | F49: 0 | G49: -210988.98 | H49: 0 | I49: 0 | J49: 0 | K49: 0 | L49: -478928.61
A50: 35 | B50: Обесценение, в том числе: | C50: 0 | D50: -39490.32 | E50: 0 | F50: 0 | G50: 0 | H50: 0 | I50: 0 | J50: 0 | K50: 0 | L50: -39490.32
A51: 36 | B51: отраженное в составе прибыли или убытка | C51: 0 | D51: -39490.32 | E51: 0 | F51: 0 | G51: 0 | H51: 0 | I51: 0 | J51: 0 | K51: 0 | L51: -39490.32
A52: 37 | B52: отраженное в прочем совокупном доходе | C52: 0 | D52: 0 | E52: 0 | F52: 0 | G52: 0 | H52: 0 | I52: 0 | J52: 0 | K52: 0 | L52: 0
A53: 38 | B53: Восстановление обесценения, в том числе: | C53: 0 | D53: 117046.32 | E53: 0 | F53: 0 | G53: 0 | H53: 0 | I53: 0 | J53: 0 | K53: 0 | L53: 117046.32
A54: 39 | B54: отраженное в составе прибыли или убытка | C54: 0 | D54: 117046.32 | E54: 0 | F54: 0 | G54: 0 | H54: 0 | I54: 0 | J54: 0 | K54: 0 | L54: 117046.32
A55: 40 | B55: отраженное в прочем совокупном доходе | C55: 0 | D55: 0 | E55: 0 | F55: 0 | G55: 0 | H55: 0 | I55: 0 | J55: 0 | K55: 0 | L55: 0
A56: 41 | B56: Увеличение (уменьшение) стоимости в результате переоценки, в том числе: | C56: 0 | D56: 0 | E56: 0 | F56: 0 | G56: 0 | H56: 0 | I56: 0 | J56: 0 | K56: 0 | L56: 0
A57: 42 | B57: отраженное в составе прибыли или убытка | C57: 0 | D57: 0 | E57: 0 | F57: 0 | G57: 0 | H57: 0 | I57: 0 | J57: 0 | K57: 0 | L57: 0
A58: 43 | B58: отраженное в прочем совокупном доходе | C58: 0 | D58: 0 | E58: 0 | F58: 0 | G58: 0 | H58: 0 | I58: 0 | J58: 0 | K58: 0 | L58: 0
A59: 44 | B59: Прочее | C59: 0 | D59: 0 | E59: 0 | F59: 0 | G59: 0 | H59: 0 | I59: 0 | J59: 0 | K59: 0 | L59: 0
A60: 45 | B60: Балансовая стоимость на 30 июня 2025 года, в том числе: | C60: 0 | D60: 508603.9 | E60: 0 | F60: 0 | G60: 175824.1 | H60: 0 | I60: 0 | J60: 0 | K60: 0 | L60: 684428
... A63: 48 | B63: накопленное обесценение | C63: 0 | D63: -508603 | E63: 0 | F63: 0 | G63: 0 | H63: 0 | I63: 0 | J63: 0 | K63: 0 | L63: -508603

Sheet 20.1
A1: ПРИМЕЧАНИЯ К БУХГАЛТЕРСКОЙ (ФИНАНСОВОЙ) ОТЧЁТНОСТИ
A2: ООО Управляющая компания «Регион Финанс»
A3: ='5.1'!A3:H3 -> по состоянию на 30.06.2025
A4: Примечание 20. Прочие активы
H5: Таблица 20.1
A6: Номер строки | B6: Наименование показателя | C6: ='5.1'!C6:E6 -> 30 июня 2025 г. | F6: ='5.1'!F6 -> 31 декабря 2024 г.
C7: Полная балансовая стоимость | D7: Резерв под обесценение | E7: Балансовая стоимость | F7: Полная балансовая стоимость | G7: Резерв под обесценение | H7: Балансовая стоимость
A8: 1 | B8: 2 | C8: 3 | D8: 4 | E8: 5 | F8: 6 | G8: 7 | H8: 8
A9: 1 | B9: Расчеты по налогам и сборам, кроме налога на прибыль | C9: 34022.79 | D9: 340 | E9: 33682.79 | F9: 9953.91 | G9: 100 | H9: 9853.91
A10: 2 | B10: Расчеты с персоналом | C10: 0 | D10: 0 | E10: 0 | F10: 0 | G10: 0 | H10: 0
A11: 3 | B11: Расчеты по социальному страхованию | C11: 0 | D11: 0 | E11: 0 | F11: 4.74 | G11: 0 | H11: 4.74
A12: 4 | B12: Налог на добавленную стоимость, уплаченный | C12: 75809.33 | D12: 75809 | E12: 0.33 | F12: 116542.78 | G12: 78638 | H12: 37904.78
A13: 5 | B13: Расчеты с поставщиками и подрядчиками | C13: 336693.93 | D13: 94522 | E13: 242171.93 | F13: 214844.27 | G13: 11934 | H13: 202910.27
A14: 6 | B14: Запасы | C14: 0 | D14: 0 | E14: 0 | F14: 0 | G14: 0 | H14: 0
A15: 7 | B15: Расчеты с акционерами, участниками | C15: 0 | D15: 0 | E15: 0 | F15: 0 | G15: 0 | H15: 0
A16: 8 | B16: Накопленная величина изменения справедливой стоимости объекта хеджирования (твердое договорное обязательство) | C16: 0 | D16: 0 | E16: 0 | F16: 0 | G16: 0 | H16: 0
A17: 9 | B17: Расчеты с посредниками по обслуживанию выпусков ценных бума | C17: 0 | D17: 0 | E17: 0 | F17: 0 | G17: 0 | H17: 0
A18: 10 | B18: Прочее | C18: 0 | D18: 0 | E18: 0 | F18: 0 | G18: 0 | H18: 0
A19: 11 | B19: Итого | C19: 446526.05 | D19: 170671 | E19: 275855.05 | F19: 341345.7 | G19: 90672 | H19: 250673.7

Sheet 20.2
A1: ПРИМЕЧАНИЯ К БУХГАЛТЕРСКОЙ (ФИНАНСОВОЙ) ОТЧЁТНОСТИ
A2: ООО Управляющая компания «Регион Финанс»
A3: ='5.1'!A3:H3 -> по состоянию на 30.06.2025
A4: Примечание 20. Прочие активы.
A5: Анализ изменений запасов
H6: Таблица 20.2
A7: Номер строки | B7: Наименование показателя | C7: Виды запасов | H7: Итого
C8: Запасные части | D8: Материалы | E8: Инвентарь и принадлежности | F8: Вложения в драгоценные металлы, монеты и природные камни | G8: Прочее
A9: 1 | B9: 2 | C9: 3 | D9: 4 | E9: 5 | F9: 6 | G9: 7 | H9: 8
A10: 1 | B10: Балансовая стоимость на 01.01.2024 г., в том числе: | C10: =SUM(C11:C12) -> 0 | D10: =SUM(D11:D12) -> 0 | E10: =SUM(E11:E12) -> 0 | F10: =SUM(F11:F12) -> 0 | G10: =SUM(G11:G12) -> 0 | H10: =SUM(C10:G10) -> 0
A11: =A10+1 -> 2 | B11: стоимость (или оценка) | C11: 0 | D11: 0 | E11: 0 | F11: 0 | G11: 0 | H11: =SUM(C11:G11) -> 0
A12: =A11+1 -> 3 | B12: резерв под обесценение | C12: 0 | D12: 0 | E12: 0 | F12: 0 | G12: 0 | H12: =SUM(C12:G12) -> 0
A13: =A12+1 -> 4 | B13: Поступление (создание) | C13: 0 | D13: 67789.9 | E13: 544972.85 | F13: 0 | G13: 0 | H13: 612762.75
A14: =A13+1 -> 5 | B14: Увеличение (уменьшение) стоимости в результате оценки | C14: 0 | D14: 0 | E14: 0 | F14: 0 | G14: 0 | H14: =SUM(C14:G14) -> 0
A15: =A14+1 -> 6 | B15: Перевод в другие активы и обратно | C15: 0 | D15: 0 | E15: 0 | F15: 0 | G15: 0 | H15: =SUM(C15:G15) -> 0
A16: =A15+1 -> 7 | B16: Выбытие | C16: 0 | D16: 0 | E16: 0 | F16: 0 | G16: 0 | H16: =SUM(C16:G16) -> 0
A17: =A16+1 -> 8 | B17: Признание в составе расходов | C17: =-C13 -> 0 | D17: =-D13 -> -67789.9 | E17: =-E13 -> -544972.85 | F17: =-F13 -> 0 | G17: =-G13 -> 0 | H17: =SUM(C17:G17) -> -612762.75
A18: =A17+1 -> 9 | B18: Создание резерва под обесценение | C18: 0 | D18: 0 | E18: 0 | F18: 0 | G18: 0 | H18: =SUM(C18:G18) -> 0
A19: =A18+1 -> 10 | B19: Восстановление резерва под обесценение | C19: 0 | D19: 0 | E19: 0 | F19: 0 | G19: 0 | H19: =SUM(C19:G19) -> 0
A20: =A19+1 -> 11 | B20: Прочее | C20: 0 | D20: 0 | E20: 0 | F20: 0 | G20: 0 | H20: =SUM(C20:G20) -> 0
A21: =A20+1 -> 12 | B21: Балансовая стоимость на 31.12.2024 г., в том числе: | C21: =SUM(C22:C23) -> 0 | D21: =SUM(D22:D23) -> 0 | E21: =SUM(E22:E23) -> 0 | F21: =SUM(F22:F23) -> 0 | G21: =SUM(G22:G23) -> 0 | H21: =SUM(C21:G21) -> 0
A22: =A21+1 -> 13 | B22: стоимость (или оценка) | C22: =C11+C13+C15+C16+C17+C20 -> 0 | D22: =D11+D13+D15+D16+D17+D20 -> 0 | E22: =E11+E13+E15+E16+E17+E20 -> 0 | F22: =F11+F13+F15+F16+F17+F20 -> 0 | G22: =G11+G13+G15+G16+G17+G20 -> 0 | H22: =SUM(C22:G22) -> 0
A23: =A22+1 -> 14 | B23: резерв под обесценение | C23: =C12+C18+C19 -> 0 | D23: =D12+D18+D19 -> 0 | E23: =E12+E18+E19 -> 0 | F23: =F12+F18+F19 -> 0 | G23: =G12+G18+G19 -> 0 | H23: =SUM(C23:G23) -> 0
A24: =A23+1 -> 15 | B24: Балансовая стоимость на 01.01.2025 г., в том числе: | C24: =SUM(C25:C26) -> 0 | D24: =SUM(D25:D26) -> 0 | E24: =SUM(E25:E26) -> 0 | F24: =SUM(F25:F26) -> 0 | G24: =SUM(G25:G26) -> 0 | H24: =SUM(C24:G24) -> 0
A25: =A24+1 -> 16 | B25: стоимость (или оценка) | C25: 0 | D25: 0 | E25: 0 | F25: 0 | G25: 0 | H25: =SUM(C25:G25) -> 0
A26: =A25+1 -> 17 | B26: резерв под обесценение | C26: 0 | D26: 0 | E26: 0 | F26: 0 | G26: 0 | H26: =SUM(C26:G26) -> 0
A27: =A26+1 -> 18 | B27: Поступление (создание) | C27: 0 | D27: 13541.57 | E27: 4964.16 | F27: 0 | G27: 0 | H27: 18505.73
A28: =A27+1 -> 19 | B28: Увеличение (уменьшение) стоимости в результате оценки | C28: 0 | D28: 0 | E28: 0 | F28: 0 | G28: 0 | H28: =SUM(C28:G28) -> 0
A29: =A28+1 -> 20 | B29: Перевод в другие активы и обратно | C29: 0 | D29: 0 | E29: 0 | F29: 0 | G29: 0 | H29: =SUM(C29:G29) -> 0
A30: =A29+1 -> 21 | B30: Выбытие | C30: 0 | D30: 0 | E30: 0 | F30: 0 | G30: 0 | H30: =SUM(C30:G30) -> 0
A31: =A30+1 -> 22 | B31: Признание в составе расходов | C31: =-C27 -> 0 | D31: =-D27 -> -13541.57 | E31: =-E27 -> -4964.16 | F31: =-F27 -> 0 | G31: =-G27 -> 0 | H31: =SUM(C31:G31) -> -18505.73
A32: =A31+1 -> 23 | B32: Создание резерва под обесценение | C32: 0 | D32: 0 | E32: 0 | F32: 0 | G32: 0 | H32: =SUM(C32:G32) -> 0
A33: =A32+1 -> 24 | B33: Восстановление резерва под обесценение | C33: 0 | D33: 0 | E33: 0 | F33: 0 | G33: 0 | H33: =SUM(C33:G33) -> 0
A34: =A33+1 -> 25 | B34: Прочее | C34: 0 | D34: 0 | E34: 0 | F34: 0 | G34: 0 | H34: =SUM(C34:G34) -> 0
A35: =A34+1 -> 26 | B35: Балансовая стоимость на 30.06.2025 г., в том числе: | C35: =SUM(C36:C37) -> 0 | D35: =SUM(D36:D37) -> 0 | E35: =SUM(E36:E37) -> 0 | F35: =SUM(F36:F37) -> 0 | G35: =SUM(G36:G37) -> 0 | H35: =SUM(C35:G35) -> 0
A36: =A35+1 -> 27 | B36: стоимость (или оценка) | C36: =C25+C27+C29+C30+C31+C34 -> 0 | D36: =D25+D27+D29+D30+D31+D34 -> 0 | E36: =E25+E27+E29+E30+E31+E34 -> 0 | F36: =F25+F27+F29+F30+F31+F34 -> 0 | G36: =G25+G27+G29+G30+G31+G34 -> 0 | H36: =SUM(C36:G36) -> 0
A37: =A36+1 -> 28 | B37: резерв под обесценение | C37: =C26+C32+C33 -> 0 | D37: =D26+D32+D33 -> 0 | E37: =E26+E32+E33 -> 0 | F37: =F26+F32+F33 -> 0 | G37: =G26+G32+G33 -> 0 | H37: =SUM(C37:G37) -> 0

Sheet 20.3
A1: ПРИМЕЧАНИЯ К БУХГАЛТЕРСКОЙ (ФИНАНСОВОЙ) ОТЧЁТНОСТИ
A2: ООО Управляющая компания «Регион Финанс»
A3: ='5.1'!A3:H3 -> по состоянию на 30.06.2025
A4: Примечание 20. Прочие активы.
A5: Анализ изменений оценочного резерва под обесценение прочих активов
H6: Таблица 20.3
A7: Номер строки | B7: Наименование показателя | C7: Расчёты с персоналом | D7: Расчеты с поставщиками и подрядчиками | E7: Запасы | F7: Расчеты с посредниками по обслуживанию выпусков ценных бумаг | G7: Прочее | H7: Итого
A8: 1 | B8: 2 | C8: 3 | D8: 4 | E8: 5 | F8: 6 | G8: 8 | H8: 9
A9: 5 | B9: Резерв под обесценение на 01.01.2025 г. | C9: =C23 -> 0 | D9: 11934 | E9: 0 | F9: 0 | G9: 78738 | H9: 90672
A10: 2 | B10: Отчисления в резерв (восстановление резерва) под обесценение | C10: 0 | D10: 82588 | E10: 0 | F10: 0 | G10: -2589 | H10: 79999
A11: 3 | B11: Списание за счет резерва | C11: 0 | D11: 0 | E11: 0 | F11: 0 | G11: 0 | H11: 0
A12: 4 | B12: Прочие движения | C12: 0 | D12: 0 | E12: 0 | F12: 0 | G12: 0 | H12: 0
A13: 5 | B13: Резерв под обесценение на 30.06.2025 г. | C13: =SUM(C9:C12) -> 0 | D13: 94522 | E13: 0 | F13: 0 | G13: 76149 | H13: 170671
A15: Анализ изменений оценочного резерва под обесценение прочих активов (сравнительные данные).
H16: Таблица 20.3
A17: Номер строки | B17: Наименование показателя | C17: Расчёты с персоналом | D17: Расчеты с поставщиками и подрядчиками | E17: Запасы | F17: Расчеты с посредниками по обслуживанию выпусков ценных бумаг | G17: Прочее | H17: Итого
A18: 1 | B18: 2 | C18: 3 | D18: 4 | E18: 5 | F18: 6 | G18: 8 | H18: 9
A19: 1 | B19: Резерв под обесценение на 01.01.2024 г. | C19: 0 | D19: 2297 | E19: 0 | F19: 0 | G19: 807385 | H19: 809682
A20: 2 | B20: Отчисления в резерв (восстановление резерва) под обесценение | C20: 0 | D20: 9637 | E20: 0 | F20: 0 | G20: 37991.87 | H20: 47628.87
A21: 3 | B21: Списание за счет резерва | C21: 0 | D21: 0 | E21: 0 | F21: 0 | G21: -766638.87 | H21: -766638.87
A22: 4 | B22: Прочие движения | C22: 0 | D22: 0 | E22: 0 | F22: 0 | G22: 0 | H22: 0
A23: 5 | B23: Резерв под обесценение на 31.12.2024 г. | C23: =SUM(C19:C22) -> 0 | D23: 11934 | E23: 0 | F23: 0 | G23: 78738 | H23: 90672

Sheet 24.1
A1: ПРИМЕЧАНИЯ К БУХГАЛТЕРСКОЙ (ФИНАНСОВОЙ) ОТЧЁТНОСТИ
A2: ООО Управляющая компания «Регион Финанс»
A3: ='5.1'!A3:H3 -> по состоянию на 30.06.2025
A4: Примечание 24. Финансовые обязательства, оцениваемые по амортизированной стоимости: кредиты, займы и прочие привлеченные средства
D6: Таблица 24.1
A7: Номер строки | B7: Наименование показателя | C7: ='5.1'!C6:E6 -> 30 июня 2025 г. | D7: ='5.1'!F6 -> 31 декабря 2024 г.
A8: 1 | B8: 2 | C8: 3 | D8: 4
A9: 1 | B9: Кредит, полученный в порядке расчетов по расчетному счету (овердрафт) | C9: 0 | D9: 0
A10: 2 | B10: Обязательства по аренде | C10: 185427.96 | D10: 0
A11: 3 | B11: Прочие средства, привлеченные от кредитных организаций, | C11: =SUM(C13:C14) -> 0 | D11: =SUM(D13:D14) -> 0
B12: в том числе:
A13: 4 | B13: сделки репо | C13: 0 | D13: 0
A14: 5 | B14: обязательства по возврату полученного денежного обеспечения | C14: 0 | D14: 0
A15: 6 | B15: Прочие средства, привлеченные от государственных организаций, | C15: =SUM(C17:C18) -> 0 | D15: =SUM(D17:D18) -> 0
B16: в том числе:
A17: 7 | B17: сделки репо | C17: 0 | D17: 0
A18: 8 | B18: обязательства по возврату полученного денежного обеспечения | C18: 0 | D18: 0
A19: 9 | B19: Прочие средства, привлеченные от других юридических лиц, | C19: =SUM(C21:C22) -> 0 | D19: =SUM(D21:D22) -> 0
B20: в том числе:
A21: 10 | B21: сделки репо | C21: 0 | D21: 0
A22: 11 | B22: обязательства по возврату полученного денежного обеспечения | C22: 0 | D22: 0
A23: 12 | B23: Прочие средства, привлеченные от физических лиц, | C23: =SUM(C25:C26) -> 0 | D23: =SUM(D25:D26) -> 0
B24: в том числе:
A25: 13 | B25: сделки репо | C25: 0 | D25: 0
A26: 14 | B26: обязательства по возврату полученного денежного обеспечения | C26: 0 | D26: 0
A27: 15 | B27: Итого | C27: =C23+C19+C15+C11+C10+C9 -> 185427.96 | D27: =D23+D19+D15+D11+D10+D9 -> 0

Sheet 24.3
A1: ПРИМЕЧАНИЯ К БУХГАЛТЕРСКОЙ (ФИНАНСОВОЙ) ОТЧЁТНОСТИ
A2: ООО Управляющая компания «Регион Финанс»
A3: ='5.1'!A3:H3 -> по состоянию на 30.06.2025
A4: Примечание 24. Финансовые обязательства, оцениваемые
A5: по амортизированной стоимости: кредиты, займы и прочие привлеченные средства
A6: Анализ процентных ставок и сроков погашения
F7: Таблица 24.3
A8: Номер строки | B8: Наименование показателя | C8: ='5.1'!C6:E6 -> 30 июня 2025 г. | E8: ='5.1'!F6 -> 31 декабря 2024 г.
C9: Процентные ставки | D9: Сроки погашения | E9: Процентные ставки | F9: Сроки погашения
A10: 1 | B10: 2 | C10: 3 | D10: 4 | E10: 5 | F10: 6
A11: 1 | B11: Обязательства по аренде | C11: 0.22 | D11: 45991 | E11: 0.16 | F11: 45657
A12: 2 | B12: Обязательства по возврату полученного денежного обеспечения | C12: - | D12: - | E12: - | F12: -
A13: 3 | B13: Срочные заемные средства, привлеченные от других юридических лиц | C13: - | D13: - | E13: - | F13: -
A14: 4 | B14: Прочие средства, привлеченные от кредитных организаций | C14: - | D14: - | E14: - | F14: -
A15: 5 | B15: Прочие средства, привлеченные от государственных организаций | C15: - | D15: - | E15: - | F15: -
A16: 6 | B16: Прочие средства, привлеченные от физических лиц | C16: - | D16: - | E16: - | F16: -
A17: 7 | B17: Средства, привлеченные по сделкам репо | C17: - | D17: - | E17: - | F17: -

Sheet 26
A1: ПРИМЕЧАНИЯ К БУХГАЛТЕРСКОЙ (ФИНАНСОВОЙ) ОТЧЁТНОСТИ
A2: ООО Управляющая компания «Регион Финанс»
A3: ='5.1'!A3:H3 -> по состоянию на 30.06.2025
A4: Примечание 26. Финансовые обязательства, оцениваемые по амортизированной стоимости: кредиторская задолженность
D5: Таблица 26.1
A6: Номер строки | B6: Наименование показателя | C6: ='5.1'!C6:E6 -> 30 июня 2025 г. | D6: ='5.1'!F6 -> 31 декабря 2024 г.
A7: 1 | B7: 2 | C7: 3 | D7: 4
A8: 1 | B8: Кредиторская задолженность по информационно-технологическим услугам | C8: 10500 | D8: 0
A9: 2 | B9: Кредиторская задолженность по услугам по содержанию и аренде помещений | C9: 6663.8 | D9: 3136.47
A10: 3 | B10: Кредиторская задолженность перед депозитариями | C10: 0 | D10: 0
A11: 4 | B11: Кредиторская задолженность перед регистраторами | C11: 0 | D11: 0
A12: 5 | B12: Кредиторская задолженность по торговым операциям, | C12: 0 | D12: 0
B13: в том числе:
A14: 6 | B14: кредиторская задолженность перед брокерами и дилерами | C14: 0 | D14: 0
A15: 7 | B15: кредиторская задолженность перед клиентами | C15: 0 | D15: 0
A16: 8 | B16: Расчеты с посредниками по обслуживанию выпусков ценных бумаг | C16: 0 | D16: 0
A17: 9 | B17: Расчеты по конверсионным операциям, производным финансовым инструментам и ценным бумагам | C17: 0 | D17: 0
A18: 10 | B18: Расчеты с организаторами торговли, | C18: 0 | D18: 0
B19: в том числе:
A20: 11 | B20: на фондовом рынке | C20: 0 | D20: 0
A21: 12 | B21: на валютном рынке | C21: 0 | D21: 0
A22: 13 | B22: на срочном рынке | C22: 0 | D22: 0
A23: 14 | B23: на товарном рынке | C23: 0 | D23: 0
A24: 15 | B24: прочие | C24: 0 | D24: 0
A25: 16 | B25: Расчеты с операторами товарных поставок | C25: 0 | D25: 0
A26: 17 | B26: Расчеты с репозитарием | C26: 0 | D26: 0
A27: 18 | B27: Расчеты с клиринговыми организациями | C27: 0 | D27: 0
A28: 19 | B28: Прочая кредиторская задолженность | C28: 955127.74 | D28: 947130.44
A29: 20 | B29: Итого | C29: 972291.54 | D29: 950266.91

Sheet 29
A1: ПРИМЕЧАНИЯ К БУХГАЛТЕРСКОЙ (ФИНАНСОВОЙ) ОТЧЁТНОСТИ
A2: ООО Управляющая компания «Регион Финанс»
A3: ='5.1'!A3:H3 -> по состоянию на 30.06.2025
A4: Примечание 29. Прочие обязательства
D5: Таблица 29.1
A6: Номер строки | B6: Наименование показателя | C6: ='5.1'!C6:E6 -> 30 июня 2025 г. | D6: ='5.1'!F6 -> 31 декабря 2024 г.
A7: 1 | B7: 2 | C7: 3 | D7: 4
A8: 1 | B8: Расчеты с акционерами, участниками | C8: 0 | D8: 0
A9: 2 | B9: Расчеты с персоналом | C9: 152974.04 | D9: 0
A10: 3 | B10: Расчеты по социальному страхованию | C10: 412122.56 | D10: 242067.68
A11: 4 | B11: Обязательства перед сотрудниками по неиспользованным отпускам | C11: 1073709 | D11: 801548.66
A12: 5 | B12: Налог на добавленную стоимость, полученный | C12: 0 | D12: 0
A13: 6 | B13: Расчеты по налогам и сборам, кроме налога на прибыль | C13: 37628 | D13: 0
A14: 7 | B14: Авансы (предоплаты) полученные | C14: 0 | D14: 0
A15: 8 | B15: Изменение справедливой стоимости объекта хеджирования (твердое договорное обязательство) | C15: 0 | D15: 0
A16: 9 | B16: Обязательства по договорам финансовой гарантии | C16: 0 | D16: 0
A17: 10 | B17: Прочее | C17: 0 | D17: 0
A18: 11 | B18: Итого | C18: 1676433.6 | D18: 1043616.3

Sheet 31
A1: ПРИМЕЧАНИЯ К БУХГАЛТЕРСКОЙ (ФИНАНСОВОЙ) ОТЧЁТНОСТИ
A2: ООО Управляющая компания «Регион Финанс»
A3: ='5.1'!A3:H3 -> по состоянию на 30.06.2025
A4: Примечание 31. Управление капиталом
A6: 31.1. Управление капиталом некредитной финансовой организации имеет следующие цели: соблюдение требований к капиталу, установленных законодательством Российской Федерации, обеспечение способности функционировать в качестве непрерывно действующего предприятия.
A7: 31.2. В течение 2025 года и 2024 года некредитная финансовая организация соблюдала все требования, установленные Банком России к уровню собственных средств.
A8: 31.3. Минимальный размер собственных средств некредитной финансовой организации, рассчитанный в порядке, установленном Банком России, должен составлять не менее 20 000 тысяч рублей.
A9: 31.4. На 30.06.2025 года величина собственных средств некредитной финансовой организации составляет 26 636,40878 тысяч рублей (на 31.12.2024 года: 28 002,89908 тысяч рублей).

Sheet 32
A1: ПРИМЕЧАНИЯ К БУХГАЛТЕРСКОЙ (ФИНАНСОВОЙ) ОТЧЁТНОСТИ
A2: ООО Управляющая компания «Регион Финанс»
A3: ='5.1'!A3:H3 -> по состоянию на 30.06.2025
A4: Примечание 32. Доходы за вычетом расходов (расходы за вычетом доходов) от операций с финансовыми инструментами, в обязательном порядке классифицируемыми как оцениваемые по справедливой стоимости через прибыль или убыток
G5: Таблица 32.1
A6: Номер показателя | B6: Наименование показателя | C6: Доходы за вычетом расходов (расходы за вычетом доходов) от торговых операций | D6: Доходы за вычетом расходов (расходы за вычетом доходов) от переоценки | E6: Доходы за вычетом расходов (расходы за вычетом доходов), связанные с отнесением на финансовый результат разницы между стоимостью приобретения финансовых инструментов и их справедливой стоимостью при первоначальном признании | F6: Доходы за вычетом расходов (расходы за вычетом доходов), связанные с отнесением на финансовый результат разницы между стоимостью приобретения финансовых инструментов и их справедливой стоимостью после первоначального признания | G6: Итого
A7: 1 | B7: 2 | C7: 3 | D7: 4 | E7: 5 | F7: 6 | G7: 7
A8: 1 | B8: Финансовые активы, в том числе: | C8: =SUM(C9:C13) -> 0 | D8: =SUM(D9:D13) -> 0 | E8: =SUM(E9:E13) -> 0 | F8: =SUM(F9:F13) -> 0 | G8: =SUM(G9:G13) -> 0
A9: 2 | B9: ценные бумаги | C9: 0 | D9: 0 | E9: 0 | F9: 0 | G9: =SUM(C9:F9) -> 0
A10: 3 | B10: прочие долевые инструменты | C10: 0 | D10: 0 | E10: 0 | F10: 0 | G10: =SUM(C10:F10) -> 0
A11: 4 | B11: производные финансовые инструменты, от которых ожидается увеличение экономических выгод | C11: 0 | D11: 0 | E11: 0 | F11: 0 | G11: =SUM(C11:F11) -> 0
A12: 5 | B12: займы выданные и депозиты в кредитных организациях и банках-нерезидентах | C12: 0 | D12: 0 | E12: 0 | F12: 0 | G12: =SUM(C12:F12) -> 0
A13: 6 | B13: прочее | C13: 0 | D13: 0 | E13: 0 | F13: 0 | G13: =SUM(C13:F13) -> 0
A14: 7 | B14: Финансовые обязательства, в том числе: | C14: =SUM(C15:C18) -> 0 | D14: =SUM(D15:D18) -> 0 | E14: =SUM(E15:E18) -> 0 | F14: =SUM(F15:F18) -> 0 | G14: =SUM(G15:G18) -> 0
A15: 8 | B15: производные финансовые инструменты, от которых ожидается уменьшение экономических выгод | C15: 0 | D15: 0 | E15: 0 | F15: 0 | G15: =SUM(C15:F15) -> 0
A16: 9 | B16: обязательства по обратной поставке ценных бумаг по договорам репо | C16: 0 | D16: 0 | E16: 0 | F16: 0 | G16: =SUM(C16:F16) -> 0
A17: 10 | B17: обязательства по возврату заимствованных ценных бумаг | C17: 0 | D17: 0 | E17: 0 | F17: 0 | G17: =SUM(C17:F17) -> 0
A18: 11 | B18: прочее | C18: 0 | D18: 0 | E18: 0 | F18: 0 | G18: =SUM(C18:F18) -> 0
A19: 12 | B19: Итого | C19: =C14+C8 -> 0 | D19: =D14+D8 -> 0 | E19: =E14+E8 -> 0 | F19: =F14+F8 -> 0 | G19: =G14+G8 -> 0
A20: 13 | B20: Текстовое пояснение
A22: Доходы за вычетом расходов (расходы за вычетом доходов) от операций с финансовыми инструментами, в обязательном порядке классифицируемыми как оцениваемые по справедливой стоимости через прибыль или убыток (сравнительные данные)
A24: Номер показателя | B24: Наименование показателя | C24: Доходы за вычетом расходов (расходы за вычетом доходов) от торговых операций | D24: Доходы за вычетом расходов (расходы за вычетом доходов) от переоценки | E24: Доходы за вычетом расходов (расходы за вычетом доходов), связанные с отнесением на финансовый результат разницы между стоимостью приобретения финансовых инструментов и их справедливой стоимостью при первоначальном признании | F24: Доходы за вычетом расходов (расходы за вычетом доходов), связанные с отнесением на финансовый результат разницы между стоимостью приобретения финансовых инструментов и их справедливой стоимостью после первоначального признания | G24: Итого
A25: 1 | B25: 2 | C25: 3 | D25: 4 | E25: 5 | F25: 6 | G25: 7
A26: 1 | B26: Финансовые активы, в том числе: | C26: =SUM(C27:C31) -> 0 | D26: =SUM(D27:D31) -> 0 | E26: =SUM(E27:E31) -> 0 | F26: =SUM(F27:F31) -> 0 | G26: =SUM(G27:G31) -> 0
A27: 2 | B27: ценные бумаги | C27: 0 | D27: 0 | E27: 0 | F27: 0 | G27: =SUM(C27:F27) -> 0
A28: 3 | B28: прочие долевые инструменты | C28: 0 | D28: 0 | E28: 0 | F28: 0 | G28: =SUM(C28:F28) -> 0
A29: 4 | B29: производные финансовые инструменты, от которых ожидается увеличение экономических выгод | C29: 0 | D29: 0 | E29: 0 | F29: 0 | G29: =SUM(C29:F29) -> 0
A30: 5 | B30: займы выданные и депозиты в кредитных организациях и банках-нерезидентах | C30: 0 | D30: 0 | E30: 0 | F30: 0 | G30: =SUM(C30:F30) -> 0
A31: 6 | B31: прочее | C31: 0 | D31: 0 | E31: 0 | F31: 0 | G31: =SUM(C31:F31) -> 0
A32: 7 | B32: Финансовые обязательства, в том числе: | C32: =SUM(C33:C36) -> 0 | D32: =SUM(D33:D36) -> 0 | E32: =SUM(E33:E36) -> 0 | F32: =SUM(F33:F36) -> 0 | G32: =SUM(G33:G36) -> 0
A33: 8 | B33: производные финансовые инструменты, от которых ожидается уменьшение экономических выгод | C33: 0 | D33: 0 | E33: 0 | F33: 0 | G33: =SUM(C33:F33) -> 0
A34: 9 | B34: обязательства по обратной поставке ценных бумаг по договорам репо | C34: 0 | D34: 0 | E34: 0 | F34: 0 | G34: =SUM(C34:F34) -> 0
A35: 10 | B35: обязательства по возврату заимствованных ценных бумаг | C35: 0 | D35: 0 | E35: 0 | F35: 0 | G35: =SUM(C35:F35) -> 0
A36: 11 | B36: прочее | C36: 0 | D36: 0 | E36: 0 | F36: 0 | G36: =SUM(C36:F36) -> 0
A37: 12 | B37: Итого | C37: =C32+C26 -> 0 | D37: =D32+D26 -> 0 | E37: =E32+E26 -> 0 | F37: =F32+F26 -> 0 | G37: =G32+G26 -> 0
A38: 13 | B38: Текстовое пояснение

Sheet 34
A1: ПРИМЕЧАНИЯ К БУХГАЛТЕРСКОЙ (ФИНАНСОВОЙ) ОТЧЁТНОСТИ
A2: ООО Управляющая компания «Регион Финанс»
A3: ='5.1'!A3:H3 -> по состоянию на 30.06.2025
A4: Примечание 34. Процентные доходы
D5: Таблица 34.1
A6: Номер строки | B6: Наименование показателя | C6: 01.01.2025-30.06.2025 | D6: 01.01.2024-31.06.2024
A7: 1 | B7: 2 | C7: 3 | D7: 4
A8: 1 | B8: По необесцененным финансовым активам, | C8: =SUM(C9:C15) -> 2868366.4 | D8: =SUM(D9:D15) -> 1733159
A9: 2 | B9: по финансовым активам, в обязательном порядке классифицируемым как оцениваемые по справедливой стоимости через прибыль или убыток | C9: 0 | D9: 0
A10: 3 | B10: по финансовым активам, классифицируемым как оцениваемые по справедливой стоимости через прибыль или убыток по усмотрению некредитной финансовой организации | C10: 0 | D10: 0
A11: 4 | B11: по финансовым активам, оцениваемым по справедливой стоимости через прочий совокупный доход: долговым инструментам | C11: 0 | D11: 0
A12: 5 | B12: по финансовым активам, оцениваемым по амортизированной стоимости: средствам в кредитных организациях и банках-нерезидентах | C12: 2868366.4 | D12: 1733159
A13: 6 | B13: по финансовым активам, оцениваемым по амортизированной стоимости: выданным займам и прочим размещенным средствам | C13: 0 | D13: 0
A14: 7 | B14: по дебиторской задолженности по финансовой аренде | C14: 0 | D14: 0
A15: 8 | B15: прочее | C15: 0 | D15: 0
A16: 9 | B16: По кредитно-обесцененным финансовым активам, | C16: =SUM(C17:C21) -> 0 | D16: =SUM(D17:D21) -> 0
A17: 10 | B17: по финансовым активам, оцениваемым по справедливой стоимости через прочий совокупный доход: долговым инструментам | C17: 0 | D17: 0
A18: 11 | B18: по финансовым активам, оцениваемым по амортизированной стоимости: средствам в кредитных организациях и банках-нерезидентах | C18: 0 | D18: 0
A19: 12 | B19: по финансовым активам, оцениваемым по амортизированной стоимости: выданным займам и прочим размещенным средствам | C19: 0 | D19: 0
A20: 13 | B20: по дебиторской задолженности по финансовой аренде | C20: 0 | D20: 0
A21: 14 | B21: прочее | C21: 0 | D21: 0
A22: 15 | B22: Итого | C22: =C16+C8 -> 2868366.4 | D22: =D16+D8 -> 1733159

Sheet 37
A1: ПРИМЕЧАНИЯ К БУХГАЛТЕРСКОЙ (ФИНАНСОВОЙ) ОТЧЁТНОСТИ
A2: ООО Управляющая компания «Регион Финанс»
A3: ='34'!A3:D3 -> по состоянию на 30.06.2025
A4: Примечание 37. Оценочные резервы под ожидаемые кредитные убытки по финансовым активам, оцениваемым по амортизированной стоимости
A5: Анализ изменений оценочного резерва под ожидаемые кредитные убытки по финансовым активам, оцениваемым по амортизированной стоимости
F6: Таблица 37.1
A7: Номер строки | B7: Наименование показателя | C7: Средства в кредитных организациях и банках-нерезидентах | D7: Займы выданные и прочие размещенные средства | E7: Дебиторская задолженность | F7: Итого
A8: 1 | B8: 2 | C8: 3 | D8: 4 | E8: 5 | F8: 6
A9: 1 | B9: Оценочный резерв под ожидаемые кредитные убытки на 01.01 2025 г. | C9: ='5.1'!G11+'10.1'!G10 -> 298742 | D9: =D23 -> 0 | E9: ='12.1'!G11 -> 3136862 | F9: =SUM(C9:E9) -> 3435604
A10: 2 | B10: Отчисления в оценочный резерв (восстановление оценочного резерва) под ожидаемые кредитные убытки | C10: ='5.1'!D11-'5.1'!G11+'10.1'!D10-'10.1'!G10 -> 1912 | D10: 0 | E10: ='12.1'!D11-'12.1'!G11 -> 1468149 | F10: =SUM(C10:E10) -> 1470061
A11: 3 | B11: Средства, списанные как безнадежные | C11: 0 | D11: 0 | E11: 0 | F11: =SUM(C11:E11) -> 0
A12: 4 | B12: Прочие движения | C12: 0 | D12: 0 | E12: 0 | F12: =SUM(C12:E12) -> 0
A13: 5 | B13: Оценочный резерв под ожидаемые кредитные убытки на 30.06 2025 г. | C13: =SUM(C9:C12) -> 300654 | D13: =SUM(D9:D12) -> 0 | E13: =SUM(E9:E12) -> 4605011 | F13: =SUM(F9:F12) -> 4905665
A15: Анализ изменений оценочного резерва под ожидаемые кредитные убытки по финансовым активам, оцениваемым по амортизированной стоимости (сравнительные данные)
F16: Таблица 37.1
A17: Номер строки | B17: Наименование показателя | C17: Средства в кредитных организациях и банках-нерезидентах | D17: Займы выданные и прочие размещенные средства | E17: Дебиторская задолженность | F17: Итого
A18: 1 | B18: 2 | C18: 3 | D18: 4 | E18: 5 | F18: 6
A19: 1 | B19: Оценочный резерв под ожидаемые кредитные убытки на 01.01 2024 г. | C19: =15572+246271 -> 261843 | D19: 0 | E19: 802882 | F19: =SUM(C19:E19) -> 1064725
A20: 2 | B20: Отчисления в оценочный резерв (восстановление оценочного резерва) под ожидаемые кредитные убытки | C20: 4599 | D20: 0 | E20: 1373994 | F20: =SUM(C20:E20) -> 1378593
A21: 3 | B21: Средства, списанные как безнадежные | C21: 0 | D21: 0 | E21: 0 | F21: 0
A22: 4 | B22: Прочие движения | C22: 0 | D22: 0 | E22: 0 | F22: =SUM(C22:E22) -> 0
A23: 5 | B23: Оценочный резерв под ожидаемые кредитные убытки на 30.06 2025 г. | C23: =SUM(C19:C22) -> 266442 | D23: =SUM(D19:D22) -> 0 | E23: =SUM(E19:E22) -> 2176876 | F23: =SUM(F19:F22) -> 2443318

Sheet 41
A1: ПРИМЕЧАНИЯ К БУХГАЛТЕРСКОЙ (ФИНАНСОВОЙ) ОТЧЁТНОСТИ
A2: ООО Управляющая компания «Регион Финанс»
A3: ='34'!A3:D3 -> по состоянию на 30.06.2025
A4: Примечание 41. Выручка от оказания услуг и комиссионные доходы
A5: Выручка от оказания услуг и комиссионные доходы
D6: Таблица 41.1
A7: Номер строки | B7: Наименование показателя | C7: ='34'!C6 -> 01.01.2025-30.06.2025 | D7: ='34'!D6 -> 01.01.2024-31.06.2024
A8: 1 | B8: 2 | C8: 3 | D8: 4
B9: Раздел I. Выручка и комиссионные доходы от деятельности по организации торгов
A10: 1 | B10: Сервисные сборы | C10: 0 | D10: 0
A11: 2 | B11: Выручка от оказания услуг по листингу | C11: 0 | D11: 0
A12: 3 | B12: Комиссионные доходы по организации торгов на фондовом рынке | C12: 0 | D12: 0
A13: 4 | B13: Комиссионные доходы по организации торгов на валютном рынке | C13: 0 | D13: 0
A14: 5 | B14: Комиссионные доходы по организации торгов на срочном рынке | C14: 0 | D14: 0
A15: 6 | B15: Комиссионные доходы по организации торгов на товарном рынке | C15: 0 | D15: 0
A16: 7 | B16: Итого | C16: =SUM(C10:C15) -> 0 | D16: =SUM(D10:D15) -> 0
B17: Раздел II. Выручка от оказания услуг по ведению реестра владельцев ценных бумаг
A18: 8 | B18: Выручка от оказания от услуг по ведению реестра владельцев ценных бумаг | C18: 0 | D18: 0
A19: 9 | B19: Выручка от оказания услуг зарегистрированным лицам | C19: 0 | D19: 0
A20: 10 | B20: Выручка по приему-передаче системы ведения реестра | C20: 0 | D20: 0
A21: 11 | B21: Выручка от оказания услуг по участию в общих собраниях акционеров | C21: 0 | D21: 0
A22: 12 | B22: Выручка от оказания услуг, связанных с корпоративными действиями эмитента | C22: 0 | D22: 0
A23: 13 | B23: Выручка от оказания услуг по подготовке выпусков ценных бумаг | C23: 0 | D23: 0
A24: 14 | B24: Выручка по оказанию услуг по выплате доходов по ценным бумагам | C24: 0 | D24: 0
A25: 15 | B25: Итого | C25: =SUM(C18:C24) -> 0 | D25: =SUM(D18:D24) -> 0
B26: Раздел III. Выручка от клиринговой деятельности, деятельности по оказанию услуг центрального контрагента, репозитарной деятельности
A27: 16 | B27: Выручка от оказания услуг клирингового обслуживания на фондовом рынке | C27: 0 | D27: 0
A28: 17 | B28: Выручка от оказания услуг клирингового обслуживания на валютном рынке | C28: 0 | D28: 0
A29: 18 | B29: Выручка от оказания услуг клирингового обслуживания на срочном рынке | C29: 0 | D29: 0
A30: 19 | B30: Выручка от оказания услуг клирингового обслуживания на товарном рынке | C30: 0 | D30: 0
A31: 20 | B31: Выручка от оказания услуг клирингового обслуживания: сервисные сборы | C31: 0 | D31: 0
A32: 21 | B32: Выручка от оказания услуг от осуществления функций центрального контрагента на фондовом рынке | C32: 0 | D32: 0
A33: 22 | B33: Выручка от оказания услуг от осуществления функций центрального контрагента на валютном рынке | C33: 0 | D33: 0
A34: 23 | B34: Выручка от оказания услуг от осуществления функций центрального контрагента на срочном рынке | C34: 0 | D34: 0
A35: 24 | B35: Выручка от оказания услуг от осуществления функций центрального контрагента на товарном рынке | C35: 0 | D35: 0
A36: 25 | B36: Выручка от оказания услуг от осуществления функций центрального контрагента: сервисные сборы | C36: 0 | D36: 0
A37: 26 | B37: Выручка от оказания репозитарных услуг | C37: 0 | D37: 0
A38: 27 | B38: Итого | C38: =SUM(C27:C37) -> 0 | D38: =SUM(D27:D37) -> 0
B39: Раздел IV. Выручка от оказания услуг по деятельности депозитария
A40: 28 | B40: Выручка от оказания услуг по ведению счетов депо, хранению и учету ценных бумаг | C40: 0 | D40: 0
A41: 29 | B41: Выручка от оказания услуг за проведение операций по счетам депо | C41: 0 | D41: 0
A42: 30 | B42: Выручка от оказания услуг расчетного депозитария | C42: 0 | D42: 0
A43: 31 | B43: Выручка от оказания услуг по ответственному хранению ценных бумаг | C43: 0 | D43: 0
A44: 32 | B44: Выручка от оказания услуг по учету финансовых инструментов, не квалифицированных в качестве ценных бумаг | C44: 0 | D44: 0
A45: 33 | B45: Выручка от оказания сопутствующих услуг по депозитарной деятельности | C45: 0 | D45: 0
A46: 34 | B46: Итого | C46: =SUM(C40:C45) -> 0 | D46: =SUM(D40:D45) -> 0
B47: Раздел V. Комиссионные доходы от брокерской деятельности
A48: 35 | B48: Комиссионные доходы от клиентских операций на фондовом рынке | C48: 0 | D48: 0
A49: 36 | B49: Комиссионные доходы от клиентских операций на срочном рынке | C49: 0 | D49: 0
A50: 37 | B50: Комиссионные доходы от клиентских операций на валютном рынке | C50: 0 | D50: 0
A51: 38 | B51: Комиссионные доходы от клиентских операций на товарном рынке | C51: 0 | D51: 0
A52: 39 | B52: Комиссионные доходы от прочих клиентских операций | C52: 0 | D52: 0
A53: 40 | B53: Комиссионные доходы за перечисление денежных средств | C53: 0 | D53: 0
A54: 41 | B54: Выручка от оказания услуг по размещению ценных бумаг | C54: 0 | D54: 0
A55: 42 | B55: Итого | C55: =SUM(C48:C54) -> 0 | D55: =SUM(D48:D54) -> 0
B56: Раздел VI. Выручка по другим видам деятельности
A57: 43 | B57: Выручка от оказания услуг специализированного депозитария по учету, контролю и хранению имущества (за исключением услуг по хранению ценных бумаг) | C57: 0 | D57: 0
A58: 44 | B58: Выручка от оказания услуг по доверительному управлению | C58: 4404178 | D58: 8685480.8
A59: 45 | B59: Выручка от оказания услуг бюро кредитных историй | C59: 0 | D59: 0
